Workbook
Name IQ_CH: 110000
Name IQ_CQ: 5000
Name IQ_CY: 10000
Name IQ_DAILY: 500000
Name IQ_FH: 100000
Name IQ_FQ: 500
Name IQ_FY: 1000
Name IQ_LTM: 2000
Name IQ_MONTH: 15000
Name IQ_NTM: 6000
Name IQ_WEEK: 50000
Name IQ_YTD: 3000
Name Languages: OFFSET('Language Index'!$CZ$8,,,'Language Index'!$CZ$7)

Sheet Scores
A1: =INDEX('Language Index'!$A$8:$A$10000,MATCH("CREDIT HEALTH PANEL - SCORES",'Language Index'!$B$8:$B$10000,0)) -> CREDIT HEALTH PANEL - SCORES | AA1: =_xll.ciqfunctions.udf.CIQ("1500","iq_ev_over_ltm_ebitda") -> NM
S2: 1 | T2: =VLOOKUP($S$2,$R$5:$S$9,2,FALSE) -> Public Peer List
A3: =INDEX('Language Index'!$A$8:$A$10000,MATCH("Company Ticker/ID",'Language Index'!$B$8:$B$10000,0)) -> Company Ticker/ID | B3: NYSE:IBM | D3: Select Language | S3: =IF($T$2=$S$9,C4,INDEX($T$5:$T$8,MATCH($T$2,$S$5:$S$8,0))) -> IQ217168020 | V3: =INDEX('Language Index'!$A$8:$A$10000,MATCH("Overall",'Language Index'!$B$8:$B$10000,0)) -> Overall | W3: =_xll.ciqfunctions.udf.CIQ($B$3,"IQ_OVERALL_SCORE",$S$3) -> 4
A4: =INDEX('Language Index'!$A$8:$A$10000,MATCH("List Type",'Language Index'!$B$8:$B$10000,0)) -> List Type | D4: =IF($T$2=$S$9,$S$16,"") | V4: =INDEX('Language Index'!$A$8:$A$10000,MATCH("Operational Score",'Language Index'!$B$8:$B$10000,0)) -> Operational Score | W4: =_xll.ciqfunctions.udf.CIQ($B$3,"IQ_OPERATIONAL_SCORE",$S$3) -> 2
A5: =INDEX('Language Index'!$A$8:$A$10000,MATCH("Currency",'Language Index'!$B$8:$B$10000,0)) -> Currency | B5: USD | R5: 1 | S5: =INDEX('Language Index'!$A$8:$A$10000,MATCH("Public Peer List",'Language Index'!$B$8:$B$10000,0)) -> Public Peer List | T5: =_xll.ciqfunctions.udf.CIQ($B$3,"IQ_PUBLIC_INDUSTRY_PEER_LIST_ID") -> IQ217168020 | V5: =INDEX('Language Index'!$A$8:$A$10000,MATCH("Solvency Score",'Language Index'!$B$8:$B$10000,0)) -> Solvency Score | W5: =_xll.ciqfunctions.udf.CIQ($B$3,"IQ_SOLVENCY_SCORE",$S$3) -> 4
R6: 2 | S6: =INDEX('Language Index'!$A$8:$A$10000,MATCH("Private Peer List",'Language Index'!$B$8:$B$10000,0)) -> Private Peer List | T6: =_xll.ciqfunctions.udf.CIQ($B$3,"IQ_PRIVATE_INDUSTRY_PEER_LIST_ID") -> IQ250882602 | V6: =INDEX('Language Index'!$A$8:$A$10000,MATCH("Liquidity Score",'Language Index'!$B$8:$B$10000,0)) -> Liquidity Score | W6: =_xll.ciqfunctions.udf.CIQ($B$3,"IQ_LIQUID_SCORE",$S$3) -> 3
A7: =_xll.ciqfunctions.udf.CIQ($B$3,"IQ_COMPANY_NAME") -> International Business Machines Corporation | R7: 3 | S7: =INDEX('Language Index'!$A$8:$A$10000,MATCH("Mixed Peer List",'Language Index'!$B$8:$B$10000,0)) -> Mixed Peer List | T7: =_xll.ciqfunctions.udf.CIQ($B$3,"IQ_MIXED_INDUSTRY_PEER_LIST_ID") -> IQ245877178
R8: 4 | S8: =INDEX('Language Index'!$A$8:$A$10000,MATCH("Quick Comps",'Language Index'!$B$8:$B$10000,0)) -> Quick Comps | T8: =_xll.ciqfunctions.udf.CIQ($B$3,"IQ_QUICK_COMPS_LIST_ID") -> IQ217168019
A9: =INDEX('Language Index'!$A$8:$A$10000,MATCH("Overall Score",'Language Index'!$B$8:$B$10000,0)) -> Overall Score | C9: =INDEX('Language Index'!$A$8:$A$10000,MATCH("Financial Category",'Language Index'!$B$8:$B$10000,0)) -> Financial Category | E9: =INDEX('Language Index'!$A$8:$A$10000,MATCH("Score",'Language Index'!$B$8:$B$10000,0)) -> Score | R9: 5 | S9: =INDEX('Language Index'!$A$8:$A$10000,MATCH("CompSet/Watchlist",'Language Index'!$B$8:$B$10000,0)) -> CompSet/Watchlist
A10: =IF(W3=1,$S$11,IF(W3=2,$S$12,IF(W3=3,$S$13,$S$14))) -> Bottom | C10: =INDEX('Language Index'!$A$8:$A$10000,MATCH("Operational",'Language Index'!$B$8:$B$10000,0)) -> Operational | E10: =IF(W4=1,$S$11,IF(W4=2,$S$12,IF(W4=3,$S$13,IF(W4=0,"NA",$S$14)))) -> Above Average
C11: =INDEX('Language Index'!$A$8:$A$10000,MATCH("Solvency",'Language Index'!$B$8:$B$10000,0)) -> Solvency | E11: =IF(W5=1,$S$11,IF(W5=2,$S$12,IF(W5=3,$S$13,IF(W5=0,"NA",$S$14)))) -> Bottom | S11: =INDEX('Language Index'!$A$8:$A$10000,MATCH("Top",'Language Index'!$B$8:$B$10000,0)) -> Top
C12: =INDEX('Language Index'!$A$8:$A$10000,MATCH("Liquidity",'Language Index'!$B$8:$B$10000,0)) -> Liquidity | E12: =IF(W6=1,$S$11,IF(W6=2,$S$12,IF(W6=3,$S$13,IF(W6=0,"NA",$S$14)))) -> Below Average | S12: =INDEX('Language Index'!$A$8:$A$10000,MATCH("Above Average",'Language Index'!$B$8:$B$10000,0)) -> Above Average
S13: =INDEX('Language Index'!$A$8:$A$10000,MATCH("Below Average",'Language Index'!$B$8:$B$10000,0)) -> Below Average
A14: =INDEX('Language Index'!$A$8:$A$10000,MATCH("Operational",'Language Index'!$B$8:$B$10000,0)) -> Operational | S14: =INDEX('Language Index'!$A$8:$A$10000,MATCH("Bottom",'Language Index'!$B$8:$B$10000,0)) -> Bottom
A15: =INDEX('Language Index'!$A$8:$A$10000,MATCH("Revenue Score",'Language Index'!$B$8:$B$10000,0)) -> Revenue Score | C15: =_xll.ciqfunctions.udf.CIQ($B$3,"iq_total_rev_score",$S$3) -> 1 | E15: =IF(C15=1,$S$11,IF(C15=2,$S$12,IF(C15=3,$S$13,IF(C15=0,"NA",$S$14)))) -> Top
A16: =INDEX('Language Index'!$A$8:$A$10000,MATCH("Total Equity Score",'Language Index'!$B$8:$B$10000,0)) -> Total Equity Score | C16: =_xll.ciqfunctions.udf.CIQ($B$3,"iq_total_equity_score",$S$3) -> 1 | E16: =IF(C16=1,$S$11,IF(C16=2,$S$12,IF(C16=3,$S$13,IF(C16=0,"NA",$S$14)))) -> Top | S16: =INDEX('Language Index'!$A$8:$A$10000,MATCH("Input ID in cell to Left",'Language Index'!$B$8:$B$10000,0)) -> Input ID in cell to Left
A17: =INDEX('Language Index'!$A$8:$A$10000,MATCH("Return on Capital Score",'Language Index'!$B$8:$B$10000,0)) -> Return on Capital Score | C17: =_xll.ciqfunctions.udf.CIQ($B$3,"iq_return_capital_score",$S$3) -> 3 | E17: =IF(C17=1,$S$11,IF(C17=2,$S$12,IF(C17=3,$S$13,IF(C17=0,"NA",$S$14)))) -> Below Average
A18: =INDEX('Language Index'!$A$8:$A$10000,MATCH("Recurring Earnings / Total Assets Score",'Language Index'!$B$8:$B$10000,0)) -> Recurring Earnings / Total Assets Score | C18: =_xll.ciqfunctions.udf.CIQ($B$3,"iq_recurring_earn_assets_score",$S$3) -> 3 | E18: =IF(C18=1,$S$11,IF(C18=2,$S$12,IF(C18=3,$S$13,IF(C18=0,"NA",$S$14)))) -> Below Average
A19: =INDEX('Language Index'!$A$8:$A$10000,MATCH("Net Working Capital / Revenue Score",'Language Index'!$B$8:$B$10000,0)) -> Net Working Capital / Revenue Score | C19: =_xll.ciqfunctions.udf.CIQ($B$3,"iq_net_working_cap_rev_score",$S$3) -> 4 | E19: =IF(C19=1,$S$11,IF(C19=2,$S$12,IF(C19=3,$S$13,IF(C19=0,"NA",$S$14)))) -> Bottom
A20: =INDEX('Language Index'!$A$8:$A$10000,MATCH("Asset Turnover Score",'Language Index'!$B$8:$B$10000,0)) -> Asset Turnover Score | C20: =_xll.ciqfunctions.udf.CIQ($B$3,"iq_asset_turns_score",$S$3) -> 4 | E20: =IF(C20=1,$S$11,IF(C20=2,$S$12,IF(C20=3,$S$13,IF(C20=0,"NA",$S$14)))) -> Bottom
A21: =INDEX('Language Index'!$A$8:$A$10000,MATCH("Intangible Assets / Revenue Score",'Language Index'!$B$8:$B$10000,0)) -> Intangible Assets / Revenue Score | C21: =_xll.ciqfunctions.udf.CIQ($B$3,"iq_intan_assets_rev_score",$S$3) -> 4 | E21: =IF(C21=1,$S$11,IF(C21=2,$S$12,IF(C21=3,$S$13,IF(C21=0,"NA",$S$14)))) -> Bottom
A22: =INDEX('Language Index'!$A$8:$A$10000,MATCH("Net Working Capital/ Total Assets Score",'Language Index'!$B$8:$B$10000,0)) -> Net Working Capital/ Total Assets Score | C22: =_xll.ciqfunctions.udf.CIQ($B$3,"iq_net_working_cap_total_assets_score",$S$3) -> 4 | E22: =IF(C22=1,$S$11,IF(C22=2,$S$12,IF(C22=3,$S$13,IF(C22=0,"NA",$S$14)))) -> Bottom
A23: =INDEX('Language Index'!$A$8:$A$10000,MATCH("Payables / Receivables Score",'Language Index'!$B$8:$B$10000,0)) -> Payables / Receivables Score | C23: =_xll.ciqfunctions.udf.CIQ($B$3,"iq_ap_ar_score",$S$3) -> 2 | E23: =IF(C23=1,$S$11,IF(C23=2,$S$12,IF(C23=3,$S$13,IF(C23=0,"NA",$S$14)))) -> Above Average
A24: =INDEX('Language Index'!$A$8:$A$10000,MATCH("Management Rate of Return Ratio Score",'Language Index'!$B$8:$B$10000,0)) -> Management Rate of Return Ratio Score | C24: =_xll.ciqfunctions.udf.CIQ($B$3,"iq_mgmt_rate_return_score",$S$3) -> 1 | E24: =IF(C24=1,$S$11,IF(C24=2,$S$12,IF(C24=3,$S$13,IF(C24=0,"NA",$S$14)))) -> Top
A25: =INDEX('Language Index'!$A$8:$A$10000,MATCH("Gross Margin % Score",'Language Index'!$B$8:$B$10000,0)) -> Gross Margin % Score | C25: =_xll.ciqfunctions.udf.CIQ($B$3,"iq_gross_margin_score",$S$3) -> 1 | E25: =IF(C25=1,$S$11,IF(C25=2,$S$12,IF(C25=3,$S$13,IF(C25=0,"NA",$S$14)))) -> Top
A26: =INDEX('Language Index'!$A$8:$A$10000,MATCH("EBITDA Margin % Score",'Language Index'!$B$8:$B$10000,0)) -> EBITDA Margin % Score | C26: =_xll.ciqfunctions.udf.CIQ($B$3,"iq_ebitda_margin_score",$S$3) -> 1 | E26: =IF(C26=1,$S$11,IF(C26=2,$S$12,IF(C26=3,$S$13,IF(C26=0,"NA",$S$14)))) -> Top
A28: =INDEX('Language Index'!$A$8:$A$10000,MATCH("Solvency",'Language Index'!$B$8:$B$10000,0)) -> Solvency
A29: =INDEX('Language Index'!$A$8:$A$10000,MATCH("FFO Interest Coverage Score",'Language Index'!$B$8:$B$10000,0)) -> FFO Interest Coverage Score | C29: =_xll.ciqfunctions.udf.CIQ($B$3,"iq_ffo_int_score",$S$3) -> 4 | E29: =IF(C29=1,$S$11,IF(C29=2,$S$12,IF(C29=3,$S$13,IF(C29=0,"NA",$S$14)))) -> Bottom
A30: =INDEX('Language Index'!$A$8:$A$10000,MATCH("EBITDA / Interest Exp. Score",'Language Index'!$B$8:$B$10000,0)) -> EBITDA / Interest Exp. Score | C30: =_xll.ciqfunctions.udf.CIQ($B$3,"iq_ebitda_int_score",$S$3) -> 4 | E30: =IF(C30=1,$S$11,IF(C30=2,$S$12,IF(C30=3,$S$13,IF(C30=0,"NA",$S$14)))) -> Bottom
A31: =INDEX('Language Index'!$A$8:$A$10000,MATCH("FFO / Total Debt Score",'Language Index'!$B$8:$B$10000,0)) -> FFO / Total Debt Score | C31: =_xll.ciqfunctions.udf.CIQ($B$3,"iq_ffo_total_debt_score",$S$3) -> 4 | E31: =IF(C31=1,$S$11,IF(C31=2,$S$12,IF(C31=3,$S$13,IF(C31=0,"NA",$S$14)))) -> Bottom
A32: =INDEX('Language Index'!$A$8:$A$10000,MATCH("Net Debt / EBITDA Score",'Language Index'!$B$8:$B$10000,0)) -> Net Debt / EBITDA Score | C32: =_xll.ciqfunctions.udf.CIQ($B$3,"iq_net_debt_ebitda_score",$S$3) -> 4 | E32: =IF(C32=1,$S$11,IF(C32=2,$S$12,IF(C32=3,$S$13,IF(C32=0,"NA",$S$14)))) -> Bottom
A33: =INDEX('Language Index'!$A$8:$A$10000,MATCH("Total Debt / Capital Score",'Language Index'!$B$8:$B$10000,0)) -> Total Debt / Capital Score | C33: =_xll.ciqfunctions.udf.CIQ($B$3,"iq_total_debt_cap_score",$S$3) -> 4 | E33: =IF(C33=1,$S$11,IF(C33=2,$S$12,IF(C33=3,$S$13,IF(C33=0,"NA",$S$14)))) -> Bottom
A34: =INDEX('Language Index'!$A$8:$A$10000,MATCH("Total Debt / Total Liabilities Score",'Language Index'!$B$8:$B$10000,0)) -> Total Debt / Total Liabilities Score | C34: =_xll.ciqfunctions.udf.CIQ($B$3,"iq_debt_total_liab_score",$S$3) -> 1 | E34: =IF(C34=1,$S$11,IF(C34=2,$S$12,IF(C34=3,$S$13,IF(C34=0,"NA",$S$14)))) -> Top
A35: =INDEX('Language Index'!$A$8:$A$10000,MATCH("Total Debt / Revenue Score",'Language Index'!$B$8:$B$10000,0)) -> Total Debt / Revenue Score | C35: =_xll.ciqfunctions.udf.CIQ($B$3,"iq_total_debt_total_rev_score",$S$3) -> 4 | E35: =IF(C35=1,$S$11,IF(C35=2,$S$12,IF(C35=3,$S$13,IF(C35=0,"NA",$S$14)))) -> Bottom
A37: =INDEX('Language Index'!$A$8:$A$10000,MATCH("Liquidity",'Language Index'!$B$8:$B$10000,0)) -> Liquidity
A38: =INDEX('Language Index'!$A$8:$A$10000,MATCH("(FFO + Cash) / Short Term Debt Score",'Language Index'!$B$8:$B$10000,0)) -> (FFO + Cash) / Short Term Debt Score | C38: =_xll.ciqfunctions.udf.CIQ($B$3,"iq_ffo_plus_cash_st_debt_score",$S$3) -> 4 | E38: =IF(C38=1,$S$11,IF(C38=2,$S$12,IF(C38=3,$S$13,IF(C38=0,"NA",$S$14)))) -> Bottom
A39: =INDEX('Language Index'!$A$8:$A$10000,MATCH("FFO / Gross Profit Score",'Language Index'!$B$8:$B$10000,0)) -> FFO / Gross Profit Score | C39: =_xll.ciqfunctions.udf.CIQ($B$3,"iq_ffo_gross_profit_score",$S$3) -> 3 | E39: =IF(C39=1,$S$11,IF(C39=2,$S$12,IF(C39=3,$S$13,IF(C39=0,"NA",$S$14)))) -> Below Average
A40: =INDEX('Language Index'!$A$8:$A$10000,MATCH("Basic Defense Interval Score",'Language Index'!$B$8:$B$10000,0)) -> Basic Defense Interval Score | C40: =_xll.ciqfunctions.udf.CIQ($B$3,"iq_basic_defense_interval_score",$S$3) -> 2 | E40: =IF(C40=1,$S$11,IF(C40=2,$S$12,IF(C40=3,$S$13,IF(C40=0,"NA",$S$14)))) -> Above Average
A41: =INDEX('Language Index'!$A$8:$A$10000,MATCH("Current Ratio Score",'Language Index'!$B$8:$B$10000,0)) -> Current Ratio Score | C41: =_xll.ciqfunctions.udf.CIQ($B$3,"iq_current_ratio_score",$S$3) -> 4 | E41: =IF(C41=1,$S$11,IF(C41=2,$S$12,IF(C41=3,$S$13,IF(C41=0,"NA",$S$14)))) -> Bottom
A42: =INDEX('Language Index'!$A$8:$A$10000,MATCH("Quick Ratio Score",'Language Index'!$B$8:$B$10000,0)) -> Quick Ratio Score | C42: =_xll.ciqfunctions.udf.CIQ($B$3,"iq_quick_ratio_score",$S$3) -> 4 | E42: =IF(C42=1,$S$11,IF(C42=2,$S$12,IF(C42=3,$S$13,IF(C42=0,"NA",$S$14)))) -> Bottom
A46: =INDEX('Language Index'!$A$8:$A$10000,MATCH("Source: S&P Capital IQ",'Language Index'!$B$8:$B$10000,0)) -> Source: S&P Capital IQ
A47: ='Language Index'!A52 -> Copyright © 2025 S&P Global Market Intelligence LLC (and its affiliates as applicable) – All rights reserved. This model and/or any data in it are provided subject to the written agreement of S&P Global Market Intelligence LLC governing the subscription service to which this model is applied.

Sheet Constituent Scores
A1: =INDEX('Language Index'!$A$8:$A$10000,MATCH("CREDIT HEALTH PANEL - CONSTITUENT SCORES",'Language Index'!$B$8:$B$10000,0)) -> CREDIT HEALTH PANEL - CONSTITUENT SCORES
A3: =INDEX('Language Index'!$A$8:$A$10000,MATCH("List ID",'Language Index'!$B$8:$B$10000,0)) -> List ID | B3: =Scores!$S$3 -> IQ217168020
C4: =INDEX('Language Index'!$A$8:$A$10000,MATCH("Operational Metrics",'Language Index'!$B$8:$B$10000,0)) -> Operational Metrics | Q4: =INDEX('Language Index'!$A$8:$A$10000,MATCH("Solvency Metrics",'Language Index'!$B$8:$B$10000,0)) -> Solvency Metrics | Z4: =INDEX('Language Index'!$A$8:$A$10000,MATCH("Liquidity Metrics",'Language Index'!$B$8:$B$10000,0)) -> Liquidity Metrics
C5: =INDEX('Language Index'!$A$8:$A$10000,MATCH("Operational Score",'Language Index'!$B$8:$B$10000,0)) -> Operational Score | D5: =INDEX('Language Index'!$A$8:$A$10000,MATCH("Revenue",'Language Index'!$B$8:$B$10000,0)) -> Revenue | E5: =INDEX('Language Index'!$A$8:$A$10000,MATCH("Total Equity",'Language Index'!$B$8:$B$10000,0)) -> Total Equity | F5: =INDEX('Language Index'!$A$8:$A$10000,MATCH("Return on Capital %",'Language Index'!$B$8:$B$10000,0)) -> Return on Capital % | G5: =INDEX('Language Index'!$A$8:$A$10000,MATCH("Recurring Earnings / Total Assets %",'Language Index'!$B$8:$B$10000,0)) -> Recurring Earnings / Total Assets % | H5: =INDEX('Language Index'!$A$8:$A$10000,MATCH("Net Working Capital / Revenue (x)",'Language Index'!$B$8:$B$10000,0)) -> Net Working Capital / Revenue (x) | I5: =INDEX('Language Index'!$A$8:$A$10000,MATCH("Asset Turnover (x)",'Language Index'!$B$8:$B$10000,0)) -> Asset Turnover (x) | J5: =INDEX('Language Index'!$A$8:$A$10000,MATCH("Intangible Assets / Revenue (x)",'Language Index'!$B$8:$B$10000,0)) -> Intangible Assets / Revenue (x) | K5: =INDEX('Language Index'!$A$8:$A$10000,MATCH("Net Working Capital / Total Assets (x)",'Language Index'!$B$8:$B$10000,0)) -> Net Working Capital / Total Assets (x) | L5: =INDEX('Language Index'!$A$8:$A$10000,MATCH("Payables / Receivables (x)",'Language Index'!$B$8:$B$10000,0)) -> Payables / Receivables (x) | M5: =INDEX('Language Index'!$A$8:$A$10000,MATCH("Management Rate of Return (%)",'Language Index'!$B$8:$B$10000,0)) -> Management Rate of Return (%) | N5: =INDEX('Language Index'!$A$8:$A$10000,MATCH("Gross Margin %",'Language Index'!$B$8:$B$10000,0)) -> Gross Margin % | O5: =INDEX('Language Index'!$A$8:$A$10000,MATCH("EBITDA Margin %",'Language Index'!$B$8:$B$10000,0)) -> EBITDA Margin % | Q5: =INDEX('Language Index'!$A$8:$A$10000,MATCH("Solvency Score",'Language Index'!$B$8:$B$10000,0)) -> Solvency Score | R5: =INDEX('Language Index'!$A$8:$A$10000,MATCH("FFO Interest Coverage (x)",'Language Index'!$B$8:$B$10000,0)) -> FFO Interest Coverage (x) | S5: =INDEX('Language Index'!$A$8:$A$10000,MATCH("EBITDA Coverage (x)",'Language Index'!$B$8:$B$10000,0)) -> EBITDA Coverage (x) | T5: =INDEX('Language Index'!$A$8:$A$10000,MATCH("FFO / Total Debt (x)",'Language Index'!$B$8:$B$10000,0)) -> FFO / Total Debt (x) | U5: =INDEX('Language Index'!$A$8:$A$10000,MATCH("Net Debt / EBITDA (x)",'Language Index'!$B$8:$B$10000,0)) -> Net Debt / EBITDA (x) | V5: =INDEX('Language Index'!$A$8:$A$10000,MATCH("Total Debt / Capital (%)",'Language Index'!$B$8:$B$10000,0)) -> Total Debt / Capital (%) | W5: =INDEX('Language Index'!$A$8:$A$10000,MATCH("Total Debt / Liabilities (%)",'Language Index'!$B$8:$B$10000,0)) -> Total Debt / Liabilities (%) | X5: =INDEX('Language Index'!$A$8:$A$10000,MATCH("Total Debt / Revenue (x)",'Language Index'!$B$8:$B$10000,0)) -> Total Debt / Revenue (x) | Z5: =INDEX('Language Index'!$A$8:$A$10000,MATCH("Liquidity Score",'Language Index'!$B$8:$B$10000,0)) -> Liquidity Score | AA5: =INDEX('Language Index'!$A$8:$A$10000,MATCH("FFO + Cash / Short Term Debt (x)",'Language Index'!$B$8:$B$10000,0)) -> FFO + Cash / Short Term Debt (x) | AB5: =INDEX('Language Index'!$A$8:$A$10000,MATCH("FFO / Gross Profit (x)",'Language Index'!$B$8:$B$10000,0)) -> FFO / Gross Profit (x) | AC5: =INDEX('Language Index'!$A$8:$A$10000,MATCH("Basic Defense Interval (days)",'Language Index'!$B$8:$B$10000,0)) -> Basic Defense Interval (days) | AD5: =INDEX('Language Index'!$A$8:$A$10000,MATCH("Current Ratio (x)",'Language Index'!$B$8:$B$10000,0)) -> Current Ratio (x) | AE5: =INDEX('Language Index'!$A$8:$A$10000,MATCH("Quick Ratio (x)",'Language Index'!$B$8:$B$10000,0)) -> Quick Ratio (x)
A6: =INDEX('Language Index'!$A$8:$A$10000,MATCH("ID",'Language Index'!$B$8:$B$10000,0)) -> ID | B6: =INDEX('Language Index'!$A$8:$A$10000,MATCH("Name",'Language Index'!$B$8:$B$10000,0)) -> Name
A7: =Scores!$B$3 -> NYSE:IBM | B7: =_xll.ciqfunctions.udf.CIQ($A7,"IQ_COMPANY_NAME") -> International Business Machines Corporation | C7: =IF($A7="","",_xll.ciqfunctions.udf.CIQ($A7,"IQ_OPERATIONAL_SCORE",$B$3)) -> 2 | D7: =IF($A7="","",_xll.ciqfunctions.udf.CIQ($A7,"IQ_TOTAL_REV_SCORE",$B$3)) -> 1 | E7: =IF($A7="","",_xll.ciqfunctions.udf.CIQ($A7,"IQ_TOTAL_EQUITY_SCORE",$B$3)) -> 1 | F7: =IF($A7="","",_xll.ciqfunctions.udf.CIQ($A7,"IQ_RETURN_CAPITAL_SCORE",$B$3)) -> 3 | G7: =IF($A7="","",_xll.ciqfunctions.udf.CIQ($A7,"IQ_RECURRING_EARN_ASSETS_SCORE",$B$3)) -> 3 | H7: =IF($A7="","",_xll.ciqfunctions.udf.CIQ($A7,"IQ_NET_WORKING_CAP_REV_SCORE",$B$3)) -> 4 | I7: =IF($A7="","",_xll.ciqfunctions.udf.CIQ($A7,"IQ_ASSET_TURNS_SCORE",$B$3)) -> 4 | J7: =IF($A7="","",_xll.ciqfunctions.udf.CIQ($A7,"IQ_INTAN_ASSETS_REV_SCORE",$B$3)) -> 4 | K7: =IF($A7="","",_xll.ciqfunctions.udf.CIQ($A7,"IQ_NET_WORKING_CAP_TOTAL_ASSETS_SCORE",$B$3)) -> 4 | L7: =IF($A7="","",_xll.ciqfunctions.udf.CIQ($A7,"IQ_AP_AR_SCORE",$B$3)) -> 2 | M7: =IF($A7="","",_xll.ciqfunctions.udf.CIQ($A7,"IQ_MGMT_RATE_RETURN_SCORE",$B$3)) -> 1 | N7: =IF($A7="","",_xll.ciqfunctions.udf.CIQ($A7,"IQ_GROSS_MARGIN_SCORE",$B$3)) -> 1 | O7: =IF($A7="","",_xll.ciqfunctions.udf.CIQ($A7,"IQ_EBITDA_MARGIN_SCORE",$B$3)) -> 1 | Q7: =IF($A7="","",_xll.ciqfunctions.udf.CIQ($A7,"IQ_SOLVENCY_SCORE",$B$3)) -> 4 | R7: =IF($A7="","",_xll.ciqfunctions.udf.CIQ($A7,"IQ_FFO_INT_SCORE",$B$3)) -> 4 | S7: =IF($A7="","",_xll.ciqfunctions.udf.CIQ($A7,"IQ_EBITDA_INT_SCORE",$B$3)) -> 4 | T7: =IF($A7="","",_xll.ciqfunctions.udf.CIQ($A7,"IQ_FFO_TOTAL_DEBT_SCORE",$B$3)) -> 4 | U7: =IF($A7="","",_xll.ciqfunctions.udf.CIQ($A7,"IQ_NET_DEBT_EBITDA_SCORE",$B$3)) -> 4 | V7: =IF($A7="","",_xll.ciqfunctions.udf.CIQ($A7,"IQ_TOTAL_DEBT_CAP_SCORE",$B$3)) -> 4 | W7: =IF($A7="","",_xll.ciqfunctions.udf.CIQ($A7,"IQ_DEBT_TOTAL_LIAB_SCORE",$B$3)) -> 1 | X7: =IF($A7="","",_xll.ciqfunctions.udf.CIQ($A7,"IQ_TOTAL_DEBT_TOTAL_REV_SCORE",$B$3)) -> 4 | Z7: =IF($A7="","",_xll.ciqfunctions.udf.CIQ($A7,"IQ_LIQUID_SCORE",$B$3)) -> 3 | AA7: =IF($A7="","",_xll.ciqfunctions.udf.CIQ($A7,"IQ_FFO_PLUS_CASH_ST_DEBT_SCORE",$B$3)) -> 4 | AB7: =IF($A7="","",_xll.ciqfunctions.udf.CIQ($A7,"IQ_FFO_GROSS_PROFIT_SCORE",$B$3)) -> 3 | AC7: =IF($A7="","",_xll.ciqfunctions.udf.CIQ($A7,"IQ_BASIC_DEFENSE_INTERVAL_SCORE",$B$3)) -> 2 | AD7: =IF($A7="","",_xll.ciqfunctions.udf.CIQ($A7,"IQ_CURRENT_RATIO_SCORE",$B$3)) -> 4 | AE7: =IF($A7="","",_xll.ciqfunctions.udf.CIQ($A7,"IQ_QUICK_RATIO_SCORE",$B$3)) -> 4
A9: =_xll.ciqfunctions.udf.CIQRANGE($B$3,"IQ_CONSTITUENTS_CHP",1,10000,,,,,$A$6) -> ID | B9: =_xll.ciqfunctions.udf.CIQRANGE($B$3,"IQ_CONSTITUENTS_NAME_CHP",1,10000,,,,,$B$6) -> Name
A10: NYSE:ACN | B10: Accenture plc | C10: =IF($A10="","",_xll.ciqfunctions.udf.CIQ($A10,"IQ_OPERATIONAL_SCORE",$B$3)) -> 2 | D10: =IF($A10="","",_xll.ciqfunctions.udf.CIQ($A10,"IQ_TOTAL_REV_SCORE",$B$3)) -> 1 | E10: =IF($A10="","",_xll.ciqfunctions.udf.CIQ($A10,"IQ_TOTAL_EQUITY_SCORE",$B$3)) -> 1 | F10: =IF($A10="","",_xll.ciqfunctions.udf.CIQ($A10,"IQ_RETURN_CAPITAL_SCORE",$B$3)) -> 1 | G10: =IF($A10="","",_xll.ciqfunctions.udf.CIQ($A10,"IQ_RECURRING_EARN_ASSETS_SCORE",$B$3)) -> 1 | H10: =IF($A10="","",_xll.ciqfunctions.udf.CIQ($A10,"IQ_NET_WORKING_CAP_REV_SCORE",$B$3)) -> 4 | I10: =IF($A10="","",_xll.ciqfunctions.udf.CIQ($A10,"IQ_ASSET_TURNS_SCORE",$B$3)) -> 3 | J10: =IF($A10="","",_xll.ciqfunctions.udf.CIQ($A10,"IQ_INTAN_ASSETS_REV_SCORE",$B$3)) -> 3 | K10: =IF($A10="","",_xll.ciqfunctions.udf.CIQ($A10,"IQ_NET_WORKING_CAP_TOTAL_ASSETS_SCORE",$B$3)) -> 4 | L10: =IF($A10="","",_xll.ciqfunctions.udf.CIQ($A10,"IQ_AP_AR_SCORE",$B$3)) -> 4 | M10: =IF($A10="","",_xll.ciqfunctions.udf.CIQ($A10,"IQ_MGMT_RATE_RETURN_SCORE",$B$3)) -> 1 | N10: =IF($A10="","",_xll.ciqfunctions.udf.CIQ($A10,"IQ_GROSS_MARGIN_SCORE",$B$3)) -> 2 | O10: =IF($A10="","",_xll.ciqfunctions.udf.CIQ($A10,"IQ_EBITDA_MARGIN_SCORE",$B$3)) -> 1 | Q10: =IF($A10="","",_xll.ciqfunctions.udf.CIQ($A10,"IQ_SOLVENCY_SCORE",$B$3)) -> 2 | R10: =IF($A10="","",_xll.ciqfunctions.udf.CIQ($A10,"IQ_FFO_INT_SCORE",$B$3)) -> 1 | S10: =IF($A10="","",_xll.ciqfunctions.udf.CIQ($A10,"IQ_EBITDA_INT_SCORE",$B$3)) -> 2 | T10: =IF($A10="","",_xll.ciqfunctions.udf.CIQ($A10,"IQ_FFO_TOTAL_DEBT_SCORE",$B$3)) -> 3 | U10: =IF($A10="","",_xll.ciqfunctions.udf.CIQ($A10,"IQ_NET_DEBT_EBITDA_SCORE",$B$3)) -> 0 | V10: =IF($A10="","",_xll.ciqfunctions.udf.CIQ($A10,"IQ_TOTAL_DEBT_CAP_SCORE",$B$3)) -> 1 | W10: =IF($A10="","",_xll.ciqfunctions.udf.CIQ($A10,"IQ_DEBT_TOTAL_LIAB_SCORE",$B$3)) -> 3 | X10: =IF($A10="","",_xll.ciqfunctions.udf.CIQ($A10,"IQ_TOTAL_DEBT_TOTAL_REV_SCORE",$B$3)) -> 2 | Z10: =IF($A10="","",_xll.ciqfunctions.udf.CIQ($A10,"IQ_LIQUID_SCORE",$B$3)) -> 2 | AA10: =IF($A10="","",_xll.ciqfunctions.udf.CIQ($A10,"IQ_FFO_PLUS_CASH_ST_DEBT_SCORE",$B$3)) -> 1 | AB10: =IF($A10="","",_xll.ciqfunctions.udf.CIQ($A10,"IQ_FFO_GROSS_PROFIT_SCORE",$B$3)) -> 1 | AC10: =IF($A10="","",_xll.ciqfunctions.udf.CIQ($A10,"IQ_BASIC_DEFENSE_INTERVAL_SCORE",$B$3)) -> 3 | AD10: =IF($A10="","",_xll.ciqfunctions.udf.CIQ($A10,"IQ_CURRENT_RATIO_SCORE",$B$3)) -> 3 | AE10: =IF($A10="","",_xll.ciqfunctions.udf.CIQ($A10,"IQ_QUICK_RATIO_SCORE",$B$3)) -> 3
A11: ENXTPA:ATO | B11: Atos SE | C11: =IF($A11="","",_xll.ciqfunctions.udf.CIQ($A11,"IQ_OPERATIONAL_SCORE",$B$3)) -> 4 | D11: =IF($A11="","",_xll.ciqfunctions.udf.CIQ($A11,"IQ_TOTAL_REV_SCORE",$B$3)) -> 4 | E11: =IF($A11="","",_xll.ciqfunctions.udf.CIQ($A11,"IQ_TOTAL_EQUITY_SCORE",$B$3)) -> 4 | F11: =IF($A11="","",_xll.ciqfunctions.udf.CIQ($A11,"IQ_RETURN_CAPITAL_SCORE",$B$3)) -> 4 | G11: =IF($A11="","",_xll.ciqfunctions.udf.CIQ($A11,"IQ_RECURRING_EARN_ASSETS_SCORE",$B$3)) -> 0 | H11: =IF($A11="","",_xll.ciqfunctions.udf.CIQ($A11,"IQ_NET_WORKING_CAP_REV_SCORE",$B$3)) -> 2 | I11: =IF($A11="","",_xll.ciqfunctions.udf.CIQ($A11,"IQ_ASSET_TURNS_SCORE",$B$3)) -> 2 | J11: =IF($A11="","",_xll.ciqfunctions.udf.CIQ($A11,"IQ_INTAN_ASSETS_REV_SCORE",$B$3)) -> 1 | K11: =IF($A11="","",_xll.ciqfunctions.udf.CIQ($A11,"IQ_NET_WORKING_CAP_TOTAL_ASSETS_SCORE",$B$3)) -> 2 | L11: =IF($A11="","",_xll.ciqfunctions.udf.CIQ($A11,"IQ_AP_AR_SCORE",$B$3)) -> 3 | M11: =IF($A11="","",_xll.ciqfunctions.udf.CIQ($A11,"IQ_MGMT_RATE_RETURN_SCORE",$B$3)) -> 3 | N11: =IF($A11="","",_xll.ciqfunctions.udf.CIQ($A11,"IQ_GROSS_MARGIN_SCORE",$B$3)) -> 4 | O11: =IF($A11="","",_xll.ciqfunctions.udf.CIQ($A11,"IQ_EBITDA_MARGIN_SCORE",$B$3)) -> 4 | Q11: =IF($A11="","",_xll.ciqfunctions.udf.CIQ($A11,"IQ_SOLVENCY_SCORE",$B$3)) -> 4 | R11: =IF($A11="","",_xll.ciqfunctions.udf.CIQ($A11,"IQ_FFO_INT_SCORE",$B$3)) -> 4 | S11: =IF($A11="","",_xll.ciqfunctions.udf.CIQ($A11,"IQ_EBITDA_INT_SCORE",$B$3)) -> 4 | T11: =IF($A11="","",_xll.ciqfunctions.udf.CIQ($A11,"IQ_FFO_TOTAL_DEBT_SCORE",$B$3)) -> 4 | U11: =IF($A11="","",_xll.ciqfunctions.udf.CIQ($A11,"IQ_NET_DEBT_EBITDA_SCORE",$B$3)) -> 4 | V11: =IF($A11="","",_xll.ciqfunctions.udf.CIQ($A11,"IQ_TOTAL_DEBT_CAP_SCORE",$B$3)) -> 4 | W11: =IF($A11="","",_xll.ciqfunctions.udf.CIQ($A11,"IQ_DEBT_TOTAL_LIAB_SCORE",$B$3)) -> 2 | X11: =IF($A11="","",_xll.ciqfunctions.udf.CIQ($A11,"IQ_TOTAL_DEBT_TOTAL_REV_SCORE",$B$3)) -> 3 | Z11: =IF($A11="","",_xll.ciqfunctions.udf.CIQ($A11,"IQ_LIQUID_SCORE",$B$3)) -> 4 | AA11: =IF($A11="","",_xll.ciqfunctions.udf.CIQ($A11,"IQ_FFO_PLUS_CASH_ST_DEBT_SCORE",$B$3)) -> 4 | AB11: =IF($A11="","",_xll.ciqfunctions.udf.CIQ($A11,"IQ_FFO_GROSS_PROFIT_SCORE",$B$3)) -> 4 | AC11: =IF($A11="","",_xll.ciqfunctions.udf.CIQ($A11,"IQ_BASIC_DEFENSE_INTERVAL_SCORE",$B$3)) -> 3 | AD11: =IF($A11="","",_xll.ciqfunctions.udf.CIQ($A11,"IQ_CURRENT_RATIO_SCORE",$B$3)) -> 3 | AE11: =IF($A11="","",_xll.ciqfunctions.udf.CIQ($A11,"IQ_QUICK_RATIO_SCORE",$B$3)) -> 3
A12: XTRA:BC8 | B12: Bechtle AG | C12: =IF($A12="","",_xll.ciqfunctions.udf.CIQ($A12,"IQ_OPERATIONAL_SCORE",$B$3)) -> 3 | D12: =IF($A12="","",_xll.ciqfunctions.udf.CIQ($A12,"IQ_TOTAL_REV_SCORE",$B$3)) -> 4 | E12: =IF($A12="","",_xll.ciqfunctions.udf.CIQ($A12,"IQ_TOTAL_EQUITY_SCORE",$B$3)) -> 4 | F12: =IF($A12="","",_xll.ciqfunctions.udf.CIQ($A12,"IQ_RETURN_CAPITAL_SCORE",$B$3)) -> 3 | G12: =IF($A12="","",_xll.ciqfunctions.udf.CIQ($A12,"IQ_RECURRING_EARN_ASSETS_SCORE",$B$3)) -> 4 | H12: =IF($A12="","",_xll.ciqfunctions.udf.CIQ($A12,"IQ_NET_WORKING_CAP_REV_SCORE",$B$3)) -> 1 | I12: =IF($A12="","",_xll.ciqfunctions.udf.CIQ($A12,"IQ_ASSET_TURNS_SCORE",$B$3)) -> 1 | J12: =IF($A12="","",_xll.ciqfunctions.udf.CIQ($A12,"IQ_INTAN_ASSETS_REV_SCORE",$B$3)) -> 2 | K12: =IF($A12="","",_xll.ciqfunctions.udf.CIQ($A12,"IQ_NET_WORKING_CAP_TOTAL_ASSETS_SCORE",$B$3)) -> 1 | L12: =IF($A12="","",_xll.ciqfunctions.udf.CIQ($A12,"IQ_AP_AR_SCORE",$B$3)) -> 2 | M12: =IF($A12="","",_xll.ciqfunctions.udf.CIQ($A12,"IQ_MGMT_RATE_RETURN_SCORE",$B$3)) -> 3 | N12: =IF($A12="","",_xll.ciqfunctions.udf.CIQ($A12,"IQ_GROSS_MARGIN_SCORE",$B$3)) -> 4 | O12: =IF($A12="","",_xll.ciqfunctions.udf.CIQ($A12,"IQ_EBITDA_MARGIN_SCORE",$B$3)) -> 4 | Q12: =IF($A12="","",_xll.ciqfunctions.udf.CIQ($A12,"IQ_SOLVENCY_SCORE",$B$3)) -> 2 | R12: =IF($A12="","",_xll.ciqfunctions.udf.CIQ($A12,"IQ_FFO_INT_SCORE",$B$3)) -> 3 | S12: =IF($A12="","",_xll.ciqfunctions.udf.CIQ($A12,"IQ_EBITDA_INT_SCORE",$B$3)) -> 3 | T12: =IF($A12="","",_xll.ciqfunctions.udf.CIQ($A12,"IQ_FFO_TOTAL_DEBT_SCORE",$B$3)) -> 3 | U12: =IF($A12="","",_xll.ciqfunctions.udf.CIQ($A12,"IQ_NET_DEBT_EBITDA_SCORE",$B$3)) -> 1 | V12: =IF($A12="","",_xll.ciqfunctions.udf.CIQ($A12,"IQ_TOTAL_DEBT_CAP_SCORE",$B$3)) -> 2 | W12: =IF($A12="","",_xll.ciqfunctions.udf.CIQ($A12,"IQ_DEBT_TOTAL_LIAB_SCORE",$B$3)) -> 2 | X12: =IF($A12="","",_xll.ciqfunctions.udf.CIQ($A12,"IQ_TOTAL_DEBT_TOTAL_REV_SCORE",$B$3)) -> 1 | Z12: =IF($A12="","",_xll.ciqfunctions.udf.CIQ($A12,"IQ_LIQUID_SCORE",$B$3)) -> 3 | AA12: =IF($A12="","",_xll.ciqfunctions.udf.CIQ($A12,"IQ_FFO_PLUS_CASH_ST_DEBT_SCORE",$B$3)) -> 4 | AB12: =IF($A12="","",_xll.ciqfunctions.udf.CIQ($A12,"IQ_FFO_GROSS_PROFIT_SCORE",$B$3)) -> 3 | AC12: =IF($A12="","",_xll.ciqfunctions.udf.CIQ($A12,"IQ_BASIC_DEFENSE_INTERVAL_SCORE",$B$3)) -> 4 | AD12: =IF($A12="","",_xll.ciqfunctions.udf.CIQ($A12,"IQ_CURRENT_RATIO_SCORE",$B$3)) -> 2 | AE12: =IF($A12="","",_xll.ciqfunctions.udf.CIQ($A12,"IQ_QUICK_RATIO_SCORE",$B$3)) -> 3
A13: ENXTPA:CAP | B13: Capgemini SE | C13: =IF($A13="","",_xll.ciqfunctions.udf.CIQ($A13,"IQ_OPERATIONAL_SCORE",$B$3)) -> 3 | D13: =IF($A13="","",_xll.ciqfunctions.udf.CIQ($A13,"IQ_TOTAL_REV_SCORE",$B$3)) -> 2 | E13: =IF($A13="","",_xll.ciqfunctions.udf.CIQ($A13,"IQ_TOTAL_EQUITY_SCORE",$B$3)) -> 2 | F13: =IF($A13="","",_xll.ciqfunctions.udf.CIQ($A13,"IQ_RETURN_CAPITAL_SCORE",$B$3)) -> 3 | G13: =IF($A13="","",_xll.ciqfunctions.udf.CIQ($A13,"IQ_RECURRING_EARN_ASSETS_SCORE",$B$3)) -> 3 | H13: =IF($A13="","",_xll.ciqfunctions.udf.CIQ($A13,"IQ_NET_WORKING_CAP_REV_SCORE",$B$3)) -> 2 | I13: =IF($A13="","",_xll.ciqfunctions.udf.CIQ($A13,"IQ_ASSET_TURNS_SCORE",$B$3)) -> 3 | J13: =IF($A13="","",_xll.ciqfunctions.udf.CIQ($A13,"IQ_INTAN_ASSETS_REV_SCORE",$B$3)) -> 4 | K13: =IF($A13="","",_xll.ciqfunctions.udf.CIQ($A13,"IQ_NET_WORKING_CAP_TOTAL_ASSETS_SCORE",$B$3)) -> 3 | L13: =IF($A13="","",_xll.ciqfunctions.udf.CIQ($A13,"IQ_AP_AR_SCORE",$B$3)) -> 1 | M13: =IF($A13="","",_xll.ciqfunctions.udf.CIQ($A13,"IQ_MGMT_RATE_RETURN_SCORE",$B$3)) -> 3 | N13: =IF($A13="","",_xll.ciqfunctions.udf.CIQ($A13,"IQ_GROSS_MARGIN_SCORE",$B$3)) -> 3 | O13: =IF($A13="","",_xll.ciqfunctions.udf.CIQ($A13,"IQ_EBITDA_MARGIN_SCORE",$B$3)) -> 3 | Q13: =IF($A13="","",_xll.ciqfunctions.udf.CIQ($A13,"IQ_SOLVENCY_SCORE",$B$3)) -> 3 | R13: =IF($A13="","",_xll.ciqfunctions.udf.CIQ($A13,"IQ_FFO_INT_SCORE",$B$3)) -> 4 | S13: =IF($A13="","",_xll.ciqfunctions.udf.CIQ($A13,"IQ_EBITDA_INT_SCORE",$B$3)) -> 3 | T13: =IF($A13="","",_xll.ciqfunctions.udf.CIQ($A13,"IQ_FFO_TOTAL_DEBT_SCORE",$B$3)) -> 4 | U13: =IF($A13="","",_xll.ciqfunctions.udf.CIQ($A13,"IQ_NET_DEBT_EBITDA_SCORE",$B$3)) -> 2 | V13: =IF($A13="","",_xll.ciqfunctions.udf.CIQ($A13,"IQ_TOTAL_DEBT_CAP_SCORE",$B$3)) -> 3 | W13: =IF($A13="","",_xll.ciqfunctions.udf.CIQ($A13,"IQ_DEBT_TOTAL_LIAB_SCORE",$B$3)) -> 1 | X13: =IF($A13="","",_xll.ciqfunctions.udf.CIQ($A13,"IQ_TOTAL_DEBT_TOTAL_REV_SCORE",$B$3)) -> 3 | Z13: =IF($A13="","",_xll.ciqfunctions.udf.CIQ($A13,"IQ_LIQUID_SCORE",$B$3)) -> 4 | AA13: =IF($A13="","",_xll.ciqfunctions.udf.CIQ($A13,"IQ_FFO_PLUS_CASH_ST_DEBT_SCORE",$B$3)) -> 4 | AB13: =IF($A13="","",_xll.ciqfunctions.udf.CIQ($A13,"IQ_FFO_GROSS_PROFIT_SCORE",$B$3)) -> 3 | AC13: =IF($A13="","",_xll.ciqfunctions.udf.CIQ($A13,"IQ_BASIC_DEFENSE_INTERVAL_SCORE",$B$3)) -> 3 | AD13: =IF($A13="","",_xll.ciqfunctions.udf.CIQ($A13,"IQ_CURRENT_RATIO_SCORE",$B$3)) -> 4 | AE13: =IF($A13="","",_xll.ciqfunctions.udf.CIQ($A13,"IQ_QUICK_RATIO_SCORE",$B$3)) -> 3
A14: TSX:GIB.A | B14: CGI Inc. | C14: =IF($A14="","",_xll.ciqfunctions.udf.CIQ($A14,"IQ_OPERATIONAL_SCORE",$B$3)) -> 3 | D14: =IF($A14="","",_xll.ciqfunctions.udf.CIQ($A14,"IQ_TOTAL_REV_SCORE",$B$3)) -> 4 | E14: =IF($A14="","",_xll.ciqfunctions.udf.CIQ($A14,"IQ_TOTAL_EQUITY_SCORE",$B$3)) -> 3 | F14: =IF($A14="","",_xll.ciqfunctions.udf.CIQ($A14,"IQ_RETURN_CAPITAL_SCORE",$B$3)) -> 2 | G14: =IF($A14="","",_xll.ciqfunctions.udf.CIQ($A14,"IQ_RECURRING_EARN_ASSETS_SCORE",$B$3)) -> 2 | H14: =IF($A14="","",_xll.ciqfunctions.udf.CIQ($A14,"IQ_NET_WORKING_CAP_REV_SCORE",$B$3)) -> 3 | I14: =IF($A14="","",_xll.ciqfunctions.udf.CIQ($A14,"IQ_ASSET_TURNS_SCORE",$B$3)) -> 4 | J14: =IF($A14="","",_xll.ciqfunctions.udf.CIQ($A14,"IQ_INTAN_ASSETS_REV_SCORE",$B$3)) -> 4 | K14: =IF($A14="","",_xll.ciqfunctions.udf.CIQ($A14,"IQ_NET_WORKING_CAP_TOTAL_ASSETS_SCORE",$B$3)) -> 3 | L14: =IF($A14="","",_xll.ciqfunctions.udf.CIQ($A14,"IQ_AP_AR_SCORE",$B$3)) -> 3 | M14: =IF($A14="","",_xll.ciqfunctions.udf.CIQ($A14,"IQ_MGMT_RATE_RETURN_SCORE",$B$3)) -> 2 | N14: =IF($A14="","",_xll.ciqfunctions.udf.CIQ($A14,"IQ_GROSS_MARGIN_SCORE",$B$3)) -> 3 | O14: =IF($A14="","",_xll.ciqfunctions.udf.CIQ($A14,"IQ_EBITDA_MARGIN_SCORE",$B$3)) -> 1 | Q14: =IF($A14="","",_xll.ciqfunctions.udf.CIQ($A14,"IQ_SOLVENCY_SCORE",$B$3)) -> 3 | R14: =IF($A14="","",_xll.ciqfunctions.udf.CIQ($A14,"IQ_FFO_INT_SCORE",$B$3)) -> 3 | S14: =IF($A14="","",_xll.ciqfunctions.udf.CIQ($A14,"IQ_EBITDA_INT_SCORE",$B$3)) -> 3 | T14: =IF($A14="","",_xll.ciqfunctions.udf.CIQ($A14,"IQ_FFO_TOTAL_DEBT_SCORE",$B$3)) -> 4 | U14: =IF($A14="","",_xll.ciqfunctions.udf.CIQ($A14,"IQ_NET_DEBT_EBITDA_SCORE",$B$3)) -> 2 | V14: =IF($A14="","",_xll.ciqfunctions.udf.CIQ($A14,"IQ_TOTAL_DEBT_CAP_SCORE",$B$3)) -> 2 | W14: =IF($A14="","",_xll.ciqfunctions.udf.CIQ($A14,"IQ_DEBT_TOTAL_LIAB_SCORE",$B$3)) -> 1 | X14: =IF($A14="","",_xll.ciqfunctions.udf.CIQ($A14,"IQ_TOTAL_DEBT_TOTAL_REV_SCORE",$B$3)) -> 3 | Z14: =IF($A14="","",_xll.ciqfunctions.udf.CIQ($A14,"IQ_LIQUID_SCORE",$B$3)) -> 3 | AA14: =IF($A14="","",_xll.ciqfunctions.udf.CIQ($A14,"IQ_FFO_PLUS_CASH_ST_DEBT_SCORE",$B$3)) -> 4 | AB14: =IF($A14="","",_xll.ciqfunctions.udf.CIQ($A14,"IQ_FFO_GROSS_PROFIT_SCORE",$B$3)) -> 1 | AC14: =IF($A14="","",_xll.ciqfunctions.udf.CIQ($A14,"IQ_BASIC_DEFENSE_INTERVAL_SCORE",$B$3)) -> 4 | AD14: =IF($A14="","",_xll.ciqfunctions.udf.CIQ($A14,"IQ_CURRENT_RATIO_SCORE",$B$3)) -> 4 | AE14: =IF($A14="","",_xll.ciqfunctions.udf.CIQ($A14,"IQ_QUICK_RATIO_SCORE",$B$3)) -> 4
A15: NasdaqGS:CTSH | B15: Cognizant Technology Solutions Corporation | C15: =IF($A15="","",_xll.ciqfunctions.udf.CIQ($A15,"IQ_OPERATIONAL_SCORE",$B$3)) -> 1 | D15: =IF($A15="","",_xll.ciqfunctions.udf.CIQ($A15,"IQ_TOTAL_REV_SCORE",$B$3)) -> 3 | E15: =IF($A15="","",_xll.ciqfunctions.udf.CIQ($A15,"IQ_TOTAL_EQUITY_SCORE",$B$3)) -> 1 | F15: =IF($A15="","",_xll.ciqfunctions.udf.CIQ($A15,"IQ_RETURN_CAPITAL_SCORE",$B$3)) -> 2 | G15: =IF($A15="","",_xll.ciqfunctions.udf.CIQ($A15,"IQ_RECURRING_EARN_ASSETS_SCORE",$B$3)) -> 1 | H15: =IF($A15="","",_xll.ciqfunctions.udf.CIQ($A15,"IQ_NET_WORKING_CAP_REV_SCORE",$B$3)) -> 1 | I15: =IF($A15="","",_xll.ciqfunctions.udf.CIQ($A15,"IQ_ASSET_TURNS_SCORE",$B$3)) -> 3 | J15: =IF($A15="","",_xll.ciqfunctions.udf.CIQ($A15,"IQ_INTAN_ASSETS_REV_SCORE",$B$3)) -> 3 | K15: =IF($A15="","",_xll.ciqfunctions.udf.CIQ($A15,"IQ_NET_WORKING_CAP_TOTAL_ASSETS_SCORE",$B$3)) -> 1 | L15: =IF($A15="","",_xll.ciqfunctions.udf.CIQ($A15,"IQ_AP_AR_SCORE",$B$3)) -> 4 | M15: =IF($A15="","",_xll.ciqfunctions.udf.CIQ($A15,"IQ_MGMT_RATE_RETURN_SCORE",$B$3)) -> 3 | N15: =IF($A15="","",_xll.ciqfunctions.udf.CIQ($A15,"IQ_GROSS_MARGIN_SCORE",$B$3)) -> 2 | O15: =IF($A15="","",_xll.ciqfunctions.udf.CIQ($A15,"IQ_EBITDA_MARGIN_SCORE",$B$3)) -> 1 | Q15: =IF($A15="","",_xll.ciqfunctions.udf.CIQ($A15,"IQ_SOLVENCY_SCORE",$B$3)) -> 1 | R15: =IF($A15="","",_xll.ciqfunctions.udf.CIQ($A15,"IQ_FFO_INT_SCORE",$B$3)) -> 1 | S15: =IF($A15="","",_xll.ciqfunctions.udf.CIQ($A15,"IQ_EBITDA_INT_SCORE",$B$3)) -> 1 | T15: =IF($A15="","",_xll.ciqfunctions.udf.CIQ($A15,"IQ_FFO_TOTAL_DEBT_SCORE",$B$3)) -> 2 | U15: =IF($A15="","",_xll.ciqfunctions.udf.CIQ($A15,"IQ_NET_DEBT_EBITDA_SCORE",$B$3)) -> 0 | V15: =IF($A15="","",_xll.ciqfunctions.udf.CIQ($A15,"IQ_TOTAL_DEBT_CAP_SCORE",$B$3)) -> 1 | W15: =IF($A15="","",_xll.ciqfunctions.udf.CIQ($A15,"IQ_DEBT_TOTAL_LIAB_SCORE",$B$3)) -> 4 | X15: =IF($A15="","",_xll.ciqfunctions.udf.CIQ($A15,"IQ_TOTAL_DEBT_TOTAL_REV_SCORE",$B$3)) -> 1 | Z15: =IF($A15="","",_xll.ciqfunctions.udf.CIQ($A15,"IQ_LIQUID_SCORE",$B$3)) -> 2 | AA15: =IF($A15="","",_xll.ciqfunctions.udf.CIQ($A15,"IQ_FFO_PLUS_CASH_ST_DEBT_SCORE",$B$3)) -> 1 | AB15: =IF($A15="","",_xll.ciqfunctions.udf.CIQ($A15,"IQ_FFO_GROSS_PROFIT_SCORE",$B$3)) -> 2 | AC15: =IF($A15="","",_xll.ciqfunctions.udf.CIQ($A15,"IQ_BASIC_DEFENSE_INTERVAL_SCORE",$B$3)) -> 4 | AD15: =IF($A15="","",_xll.ciqfunctions.udf.CIQ($A15,"IQ_CURRENT_RATIO_SCORE",$B$3)) -> 1 | AE15: =IF($A15="","",_xll.ciqfunctions.udf.CIQ($A15,"IQ_QUICK_RATIO_SCORE",$B$3)) -> 1
A16: LSE:CCC | B16: Computacenter plc | C16: =IF($A16="","",_xll.ciqfunctions.udf.CIQ($A16,"IQ_OPERATIONAL_SCORE",$B$3)) -> 3 | D16: =IF($A16="","",_xll.ciqfunctions.udf.CIQ($A16,"IQ_TOTAL_REV_SCORE",$B$3)) -> 4 | E16: =IF($A16="","",_xll.ciqfunctions.udf.CIQ($A16,"IQ_TOTAL_EQUITY_SCORE",$B$3)) -> 4 | F16: =IF($A16="","",_xll.ciqfunctions.udf.CIQ($A16,"IQ_RETURN_CAPITAL_SCORE",$B$3)) -> 2 | G16: =IF($A16="","",_xll.ciqfunctions.udf.CIQ($A16,"IQ_RECURRING_EARN_ASSETS_SCORE",$B$3)) -> 4 | H16: =IF($A16="","",_xll.ciqfunctions.udf.CIQ($A16,"IQ_NET_WORKING_CAP_REV_SCORE",$B$3)) -> 3 | I16: =IF($A16="","",_xll.ciqfunctions.udf.CIQ($A16,"IQ_ASSET_TURNS_SCORE",$B$3)) -> 1 | J16: =IF($A16="","",_xll.ciqfunctions.udf.CIQ($A16,"IQ_INTAN_ASSETS_REV_SCORE",$B$3)) -> 1 | K16: =IF($A16="","",_xll.ciqfunctions.udf.CIQ($A16,"IQ_NET_WORKING_CAP_TOTAL_ASSETS_SCORE",$B$3)) -> 2 | L16: =IF($A16="","",_xll.ciqfunctions.udf.CIQ($A16,"IQ_AP_AR_SCORE",$B$3)) -> 1 | M16: =IF($A16="","",_xll.ciqfunctions.udf.CIQ($A16,"IQ_MGMT_RATE_RETURN_SCORE",$B$3)) -> 3 | N16: =IF($A16="","",_xll.ciqfunctions.udf.CIQ($A16,"IQ_GROSS_MARGIN_SCORE",$B$3)) -> 4 | O16: =IF($A16="","",_xll.ciqfunctions.udf.CIQ($A16,"IQ_EBITDA_MARGIN_SCORE",$B$3)) -> 4 | Q16: =IF($A16="","",_xll.ciqfunctions.udf.CIQ($A16,"IQ_SOLVENCY_SCORE",$B$3)) -> 3 | R16: =IF($A16="","",_xll.ciqfunctions.udf.CIQ($A16,"IQ_FFO_INT_SCORE",$B$3)) -> 3 | S16: =IF($A16="","",_xll.ciqfunctions.udf.CIQ($A16,"IQ_EBITDA_INT_SCORE",$B$3)) -> 3 | T16: =IF($A16="","",_xll.ciqfunctions.udf.CIQ($A16,"IQ_FFO_TOTAL_DEBT_SCORE",$B$3)) -> 3 | U16: =IF($A16="","",_xll.ciqfunctions.udf.CIQ($A16,"IQ_NET_DEBT_EBITDA_SCORE",$B$3)) -> 0 | V16: =IF($A16="","",_xll.ciqfunctions.udf.CIQ($A16,"IQ_TOTAL_DEBT_CAP_SCORE",$B$3)) -> 1 | W16: =IF($A16="","",_xll.ciqfunctions.udf.CIQ($A16,"IQ_DEBT_TOTAL_LIAB_SCORE",$B$3)) -> 4 | X16: =IF($A16="","",_xll.ciqfunctions.udf.CIQ($A16,"IQ_TOTAL_DEBT_TOTAL_REV_SCORE",$B$3)) -> 1 | Z16: =IF($A16="","",_xll.ciqfunctions.udf.CIQ($A16,"IQ_LIQUID_SCORE",$B$3)) -> 4 | AA16: =IF($A16="","",_xll.ciqfunctions.udf.CIQ($A16,"IQ_FFO_PLUS_CASH_ST_DEBT_SCORE",$B$3)) -> 3 | AB16: =IF($A16="","",_xll.ciqfunctions.udf.CIQ($A16,"IQ_FFO_GROSS_PROFIT_SCORE",$B$3)) -> 4 | AC16: =IF($A16="","",_xll.ciqfunctions.udf.CIQ($A16,"IQ_BASIC_DEFENSE_INTERVAL_SCORE",$B$3)) -> 4 | AD16: =IF($A16="","",_xll.ciqfunctions.udf.CIQ($A16,"IQ_CURRENT_RATIO_SCORE",$B$3)) -> 4 | AE16: =IF($A16="","",_xll.ciqfunctions.udf.CIQ($A16,"IQ_QUICK_RATIO_SCORE",$B$3)) -> 3
A17: NYSE:DXC | B17: DXC Technology Company | C17: =IF($A17="","",_xll.ciqfunctions.udf.CIQ($A17,"IQ_OPERATIONAL_SCORE",$B$3)) -> 4 | D17: =IF($A17="","",_xll.ciqfunctions.udf.CIQ($A17,"IQ_TOTAL_REV_SCORE",$B$3)) -> 4 | E17: =IF($A17="","",_xll.ciqfunctions.udf.CIQ($A17,"IQ_TOTAL_EQUITY_SCORE",$B$3)) -> 4 | F17: =IF($A17="","",_xll.ciqfunctions.udf.CIQ($A17,"IQ_RETURN_CAPITAL_SCORE",$B$3)) -> 4 | G17: =IF($A17="","",_xll.ciqfunctions.udf.CIQ($A17,"IQ_RECURRING_EARN_ASSETS_SCORE",$B$3)) -> 4 | H17: =IF($A17="","",_xll.ciqfunctions.udf.CIQ($A17,"IQ_NET_WORKING_CAP_REV_SCORE",$B$3)) -> 2 | I17: =IF($A17="","",_xll.ciqfunctions.udf.CIQ($A17,"IQ_ASSET_TURNS_SCORE",$B$3)) -> 3 | J17: =IF($A17="","",_xll.ciqfunctions.udf.CIQ($A17,"IQ_INTAN_ASSETS_REV_SCORE",$B$3)) -> 2 | K17: =IF($A17="","",_xll.ciqfunctions.udf.CIQ($A17,"IQ_NET_WORKING_CAP_TOTAL_ASSETS_SCORE",$B$3)) -> 3 | L17: =IF($A17="","",_xll.ciqfunctions.udf.CIQ($A17,"IQ_AP_AR_SCORE",$B$3)) -> 4 | M17: =IF($A17="","",_xll.ciqfunctions.udf.CIQ($A17,"IQ_MGMT_RATE_RETURN_SCORE",$B$3)) -> 3 | N17: =IF($A17="","",_xll.ciqfunctions.udf.CIQ($A17,"IQ_GROSS_MARGIN_SCORE",$B$3)) -> 3 | O17: =IF($A17="","",_xll.ciqfunctions.udf.CIQ($A17,"IQ_EBITDA_MARGIN_SCORE",$B$3)) -> 2 | Q17: =IF($A17="","",_xll.ciqfunctions.udf.CIQ($A17,"IQ_SOLVENCY_SCORE",$B$3)) -> 4 | R17: =IF($A17="","",_xll.ciqfunctions.udf.CIQ($A17,"IQ_FFO_INT_SCORE",$B$3)) -> 4 | S17: =IF($A17="","",_xll.ciqfunctions.udf.CIQ($A17,"IQ_EBITDA_INT_SCORE",$B$3)) -> 4 | T17: =IF($A17="","",_xll.ciqfunctions.udf.CIQ($A17,"IQ_FFO_TOTAL_DEBT_SCORE",$B$3)) -> 4 | U17: =IF($A17="","",_xll.ciqfunctions.udf.CIQ($A17,"IQ_NET_DEBT_EBITDA_SCORE",$B$3)) -> 2 | V17: =IF($A17="","",_xll.ciqfunctions.udf.CIQ($A17,"IQ_TOTAL_DEBT_CAP_SCORE",$B$3)) -> 4 | W17: =IF($A17="","",_xll.ciqfunctions.udf.CIQ($A17,"IQ_DEBT_TOTAL_LIAB_SCORE",$B$3)) -> 1 | X17: =IF($A17="","",_xll.ciqfunctions.udf.CIQ($A17,"IQ_TOTAL_DEBT_TOTAL_REV_SCORE",$B$3)) -> 4 | Z17: =IF($A17="","",_xll.ciqfunctions.udf.CIQ($A17,"IQ_LIQUID_SCORE",$B$3)) -> 3 | AA17: =IF($A17="","",_xll.ciqfunctions.udf.CIQ($A17,"IQ_FFO_PLUS_CASH_ST_DEBT_SCORE",$B$3)) -> 4 | AB17: =IF($A17="","",_xll.ciqfunctions.udf.CIQ($A17,"IQ_FFO_GROSS_PROFIT_SCORE",$B$3)) -> 2 | AC17: =IF($A17="","",_xll.ciqfunctions.udf.CIQ($A17,"IQ_BASIC_DEFENSE_INTERVAL_SCORE",$B$3)) -> 3 | AD17: =IF($A17="","",_xll.ciqfunctions.udf.CIQ($A17,"IQ_CURRENT_RATIO_SCORE",$B$3)) -> 4 | AE17: =IF($A17="","",_xll.ciqfunctions.udf.CIQ($A17,"IQ_QUICK_RATIO_SCORE",$B$3)) -> 4
A18: TSE:6702 | B18: Fujitsu Limited | C18: =IF($A18="","",_xll.ciqfunctions.udf.CIQ($A18,"IQ_OPERATIONAL_SCORE",$B$3)) -> 2 | D18: =IF($A18="","",_xll.ciqfunctions.udf.CIQ($A18,"IQ_TOTAL_REV_SCORE",$B$3)) -> 2 | E18: =IF($A18="","",_xll.ciqfunctions.udf.CIQ($A18,"IQ_TOTAL_EQUITY_SCORE",$B$3)) -> 2 | F18: =IF($A18="","",_xll.ciqfunctions.udf.CIQ($A18,"IQ_RETURN_CAPITAL_SCORE",$B$3)) -> 3 | G18: =IF($A18="","",_xll.ciqfunctions.udf.CIQ($A18,"IQ_RECURRING_EARN_ASSETS_SCORE",$B$3)) -> 3 | H18: =IF($A18="","",_xll.ciqfunctions.udf.CIQ($A18,"IQ_NET_WORKING_CAP_REV_SCORE",$B$3)) -> 1 | I18: =IF($A18="","",_xll.ciqfunctions.udf.CIQ($A18,"IQ_ASSET_TURNS_SCORE",$B$3)) -> 3 | J18: =IF($A18="","",_xll.ciqfunctions.udf.CIQ($A18,"IQ_INTAN_ASSETS_REV_SCORE",$B$3)) -> 1 | K18: =IF($A18="","",_xll.ciqfunctions.udf.CIQ($A18,"IQ_NET_WORKING_CAP_TOTAL_ASSETS_SCORE",$B$3)) -> 1 | L18: =IF($A18="","",_xll.ciqfunctions.udf.CIQ($A18,"IQ_AP_AR_SCORE",$B$3)) -> 2 | M18: =IF($A18="","",_xll.ciqfunctions.udf.CIQ($A18,"IQ_MGMT_RATE_RETURN_SCORE",$B$3)) -> 3 | N18: =IF($A18="","",_xll.ciqfunctions.udf.CIQ($A18,"IQ_GROSS_MARGIN_SCORE",$B$3)) -> 2 | O18: =IF($A18="","",_xll.ciqfunctions.udf.CIQ($A18,"IQ_EBITDA_MARGIN_SCORE",$B$3)) -> 3 | Q18: =IF($A18="","",_xll.ciqfunctions.udf.CIQ($A18,"IQ_SOLVENCY_SCORE",$B$3)) -> 1 | R18: =IF($A18="","",_xll.ciqfunctions.udf.CIQ($A18,"IQ_FFO_INT_SCORE",$B$3)) -> 1 | S18: =IF($A18="","",_xll.ciqfunctions.udf.CIQ($A18,"IQ_EBITDA_INT_SCORE",$B$3)) -> 1 | T18: =IF($A18="","",_xll.ciqfunctions.udf.CIQ($A18,"IQ_FFO_TOTAL_DEBT_SCORE",$B$3)) -> 3 | U18: =IF($A18="","",_xll.ciqfunctions.udf.CIQ($A18,"IQ_NET_DEBT_EBITDA_SCORE",$B$3)) -> 0 | V18: =IF($A18="","",_xll.ciqfunctions.udf.CIQ($A18,"IQ_TOTAL_DEBT_CAP_SCORE",$B$3)) -> 1 | W18: =IF($A18="","",_xll.ciqfunctions.udf.CIQ($A18,"IQ_DEBT_TOTAL_LIAB_SCORE",$B$3)) -> 4 | X18: =IF($A18="","",_xll.ciqfunctions.udf.CIQ($A18,"IQ_TOTAL_DEBT_TOTAL_REV_SCORE",$B$3)) -> 1 | Z18: =IF($A18="","",_xll.ciqfunctions.udf.CIQ($A18,"IQ_LIQUID_SCORE",$B$3)) -> 2 | AA18: =IF($A18="","",_xll.ciqfunctions.udf.CIQ($A18,"IQ_FFO_PLUS_CASH_ST_DEBT_SCORE",$B$3)) -> 3 | AB18: =IF($A18="","",_xll.ciqfunctions.udf.CIQ($A18,"IQ_FFO_GROSS_PROFIT_SCORE",$B$3)) -> 4 | AC18: =IF($A18="","",_xll.ciqfunctions.udf.CIQ($A18,"IQ_BASIC_DEFENSE_INTERVAL_SCORE",$B$3)) -> 3 | AD18: =IF($A18="","",_xll.ciqfunctions.udf.CIQ($A18,"IQ_CURRENT_RATIO_SCORE",$B$3)) -> 2 | AE18: =IF($A18="","",_xll.ciqfunctions.udf.CIQ($A18,"IQ_QUICK_RATIO_SCORE",$B$3)) -> 3
A19: NYSE:IT | B19: Gartner, Inc. | C19: =IF($A19="","",_xll.ciqfunctions.udf.CIQ($A19,"IQ_OPERATIONAL_SCORE",$B$3)) -> 3 | D19: =IF($A19="","",_xll.ciqfunctions.udf.CIQ($A19,"IQ_TOTAL_REV_SCORE",$B$3)) -> 4 | E19: =IF($A19="","",_xll.ciqfunctions.udf.CIQ($A19,"IQ_TOTAL_EQUITY_SCORE",$B$3)) -> 4 | F19: =IF($A19="","",_xll.ciqfunctions.udf.CIQ($A19,"IQ_RETURN_CAPITAL_SCORE",$B$3)) -> 1 | G19: =IF($A19="","",_xll.ciqfunctions.udf.CIQ($A19,"IQ_RECURRING_EARN_ASSETS_SCORE",$B$3)) -> 1 | H19: =IF($A19="","",_xll.ciqfunctions.udf.CIQ($A19,"IQ_NET_WORKING_CAP_REV_SCORE",$B$3)) -> 4 | I19: =IF($A19="","",_xll.ciqfunctions.udf.CIQ($A19,"IQ_ASSET_TURNS_SCORE",$B$3)) -> 3 | J19: =IF($A19="","",_xll.ciqfunctions.udf.CIQ($A19,"IQ_INTAN_ASSETS_REV_SCORE",$B$3)) -> 4 | K19: =IF($A19="","",_xll.ciqfunctions.udf.CIQ($A19,"IQ_NET_WORKING_CAP_TOTAL_ASSETS_SCORE",$B$3)) -> 4 | L19: =IF($A19="","",_xll.ciqfunctions.udf.CIQ($A19,"IQ_AP_AR_SCORE",$B$3)) -> 2 | M19: =IF($A19="","",_xll.ciqfunctions.udf.CIQ($A19,"IQ_MGMT_RATE_RETURN_SCORE",$B$3)) -> 0 | N19: =IF($A19="","",_xll.ciqfunctions.udf.CIQ($A19,"IQ_GROSS_MARGIN_SCORE",$B$3)) -> 1 | O19: =IF($A19="","",_xll.ciqfunctions.udf.CIQ($A19,"IQ_EBITDA_MARGIN_SCORE",$B$3)) -> 1 | Q19: =IF($A19="","",_xll.ciqfunctions.udf.CIQ($A19,"IQ_SOLVENCY_SCORE",$B$3)) -> 4 | R19: =IF($A19="","",_xll.ciqfunctions.udf.CIQ($A19,"IQ_FFO_INT_SCORE",$B$3)) -> 4 | S19: =IF($A19="","",_xll.ciqfunctions.udf.CIQ($A19,"IQ_EBITDA_INT_SCORE",$B$3)) -> 4 | T19: =IF($A19="","",_xll.ciqfunctions.udf.CIQ($A19,"IQ_FFO_TOTAL_DEBT_SCORE",$B$3)) -> 4 | U19: =IF($A19="","",_xll.ciqfunctions.udf.CIQ($A19,"IQ_NET_DEBT_EBITDA_SCORE",$B$3)) -> 1 | V19: =IF($A19="","",_xll.ciqfunctions.udf.CIQ($A19,"IQ_TOTAL_DEBT_CAP_SCORE",$B$3)) -> 4 | W19: =IF($A19="","",_xll.ciqfunctions.udf.CIQ($A19,"IQ_DEBT_TOTAL_LIAB_SCORE",$B$3)) -> 1 | X19: =IF($A19="","",_xll.ciqfunctions.udf.CIQ($A19,"IQ_TOTAL_DEBT_TOTAL_REV_SCORE",$B$3)) -> 4 | Z19: =IF($A19="","",_xll.ciqfunctions.udf.CIQ($A19,"IQ_LIQUID_SCORE",$B$3)) -> 2 | AA19: =IF($A19="","",_xll.ciqfunctions.udf.CIQ($A19,"IQ_FFO_PLUS_CASH_ST_DEBT_SCORE",$B$3)) -> 1 | AB19: =IF($A19="","",_xll.ciqfunctions.udf.CIQ($A19,"IQ_FFO_GROSS_PROFIT_SCORE",$B$3)) -> 4 | AC19: =IF($A19="","",_xll.ciqfunctions.udf.CIQ($A19,"IQ_BASIC_DEFENSE_INTERVAL_SCORE",$B$3)) -> 2 | AD19: =IF($A19="","",_xll.ciqfunctions.udf.CIQ($A19,"IQ_CURRENT_RATIO_SCORE",$B$3)) -> 4 | AE19: =IF($A19="","",_xll.ciqfunctions.udf.CIQ($A19,"IQ_QUICK_RATIO_SCORE",$B$3)) -> 4
A20: NSEI:HCLTECH | B20: HCL Technologies Limited | C20: =IF($A20="","",_xll.ciqfunctions.udf.CIQ($A20,"IQ_OPERATIONAL_SCORE",$B$3)) -> 1 | D20: =IF($A20="","",_xll.ciqfunctions.udf.CIQ($A20,"IQ_TOTAL_REV_SCORE",$B$3)) -> 3 | E20: =IF($A20="","",_xll.ciqfunctions.udf.CIQ($A20,"IQ_TOTAL_EQUITY_SCORE",$B$3)) -> 3 | F20: =IF($A20="","",_xll.ciqfunctions.udf.CIQ($A20,"IQ_RETURN_CAPITAL_SCORE",$B$3)) -> 1 | G20: =IF($A20="","",_xll.ciqfunctions.udf.CIQ($A20,"IQ_RECURRING_EARN_ASSETS_SCORE",$B$3)) -> 1 | H20: =IF($A20="","",_xll.ciqfunctions.udf.CIQ($A20,"IQ_NET_WORKING_CAP_REV_SCORE",$B$3)) -> 1 | I20: =IF($A20="","",_xll.ciqfunctions.udf.CIQ($A20,"IQ_ASSET_TURNS_SCORE",$B$3)) -> 2 | J20: =IF($A20="","",_xll.ciqfunctions.udf.CIQ($A20,"IQ_INTAN_ASSETS_REV_SCORE",$B$3)) -> 2 | K20: =IF($A20="","",_xll.ciqfunctions.udf.CIQ($A20,"IQ_NET_WORKING_CAP_TOTAL_ASSETS_SCORE",$B$3)) -> 1 | L20: =IF($A20="","",_xll.ciqfunctions.udf.CIQ($A20,"IQ_AP_AR_SCORE",$B$3)) -> 4 | M20: =IF($A20="","",_xll.ciqfunctions.udf.CIQ($A20,"IQ_MGMT_RATE_RETURN_SCORE",$B$3)) -> 3 | N20: =IF($A20="","",_xll.ciqfunctions.udf.CIQ($A20,"IQ_GROSS_MARGIN_SCORE",$B$3)) -> 2 | O20: =IF($A20="","",_xll.ciqfunctions.udf.CIQ($A20,"IQ_EBITDA_MARGIN_SCORE",$B$3)) -> 1 | Q20: =IF($A20="","",_xll.ciqfunctions.udf.CIQ($A20,"IQ_SOLVENCY_SCORE",$B$3)) -> 2 | R20: =IF($A20="","",_xll.ciqfunctions.udf.CIQ($A20,"IQ_FFO_INT_SCORE",$B$3)) -> 2 | S20: =IF($A20="","",_xll.ciqfunctions.udf.CIQ($A20,"IQ_EBITDA_INT_SCORE",$B$3)) -> 3 | T20: =IF($A20="","",_xll.ciqfunctions.udf.CIQ($A20,"IQ_FFO_TOTAL_DEBT_SCORE",$B$3)) -> 1 | U20: =IF($A20="","",_xll.ciqfunctions.udf.CIQ($A20,"IQ_NET_DEBT_EBITDA_SCORE",$B$3)) -> 0 | V20: =IF($A20="","",_xll.ciqfunctions.udf.CIQ($A20,"IQ_TOTAL_DEBT_CAP_SCORE",$B$3)) -> 1 | W20: =IF($A20="","",_xll.ciqfunctions.udf.CIQ($A20,"IQ_DEBT_TOTAL_LIAB_SCORE",$B$3)) -> 4 | X20: =IF($A20="","",_xll.ciqfunctions.udf.CIQ($A20,"IQ_TOTAL_DEBT_TOTAL_REV_SCORE",$B$3)) -> 1 | Z20: =IF($A20="","",_xll.ciqfunctions.udf.CIQ($A20,"IQ_LIQUID_SCORE",$B$3)) -> 1 | AA20: =IF($A20="","",_xll.ciqfunctions.udf.CIQ($A20,"IQ_FFO_PLUS_CASH_ST_DEBT_SCORE",$B$3)) -> 3 | AB20: =IF($A20="","",_xll.ciqfunctions.udf.CIQ($A20,"IQ_FFO_GROSS_PROFIT_SCORE",$B$3)) -> 1 | AC20: =IF($A20="","",_xll.ciqfunctions.udf.CIQ($A20,"IQ_BASIC_DEFENSE_INTERVAL_SCORE",$B$3)) -> 1 | AD20: =IF($A20="","",_xll.ciqfunctions.udf.CIQ($A20,"IQ_CURRENT_RATIO_SCORE",$B$3)) -> 1 | AE20: =IF($A20="","",_xll.ciqfunctions.udf.CIQ($A20,"IQ_QUICK_RATIO_SCORE",$B$3)) -> 1
A21: NSEI:INFY | B21: Infosys Limited | C21: =IF($A21="","",_xll.ciqfunctions.udf.CIQ($A21,"IQ_OPERATIONAL_SCORE",$B$3)) -> 1 | D21: =IF($A21="","",_xll.ciqfunctions.udf.CIQ($A21,"IQ_TOTAL_REV_SCORE",$B$3)) -> 3 | E21: =IF($A21="","",_xll.ciqfunctions.udf.CIQ($A21,"IQ_TOTAL_EQUITY_SCORE",$B$3)) -> 2 | F21: =IF($A21="","",_xll.ciqfunctions.udf.CIQ($A21,"IQ_RETURN_CAPITAL_SCORE",$B$3)) -> 1 | G21: =IF($A21="","",_xll.ciqfunctions.udf.CIQ($A21,"IQ_RECURRING_EARN_ASSETS_SCORE",$B$3)) -> 1 | H21: =IF($A21="","",_xll.ciqfunctions.udf.CIQ($A21,"IQ_NET_WORKING_CAP_REV_SCORE",$B$3)) -> 1 | I21: =IF($A21="","",_xll.ciqfunctions.udf.CIQ($A21,"IQ_ASSET_TURNS_SCORE",$B$3)) -> 3 | J21: =IF($A21="","",_xll.ciqfunctions.udf.CIQ($A21,"IQ_INTAN_ASSETS_REV_SCORE",$B$3)) -> 1 | K21: =IF($A21="","",_xll.ciqfunctions.udf.CIQ($A21,"IQ_NET_WORKING_CAP_TOTAL_ASSETS_SCORE",$B$3)) -> 1 | L21: =IF($A21="","",_xll.ciqfunctions.udf.CIQ($A21,"IQ_AP_AR_SCORE",$B$3)) -> 4 | M21: =IF($A21="","",_xll.ciqfunctions.udf.CIQ($A21,"IQ_MGMT_RATE_RETURN_SCORE",$B$3)) -> 3 | N21: =IF($A21="","",_xll.ciqfunctions.udf.CIQ($A21,"IQ_GROSS_MARGIN_SCORE",$B$3)) -> 2 | O21: =IF($A21="","",_xll.ciqfunctions.udf.CIQ($A21,"IQ_EBITDA_MARGIN_SCORE",$B$3)) -> 1 | Q21: =IF($A21="","",_xll.ciqfunctions.udf.CIQ($A21,"IQ_SOLVENCY_SCORE",$B$3)) -> 1 | R21: =IF($A21="","",_xll.ciqfunctions.udf.CIQ($A21,"IQ_FFO_INT_SCORE",$B$3)) -> 1 | S21: =IF($A21="","",_xll.ciqfunctions.udf.CIQ($A21,"IQ_EBITDA_INT_SCORE",$B$3)) -> 1 | T21: =IF($A21="","",_xll.ciqfunctions.udf.CIQ($A21,"IQ_FFO_TOTAL_DEBT_SCORE",$B$3)) -> 1 | U21: =IF($A21="","",_xll.ciqfunctions.udf.CIQ($A21,"IQ_NET_DEBT_EBITDA_SCORE",$B$3)) -> 0 | V21: =IF($A21="","",_xll.ciqfunctions.udf.CIQ($A21,"IQ_TOTAL_DEBT_CAP_SCORE",$B$3)) -> 1 | W21: =IF($A21="","",_xll.ciqfunctions.udf.CIQ($A21,"IQ_DEBT_TOTAL_LIAB_SCORE",$B$3)) -> 4 | X21: =IF($A21="","",_xll.ciqfunctions.udf.CIQ($A21,"IQ_TOTAL_DEBT_TOTAL_REV_SCORE",$B$3)) -> 1 | Z21: =IF($A21="","",_xll.ciqfunctions.udf.CIQ($A21,"IQ_LIQUID_SCORE",$B$3)) -> 1 | AA21: =IF($A21="","",_xll.ciqfunctions.udf.CIQ($A21,"IQ_FFO_PLUS_CASH_ST_DEBT_SCORE",$B$3)) -> 1 | AB21: =IF($A21="","",_xll.ciqfunctions.udf.CIQ($A21,"IQ_FFO_GROSS_PROFIT_SCORE",$B$3)) -> 1 | AC21: =IF($A21="","",_xll.ciqfunctions.udf.CIQ($A21,"IQ_BASIC_DEFENSE_INTERVAL_SCORE",$B$3)) -> 1 | AD21: =IF($A21="","",_xll.ciqfunctions.udf.CIQ($A21,"IQ_CURRENT_RATIO_SCORE",$B$3)) -> 1 | AE21: =IF($A21="","",_xll.ciqfunctions.udf.CIQ($A21,"IQ_QUICK_RATIO_SCORE",$B$3)) -> 1
... A31: BSE:507685 | B31: Wipro Limited | C31: =IF($A31="","",_xll.ciqfunctions.udf.CIQ($A31,"IQ_OPERATIONAL_SCORE",$B$3)) -> 3 | D31: =IF($A31="","",_xll.ciqfunctions.udf.CIQ($A31,"IQ_TOTAL_REV_SCORE",$B$3)) -> 4 | E31: =IF($A31="","",_xll.ciqfunctions.udf.CIQ($A31,"IQ_TOTAL_EQUITY_SCORE",$B$3)) -> 3 | F31: =IF($A31="","",_xll.ciqfunctions.udf.CIQ($A31,"IQ_RETURN_CAPITAL_SCORE",$B$3)) -> 3 | G31: =IF($A31="","",_xll.ciqfunctions.udf.CIQ($A31,"IQ_RECURRING_EARN_ASSETS_SCORE",$B$3)) -> 3 | H31: =IF($A31="","",_xll.ciqfunctions.udf.CIQ($A31,"IQ_NET_WORKING_CAP_REV_SCORE",$B$3)) -> 2 | I31: =IF($A31="","",_xll.ciqfunctions.udf.CIQ($A31,"IQ_ASSET_TURNS_SCORE",$B$3)) -> 4 | J31: =IF($A31="","",_xll.ciqfunctions.udf.CIQ($A31,"IQ_INTAN_ASSETS_REV_SCORE",$B$3)) -> 3 | K31: =IF($A31="","",_xll.ciqfunctions.udf.CIQ($A31,"IQ_NET_WORKING_CAP_TOTAL_ASSETS_SCORE",$B$3)) -> 2 | L31: =IF($A31="","",_xll.ciqfunctions.udf.CIQ($A31,"IQ_AP_AR_SCORE",$B$3)) -> 4 | M31: =IF($A31="","",_xll.ciqfunctions.udf.CIQ($A31,"IQ_MGMT_RATE_RETURN_SCORE",$B$3)) -> 3 | N31: =IF($A31="","",_xll.ciqfunctions.udf.CIQ($A31,"IQ_GROSS_MARGIN_SCORE",$B$3)) -> 2 | O31: =IF($A31="","",_xll.ciqfunctions.udf.CIQ($A31,"IQ_EBITDA_MARGIN_SCORE",$B$3)) -> 1 | Q31: =IF($A31="","",_xll.ciqfunctions.udf.CIQ($A31,"IQ_SOLVENCY_SCORE",$B$3)) -> 3 | R31: =IF($A31="","",_xll.ciqfunctions.udf.CIQ($A31,"IQ_FFO_INT_SCORE",$B$3)) -> 3 | S31: =IF($A31="","",_xll.ciqfunctions.udf.CIQ($A31,"IQ_EBITDA_INT_SCORE",$B$3)) -> 3 | T31: =IF($A31="","",_xll.ciqfunctions.udf.CIQ($A31,"IQ_FFO_TOTAL_DEBT_SCORE",$B$3)) -> 3 | U31: =IF($A31="","",_xll.ciqfunctions.udf.CIQ($A31,"IQ_NET_DEBT_EBITDA_SCORE",$B$3)) -> 0 | V31: =IF($A31="","",_xll.ciqfunctions.udf.CIQ($A31,"IQ_TOTAL_DEBT_CAP_SCORE",$B$3)) -> 1 | W31: =IF($A31="","",_xll.ciqfunctions.udf.CIQ($A31,"IQ_DEBT_TOTAL_LIAB_SCORE",$B$3)) -> 2 | X31: =IF($A31="","",_xll.ciqfunctions.udf.CIQ($A31,"IQ_TOTAL_DEBT_TOTAL_REV_SCORE",$B$3)) -> 2 | Z31: =IF($A31="","",_xll.ciqfunctions.udf.CIQ($A31,"IQ_LIQUID_SCORE",$B$3)) -> 1 | AA31: =IF($A31="","",_xll.ciqfunctions.udf.CIQ($A31,"IQ_FFO_PLUS_CASH_ST_DEBT_SCORE",$B$3)) -> 4 | AB31: =IF($A31="","",_xll.ciqfunctions.udf.CIQ($A31,"IQ_FFO_GROSS_PROFIT_SCORE",$B$3)) -> 1 | AC31: =IF($A31="","",_xll.ciqfunctions.udf.CIQ($A31,"IQ_BASIC_DEFENSE_INTERVAL_SCORE",$B$3)) -> 1 | AD31: =IF($A31="","",_xll.ciqfunctions.udf.CIQ($A31,"IQ_CURRENT_RATIO_SCORE",$B$3)) -> 1 | AE31: =IF($A31="","",_xll.ciqfunctions.udf.CIQ($A31,"IQ_QUICK_RATIO_SCORE",$B$3)) -> 1
C32: =IF($A32="","",_xll.ciqfunctions.udf.CIQ($A32,"IQ_OPERATIONAL_SCORE",$B$3)) | D32: =IF($A32="","",_xll.ciqfunctions.udf.CIQ($A32,"IQ_TOTAL_REV_SCORE",$B$3)) | E32: =IF($A32="","",_xll.ciqfunctions.udf.CIQ($A32,"IQ_TOTAL_EQUITY_SCORE",$B$3)) | F32: =IF($A32="","",_xll.ciqfunctions.udf.CIQ($A32,"IQ_RETURN_CAPITAL_SCORE",$B$3)) | G32: =IF($A32="","",_xll.ciqfunctions.udf.CIQ($A32,"IQ_RECURRING_EARN_ASSETS_SCORE",$B$3)) | H32: =IF($A32="","",_xll.ciqfunctions.udf.CIQ($A32,"IQ_NET_WORKING_CAP_REV_SCORE",$B$3)) | I32: =IF($A32="","",_xll.ciqfunctions.udf.CIQ($A32,"IQ_ASSET_TURNS_SCORE",$B$3)) | J32: =IF($A32="","",_xll.ciqfunctions.udf.CIQ($A32,"IQ_INTAN_ASSETS_REV_SCORE",$B$3)) | K32: =IF($A32="","",_xll.ciqfunctions.udf.CIQ($A32,"IQ_NET_WORKING_CAP_TOTAL_ASSETS_SCORE",$B$3)) | L32: =IF($A32="","",_xll.ciqfunctions.udf.CIQ($A32,"IQ_AP_AR_SCORE",$B$3)) | M32: =IF($A32="","",_xll.ciqfunctions.udf.CIQ($A32,"IQ_MGMT_RATE_RETURN_SCORE",$B$3)) | N32: =IF($A32="","",_xll.ciqfunctions.udf.CIQ($A32,"IQ_GROSS_MARGIN_SCORE",$B$3)) | O32: =IF($A32="","",_xll.ciqfunctions.udf.CIQ($A32,"IQ_EBITDA_MARGIN_SCORE",$B$3)) | Q32: =IF($A32="","",_xll.ciqfunctions.udf.CIQ($A32,"IQ_SOLVENCY_SCORE",$B$3)) | R32: =IF($A32="","",_xll.ciqfunctions.udf.CIQ($A32,"IQ_FFO_INT_SCORE",$B$3)) | S32: =IF($A32="","",_xll.ciqfunctions.udf.CIQ($A32,"IQ_EBITDA_INT_SCORE",$B$3)) | T32: =IF($A32="","",_xll.ciqfunctions.udf.CIQ($A32,"IQ_FFO_TOTAL_DEBT_SCORE",$B$3)) | U32: =IF($A32="","",_xll.ciqfunctions.udf.CIQ($A32,"IQ_NET_DEBT_EBITDA_SCORE",$B$3)) | V32: =IF($A32="","",_xll.ciqfunctions.udf.CIQ($A32,"IQ_TOTAL_DEBT_CAP_SCORE",$B$3)) | W32: =IF($A32="","",_xll.ciqfunctions.udf.CIQ($A32,"IQ_DEBT_TOTAL_LIAB_SCORE",$B$3)) | X32: =IF($A32="","",_xll.ciqfunctions.udf.CIQ($A32,"IQ_TOTAL_DEBT_TOTAL_REV_SCORE",$B$3)) | Z32: =IF($A32="","",_xll.ciqfunctions.udf.CIQ($A32,"IQ_LIQUID_SCORE",$B$3)) | AA32: =IF($A32="","",_xll.ciqfunctions.udf.CIQ($A32,"IQ_FFO_PLUS_CASH_ST_DEBT_SCORE",$B$3)) | AB32: =IF($A32="","",_xll.ciqfunctions.udf.CIQ($A32,"IQ_FFO_GROSS_PROFIT_SCORE",$B$3)) | AC32: =IF($A32="","",_xll.ciqfunctions.udf.CIQ($A32,"IQ_BASIC_DEFENSE_INTERVAL_SCORE",$B$3)) | AD32: =IF($A32="","",_xll.ciqfunctions.udf.CIQ($A32,"IQ_CURRENT_RATIO_SCORE",$B$3)) | AE32: =IF($A32="","",_xll.ciqfunctions.udf.CIQ($A32,"IQ_QUICK_RATIO_SCORE",$B$3))
C33: =IF($A33="","",_xll.ciqfunctions.udf.CIQ($A33,"IQ_OPERATIONAL_SCORE",$B$3)) | D33: =IF($A33="","",_xll.ciqfunctions.udf.CIQ($A33,"IQ_TOTAL_REV_SCORE",$B$3)) | E33: =IF($A33="","",_xll.ciqfunctions.udf.CIQ($A33,"IQ_TOTAL_EQUITY_SCORE",$B$3)) | F33: =IF($A33="","",_xll.ciqfunctions.udf.CIQ($A33,"IQ_RETURN_CAPITAL_SCORE",$B$3)) | G33: =IF($A33="","",_xll.ciqfunctions.udf.CIQ($A33,"IQ_RECURRING_EARN_ASSETS_SCORE",$B$3)) | H33: =IF($A33="","",_xll.ciqfunctions.udf.CIQ($A33,"IQ_NET_WORKING_CAP_REV_SCORE",$B$3)) | I33: =IF($A33="","",_xll.ciqfunctions.udf.CIQ($A33,"IQ_ASSET_TURNS_SCORE",$B$3)) | J33: =IF($A33="","",_xll.ciqfunctions.udf.CIQ($A33,"IQ_INTAN_ASSETS_REV_SCORE",$B$3)) | K33: =IF($A33="","",_xll.ciqfunctions.udf.CIQ($A33,"IQ_NET_WORKING_CAP_TOTAL_ASSETS_SCORE",$B$3)) | L33: =IF($A33="","",_xll.ciqfunctions.udf.CIQ($A33,"IQ_AP_AR_SCORE",$B$3)) | M33: =IF($A33="","",_xll.ciqfunctions.udf.CIQ($A33,"IQ_MGMT_RATE_RETURN_SCORE",$B$3)) | N33: =IF($A33="","",_xll.ciqfunctions.udf.CIQ($A33,"IQ_GROSS_MARGIN_SCORE",$B$3)) | O33: =IF($A33="","",_xll.ciqfunctions.udf.CIQ($A33,"IQ_EBITDA_MARGIN_SCORE",$B$3)) | Q33: =IF($A33="","",_xll.ciqfunctions.udf.CIQ($A33,"IQ_SOLVENCY_SCORE",$B$3)) | R33: =IF($A33="","",_xll.ciqfunctions.udf.CIQ($A33,"IQ_FFO_INT_SCORE",$B$3)) | S33: =IF($A33="","",_xll.ciqfunctions.udf.CIQ($A33,"IQ_EBITDA_INT_SCORE",$B$3)) | T33: =IF($A33="","",_xll.ciqfunctions.udf.CIQ($A33,"IQ_FFO_TOTAL_DEBT_SCORE",$B$3)) | U33: =IF($A33="","",_xll.ciqfunctions.udf.CIQ($A33,"IQ_NET_DEBT_EBITDA_SCORE",$B$3)) | V33: =IF($A33="","",_xll.ciqfunctions.udf.CIQ($A33,"IQ_TOTAL_DEBT_CAP_SCORE",$B$3)) | W33: =IF($A33="","",_xll.ciqfunctions.udf.CIQ($A33,"IQ_DEBT_TOTAL_LIAB_SCORE",$B$3)) | X33: =IF($A33="","",_xll.ciqfunctions.udf.CIQ($A33,"IQ_TOTAL_DEBT_TOTAL_REV_SCORE",$B$3)) | Z33: =IF($A33="","",_xll.ciqfunctions.udf.CIQ($A33,"IQ_LIQUID_SCORE",$B$3)) | AA33: =IF($A33="","",_xll.ciqfunctions.udf.CIQ($A33,"IQ_FFO_PLUS_CASH_ST_DEBT_SCORE",$B$3)) | AB33: =IF($A33="","",_xll.ciqfunctions.udf.CIQ($A33,"IQ_FFO_GROSS_PROFIT_SCORE",$B$3)) | AC33: =IF($A33="","",_xll.ciqfunctions.udf.CIQ($A33,"IQ_BASIC_DEFENSE_INTERVAL_SCORE",$B$3)) | AD33: =IF($A33="","",_xll.ciqfunctions.udf.CIQ($A33,"IQ_CURRENT_RATIO_SCORE",$B$3)) | AE33: =IF($A33="","",_xll.ciqfunctions.udf.CIQ($A33,"IQ_QUICK_RATIO_SCORE",$B$3))
C34: =IF($A34="","",_xll.ciqfunctions.udf.CIQ($A34,"IQ_OPERATIONAL_SCORE",$B$3)) | D34: =IF($A34="","",_xll.ciqfunctions.udf.CIQ($A34,"IQ_TOTAL_REV_SCORE",$B$3)) | E34: =IF($A34="","",_xll.ciqfunctions.udf.CIQ($A34,"IQ_TOTAL_EQUITY_SCORE",$B$3)) | F34: =IF($A34="","",_xll.ciqfunctions.udf.CIQ($A34,"IQ_RETURN_CAPITAL_SCORE",$B$3)) | G34: =IF($A34="","",_xll.ciqfunctions.udf.CIQ($A34,"IQ_RECURRING_EARN_ASSETS_SCORE",$B$3)) | H34: =IF($A34="","",_xll.ciqfunctions.udf.CIQ($A34,"IQ_NET_WORKING_CAP_REV_SCORE",$B$3)) | I34: =IF($A34="","",_xll.ciqfunctions.udf.CIQ($A34,"IQ_ASSET_TURNS_SCORE",$B$3)) | J34: =IF($A34="","",_xll.ciqfunctions.udf.CIQ($A34,"IQ_INTAN_ASSETS_REV_SCORE",$B$3)) | K34: =IF($A34="","",_xll.ciqfunctions.udf.CIQ($A34,"IQ_NET_WORKING_CAP_TOTAL_ASSETS_SCORE",$B$3)) | L34: =IF($A34="","",_xll.ciqfunctions.udf.CIQ($A34,"IQ_AP_AR_SCORE",$B$3)) | M34: =IF($A34="","",_xll.ciqfunctions.udf.CIQ($A34,"IQ_MGMT_RATE_RETURN_SCORE",$B$3)) | N34: =IF($A34="","",_xll.ciqfunctions.udf.CIQ($A34,"IQ_GROSS_MARGIN_SCORE",$B$3)) | O34: =IF($A34="","",_xll.ciqfunctions.udf.CIQ($A34,"IQ_EBITDA_MARGIN_SCORE",$B$3)) | Q34: =IF($A34="","",_xll.ciqfunctions.udf.CIQ($A34,"IQ_SOLVENCY_SCORE",$B$3)) | R34: =IF($A34="","",_xll.ciqfunctions.udf.CIQ($A34,"IQ_FFO_INT_SCORE",$B$3)) | S34: =IF($A34="","",_xll.ciqfunctions.udf.CIQ($A34,"IQ_EBITDA_INT_SCORE",$B$3)) | T34: =IF($A34="","",_xll.ciqfunctions.udf.CIQ($A34,"IQ_FFO_TOTAL_DEBT_SCORE",$B$3)) | U34: =IF($A34="","",_xll.ciqfunctions.udf.CIQ($A34,"IQ_NET_DEBT_EBITDA_SCORE",$B$3)) | V34: =IF($A34="","",_xll.ciqfunctions.udf.CIQ($A34,"IQ_TOTAL_DEBT_CAP_SCORE",$B$3)) | W34: =IF($A34="","",_xll.ciqfunctions.udf.CIQ($A34,"IQ_DEBT_TOTAL_LIAB_SCORE",$B$3)) | X34: =IF($A34="","",_xll.ciqfunctions.udf.CIQ($A34,"IQ_TOTAL_DEBT_TOTAL_REV_SCORE",$B$3)) | Z34: =IF($A34="","",_xll.ciqfunctions.udf.CIQ($A34,"IQ_LIQUID_SCORE",$B$3)) | AA34: =IF($A34="","",_xll.ciqfunctions.udf.CIQ($A34,"IQ_FFO_PLUS_CASH_ST_DEBT_SCORE",$B$3)) | AB34: =IF($A34="","",_xll.ciqfunctions.udf.CIQ($A34,"IQ_FFO_GROSS_PROFIT_SCORE",$B$3)) | AC34: =IF($A34="","",_xll.ciqfunctions.udf.CIQ($A34,"IQ_BASIC_DEFENSE_INTERVAL_SCORE",$B$3)) | AD34: =IF($A34="","",_xll.ciqfunctions.udf.CIQ($A34,"IQ_CURRENT_RATIO_SCORE",$B$3)) | AE34: =IF($A34="","",_xll.ciqfunctions.udf.CIQ($A34,"IQ_QUICK_RATIO_SCORE",$B$3))
C35: =IF($A35="","",_xll.ciqfunctions.udf.CIQ($A35,"IQ_OPERATIONAL_SCORE",$B$3)) | D35: =IF($A35="","",_xll.ciqfunctions.udf.CIQ($A35,"IQ_TOTAL_REV_SCORE",$B$3)) | E35: =IF($A35="","",_xll.ciqfunctions.udf.CIQ($A35,"IQ_TOTAL_EQUITY_SCORE",$B$3)) | F35: =IF($A35="","",_xll.ciqfunctions.udf.CIQ($A35,"IQ_RETURN_CAPITAL_SCORE",$B$3)) | G35: =IF($A35="","",_xll.ciqfunctions.udf.CIQ($A35,"IQ_RECURRING_EARN_ASSETS_SCORE",$B$3)) | H35: =IF($A35="","",_xll.ciqfunctions.udf.CIQ($A35,"IQ_NET_WORKING_CAP_REV_SCORE",$B$3)) | I35: =IF($A35="","",_xll.ciqfunctions.udf.CIQ($A35,"IQ_ASSET_TURNS_SCORE",$B$3)) | J35: =IF($A35="","",_xll.ciqfunctions.udf.CIQ($A35,"IQ_INTAN_ASSETS_REV_SCORE",$B$3)) | K35: =IF($A35="","",_xll.ciqfunctions.udf.CIQ($A35,"IQ_NET_WORKING_CAP_TOTAL_ASSETS_SCORE",$B$3)) | L35: =IF($A35="","",_xll.ciqfunctions.udf.CIQ($A35,"IQ_AP_AR_SCORE",$B$3)) | M35: =IF($A35="","",_xll.ciqfunctions.udf.CIQ($A35,"IQ_MGMT_RATE_RETURN_SCORE",$B$3)) | N35: =IF($A35="","",_xll.ciqfunctions.udf.CIQ($A35,"IQ_GROSS_MARGIN_SCORE",$B$3)) | O35: =IF($A35="","",_xll.ciqfunctions.udf.CIQ($A35,"IQ_EBITDA_MARGIN_SCORE",$B$3)) | Q35: =IF($A35="","",_xll.ciqfunctions.udf.CIQ($A35,"IQ_SOLVENCY_SCORE",$B$3)) | R35: =IF($A35="","",_xll.ciqfunctions.udf.CIQ($A35,"IQ_FFO_INT_SCORE",$B$3)) | S35: =IF($A35="","",_xll.ciqfunctions.udf.CIQ($A35,"IQ_EBITDA_INT_SCORE",$B$3)) | T35: =IF($A35="","",_xll.ciqfunctions.udf.CIQ($A35,"IQ_FFO_TOTAL_DEBT_SCORE",$B$3)) | U35: =IF($A35="","",_xll.ciqfunctions.udf.CIQ($A35,"IQ_NET_DEBT_EBITDA_SCORE",$B$3)) | V35: =IF($A35="","",_xll.ciqfunctions.udf.CIQ($A35,"IQ_TOTAL_DEBT_CAP_SCORE",$B$3)) | W35: =IF($A35="","",_xll.ciqfunctions.udf.CIQ($A35,"IQ_DEBT_TOTAL_LIAB_SCORE",$B$3)) | X35: =IF($A35="","",_xll.ciqfunctions.udf.CIQ($A35,"IQ_TOTAL_DEBT_TOTAL_REV_SCORE",$B$3)) | Z35: =IF($A35="","",_xll.ciqfunctions.udf.CIQ($A35,"IQ_LIQUID_SCORE",$B$3)) | AA35: =IF($A35="","",_xll.ciqfunctions.udf.CIQ($A35,"IQ_FFO_PLUS_CASH_ST_DEBT_SCORE",$B$3)) | AB35: =IF($A35="","",_xll.ciqfunctions.udf.CIQ($A35,"IQ_FFO_GROSS_PROFIT_SCORE",$B$3)) | AC35: =IF($A35="","",_xll.ciqfunctions.udf.CIQ($A35,"IQ_BASIC_DEFENSE_INTERVAL_SCORE",$B$3)) | AD35: =IF($A35="","",_xll.ciqfunctions.udf.CIQ($A35,"IQ_CURRENT_RATIO_SCORE",$B$3)) | AE35: =IF($A35="","",_xll.ciqfunctions.udf.CIQ($A35,"IQ_QUICK_RATIO_SCORE",$B$3))
C36: =IF($A36="","",_xll.ciqfunctions.udf.CIQ($A36,"IQ_OPERATIONAL_SCORE",$B$3)) | D36: =IF($A36="","",_xll.ciqfunctions.udf.CIQ($A36,"IQ_TOTAL_REV_SCORE",$B$3)) | E36: =IF($A36="","",_xll.ciqfunctions.udf.CIQ($A36,"IQ_TOTAL_EQUITY_SCORE",$B$3)) | F36: =IF($A36="","",_xll.ciqfunctions.udf.CIQ($A36,"IQ_RETURN_CAPITAL_SCORE",$B$3)) | G36: =IF($A36="","",_xll.ciqfunctions.udf.CIQ($A36,"IQ_RECURRING_EARN_ASSETS_SCORE",$B$3)) | H36: =IF($A36="","",_xll.ciqfunctions.udf.CIQ($A36,"IQ_NET_WORKING_CAP_REV_SCORE",$B$3)) | I36: =IF($A36="","",_xll.ciqfunctions.udf.CIQ($A36,"IQ_ASSET_TURNS_SCORE",$B$3)) | J36: =IF($A36="","",_xll.ciqfunctions.udf.CIQ($A36,"IQ_INTAN_ASSETS_REV_SCORE",$B$3)) | K36: =IF($A36="","",_xll.ciqfunctions.udf.CIQ($A36,"IQ_NET_WORKING_CAP_TOTAL_ASSETS_SCORE",$B$3)) | L36: =IF($A36="","",_xll.ciqfunctions.udf.CIQ($A36,"IQ_AP_AR_SCORE",$B$3)) | M36: =IF($A36="","",_xll.ciqfunctions.udf.CIQ($A36,"IQ_MGMT_RATE_RETURN_SCORE",$B$3)) | N36: =IF($A36="","",_xll.ciqfunctions.udf.CIQ($A36,"IQ_GROSS_MARGIN_SCORE",$B$3)) | O36: =IF($A36="","",_xll.ciqfunctions.udf.CIQ($A36,"IQ_EBITDA_MARGIN_SCORE",$B$3)) | Q36: =IF($A36="","",_xll.ciqfunctions.udf.CIQ($A36,"IQ_SOLVENCY_SCORE",$B$3)) | R36: =IF($A36="","",_xll.ciqfunctions.udf.CIQ($A36,"IQ_FFO_INT_SCORE",$B$3)) | S36: =IF($A36="","",_xll.ciqfunctions.udf.CIQ($A36,"IQ_EBITDA_INT_SCORE",$B$3)) | T36: =IF($A36="","",_xll.ciqfunctions.udf.CIQ($A36,"IQ_FFO_TOTAL_DEBT_SCORE",$B$3)) | U36: =IF($A36="","",_xll.ciqfunctions.udf.CIQ($A36,"IQ_NET_DEBT_EBITDA_SCORE",$B$3)) | V36: =IF($A36="","",_xll.ciqfunctions.udf.CIQ($A36,"IQ_TOTAL_DEBT_CAP_SCORE",$B$3)) | W36: =IF($A36="","",_xll.ciqfunctions.udf.CIQ($A36,"IQ_DEBT_TOTAL_LIAB_SCORE",$B$3)) | X36: =IF($A36="","",_xll.ciqfunctions.udf.CIQ($A36,"IQ_TOTAL_DEBT_TOTAL_REV_SCORE",$B$3)) | Z36: =IF($A36="","",_xll.ciqfunctions.udf.CIQ($A36,"IQ_LIQUID_SCORE",$B$3)) | AA36: =IF($A36="","",_xll.ciqfunctions.udf.CIQ($A36,"IQ_FFO_PLUS_CASH_ST_DEBT_SCORE",$B$3)) | AB36: =IF($A36="","",_xll.ciqfunctions.udf.CIQ($A36,"IQ_FFO_GROSS_PROFIT_SCORE",$B$3)) | AC36: =IF($A36="","",_xll.ciqfunctions.udf.CIQ($A36,"IQ_BASIC_DEFENSE_INTERVAL_SCORE",$B$3)) | AD36: =IF($A36="","",_xll.ciqfunctions.udf.CIQ($A36,"IQ_CURRENT_RATIO_SCORE",$B$3)) | AE36: =IF($A36="","",_xll.ciqfunctions.udf.CIQ($A36,"IQ_QUICK_RATIO_SCORE",$B$3))
C37: =IF($A37="","",_xll.ciqfunctions.udf.CIQ($A37,"IQ_OPERATIONAL_SCORE",$B$3)) | D37: =IF($A37="","",_xll.ciqfunctions.udf.CIQ($A37,"IQ_TOTAL_REV_SCORE",$B$3)) | E37: =IF($A37="","",_xll.ciqfunctions.udf.CIQ($A37,"IQ_TOTAL_EQUITY_SCORE",$B$3)) | F37: =IF($A37="","",_xll.ciqfunctions.udf.CIQ($A37,"IQ_RETURN_CAPITAL_SCORE",$B$3)) | G37: =IF($A37="","",_xll.ciqfunctions.udf.CIQ($A37,"IQ_RECURRING_EARN_ASSETS_SCORE",$B$3)) | H37: =IF($A37="","",_xll.ciqfunctions.udf.CIQ($A37,"IQ_NET_WORKING_CAP_REV_SCORE",$B$3)) | I37: =IF($A37="","",_xll.ciqfunctions.udf.CIQ($A37,"IQ_ASSET_TURNS_SCORE",$B$3)) | J37: =IF($A37="","",_xll.ciqfunctions.udf.CIQ($A37,"IQ_INTAN_ASSETS_REV_SCORE",$B$3)) | K37: =IF($A37="","",_xll.ciqfunctions.udf.CIQ($A37,"IQ_NET_WORKING_CAP_TOTAL_ASSETS_SCORE",$B$3)) | L37: =IF($A37="","",_xll.ciqfunctions.udf.CIQ($A37,"IQ_AP_AR_SCORE",$B$3)) | M37: =IF($A37="","",_xll.ciqfunctions.udf.CIQ($A37,"IQ_MGMT_RATE_RETURN_SCORE",$B$3)) | N37: =IF($A37="","",_xll.ciqfunctions.udf.CIQ($A37,"IQ_GROSS_MARGIN_SCORE",$B$3)) | O37: =IF($A37="","",_xll.ciqfunctions.udf.CIQ($A37,"IQ_EBITDA_MARGIN_SCORE",$B$3)) | Q37: =IF($A37="","",_xll.ciqfunctions.udf.CIQ($A37,"IQ_SOLVENCY_SCORE",$B$3)) | R37: =IF($A37="","",_xll.ciqfunctions.udf.CIQ($A37,"IQ_FFO_INT_SCORE",$B$3)) | S37: =IF($A37="","",_xll.ciqfunctions.udf.CIQ($A37,"IQ_EBITDA_INT_SCORE",$B$3)) | T37: =IF($A37="","",_xll.ciqfunctions.udf.CIQ($A37,"IQ_FFO_TOTAL_DEBT_SCORE",$B$3)) | U37: =IF($A37="","",_xll.ciqfunctions.udf.CIQ($A37,"IQ_NET_DEBT_EBITDA_SCORE",$B$3)) | V37: =IF($A37="","",_xll.ciqfunctions.udf.CIQ($A37,"IQ_TOTAL_DEBT_CAP_SCORE",$B$3)) | W37: =IF($A37="","",_xll.ciqfunctions.udf.CIQ($A37,"IQ_DEBT_TOTAL_LIAB_SCORE",$B$3)) | X37: =IF($A37="","",_xll.ciqfunctions.udf.CIQ($A37,"IQ_TOTAL_DEBT_TOTAL_REV_SCORE",$B$3)) | Z37: =IF($A37="","",_xll.ciqfunctions.udf.CIQ($A37,"IQ_LIQUID_SCORE",$B$3)) | AA37: =IF($A37="","",_xll.ciqfunctions.udf.CIQ($A37,"IQ_FFO_PLUS_CASH_ST_DEBT_SCORE",$B$3)) | AB37: =IF($A37="","",_xll.ciqfunctions.udf.CIQ($A37,"IQ_FFO_GROSS_PROFIT_SCORE",$B$3)) | AC37: =IF($A37="","",_xll.ciqfunctions.udf.CIQ($A37,"IQ_BASIC_DEFENSE_INTERVAL_SCORE",$B$3)) | AD37: =IF($A37="","",_xll.ciqfunctions.udf.CIQ($A37,"IQ_CURRENT_RATIO_SCORE",$B$3)) | AE37: =IF($A37="","",_xll.ciqfunctions.udf.CIQ($A37,"IQ_QUICK_RATIO_SCORE",$B$3))
C38: =IF($A38="","",_xll.ciqfunctions.udf.CIQ($A38,"IQ_OPERATIONAL_SCORE",$B$3)) | D38: =IF($A38="","",_xll.ciqfunctions.udf.CIQ($A38,"IQ_TOTAL_REV_SCORE",$B$3)) | E38: =IF($A38="","",_xll.ciqfunctions.udf.CIQ($A38,"IQ_TOTAL_EQUITY_SCORE",$B$3)) | F38: =IF($A38="","",_xll.ciqfunctions.udf.CIQ($A38,"IQ_RETURN_CAPITAL_SCORE",$B$3)) | G38: =IF($A38="","",_xll.ciqfunctions.udf.CIQ($A38,"IQ_RECURRING_EARN_ASSETS_SCORE",$B$3)) | H38: =IF($A38="","",_xll.ciqfunctions.udf.CIQ($A38,"IQ_NET_WORKING_CAP_REV_SCORE",$B$3)) | I38: =IF($A38="","",_xll.ciqfunctions.udf.CIQ($A38,"IQ_ASSET_TURNS_SCORE",$B$3)) | J38: =IF($A38="","",_xll.ciqfunctions.udf.CIQ($A38,"IQ_INTAN_ASSETS_REV_SCORE",$B$3)) | K38: =IF($A38="","",_xll.ciqfunctions.udf.CIQ($A38,"IQ_NET_WORKING_CAP_TOTAL_ASSETS_SCORE",$B$3)) | L38: =IF($A38="","",_xll.ciqfunctions.udf.CIQ($A38,"IQ_AP_AR_SCORE",$B$3)) | M38: =IF($A38="","",_xll.ciqfunctions.udf.CIQ($A38,"IQ_MGMT_RATE_RETURN_SCORE",$B$3)) | N38: =IF($A38="","",_xll.ciqfunctions.udf.CIQ($A38,"IQ_GROSS_MARGIN_SCORE",$B$3)) | O38: =IF($A38="","",_xll.ciqfunctions.udf.CIQ($A38,"IQ_EBITDA_MARGIN_SCORE",$B$3)) | Q38: =IF($A38="","",_xll.ciqfunctions.udf.CIQ($A38,"IQ_SOLVENCY_SCORE",$B$3)) | R38: =IF($A38="","",_xll.ciqfunctions.udf.CIQ($A38,"IQ_FFO_INT_SCORE",$B$3)) | S38: =IF($A38="","",_xll.ciqfunctions.udf.CIQ($A38,"IQ_EBITDA_INT_SCORE",$B$3)) | T38: =IF($A38="","",_xll.ciqfunctions.udf.CIQ($A38,"IQ_FFO_TOTAL_DEBT_SCORE",$B$3)) | U38: =IF($A38="","",_xll.ciqfunctions.udf.CIQ($A38,"IQ_NET_DEBT_EBITDA_SCORE",$B$3)) | V38: =IF($A38="","",_xll.ciqfunctions.udf.CIQ($A38,"IQ_TOTAL_DEBT_CAP_SCORE",$B$3)) | W38: =IF($A38="","",_xll.ciqfunctions.udf.CIQ($A38,"IQ_DEBT_TOTAL_LIAB_SCORE",$B$3)) | X38: =IF($A38="","",_xll.ciqfunctions.udf.CIQ($A38,"IQ_TOTAL_DEBT_TOTAL_REV_SCORE",$B$3)) | Z38: =IF($A38="","",_xll.ciqfunctions.udf.CIQ($A38,"IQ_LIQUID_SCORE",$B$3)) | AA38: =IF($A38="","",_xll.ciqfunctions.udf.CIQ($A38,"IQ_FFO_PLUS_CASH_ST_DEBT_SCORE",$B$3)) | AB38: =IF($A38="","",_xll.ciqfunctions.udf.CIQ($A38,"IQ_FFO_GROSS_PROFIT_SCORE",$B$3)) | AC38: =IF($A38="","",_xll.ciqfunctions.udf.CIQ($A38,"IQ_BASIC_DEFENSE_INTERVAL_SCORE",$B$3)) | AD38: =IF($A38="","",_xll.ciqfunctions.udf.CIQ($A38,"IQ_CURRENT_RATIO_SCORE",$B$3)) | AE38: =IF($A38="","",_xll.ciqfunctions.udf.CIQ($A38,"IQ_QUICK_RATIO_SCORE",$B$3))
C39: =IF($A39="","",_xll.ciqfunctions.udf.CIQ($A39,"IQ_OPERATIONAL_SCORE",$B$3)) | D39: =IF($A39="","",_xll.ciqfunctions.udf.CIQ($A39,"IQ_TOTAL_REV_SCORE",$B$3)) | E39: =IF($A39="","",_xll.ciqfunctions.udf.CIQ($A39,"IQ_TOTAL_EQUITY_SCORE",$B$3)) | F39: =IF($A39="","",_xll.ciqfunctions.udf.CIQ($A39,"IQ_RETURN_CAPITAL_SCORE",$B$3)) | G39: =IF($A39="","",_xll.ciqfunctions.udf.CIQ($A39,"IQ_RECURRING_EARN_ASSETS_SCORE",$B$3)) | H39: =IF($A39="","",_xll.ciqfunctions.udf.CIQ($A39,"IQ_NET_WORKING_CAP_REV_SCORE",$B$3)) | I39: =IF($A39="","",_xll.ciqfunctions.udf.CIQ($A39,"IQ_ASSET_TURNS_SCORE",$B$3)) | J39: =IF($A39="","",_xll.ciqfunctions.udf.CIQ($A39,"IQ_INTAN_ASSETS_REV_SCORE",$B$3)) | K39: =IF($A39="","",_xll.ciqfunctions.udf.CIQ($A39,"IQ_NET_WORKING_CAP_TOTAL_ASSETS_SCORE",$B$3)) | L39: =IF($A39="","",_xll.ciqfunctions.udf.CIQ($A39,"IQ_AP_AR_SCORE",$B$3)) | M39: =IF($A39="","",_xll.ciqfunctions.udf.CIQ($A39,"IQ_MGMT_RATE_RETURN_SCORE",$B$3)) | N39: =IF($A39="","",_xll.ciqfunctions.udf.CIQ($A39,"IQ_GROSS_MARGIN_SCORE",$B$3)) | O39: =IF($A39="","",_xll.ciqfunctions.udf.CIQ($A39,"IQ_EBITDA_MARGIN_SCORE",$B$3)) | Q39: =IF($A39="","",_xll.ciqfunctions.udf.CIQ($A39,"IQ_SOLVENCY_SCORE",$B$3)) | R39: =IF($A39="","",_xll.ciqfunctions.udf.CIQ($A39,"IQ_FFO_INT_SCORE",$B$3)) | S39: =IF($A39="","",_xll.ciqfunctions.udf.CIQ($A39,"IQ_EBITDA_INT_SCORE",$B$3)) | T39: =IF($A39="","",_xll.ciqfunctions.udf.CIQ($A39,"IQ_FFO_TOTAL_DEBT_SCORE",$B$3)) | U39: =IF($A39="","",_xll.ciqfunctions.udf.CIQ($A39,"IQ_NET_DEBT_EBITDA_SCORE",$B$3)) | V39: =IF($A39="","",_xll.ciqfunctions.udf.CIQ($A39,"IQ_TOTAL_DEBT_CAP_SCORE",$B$3)) | W39: =IF($A39="","",_xll.ciqfunctions.udf.CIQ($A39,"IQ_DEBT_TOTAL_LIAB_SCORE",$B$3)) | X39: =IF($A39="","",_xll.ciqfunctions.udf.CIQ($A39,"IQ_TOTAL_DEBT_TOTAL_REV_SCORE",$B$3)) | Z39: =IF($A39="","",_xll.ciqfunctions.udf.CIQ($A39,"IQ_LIQUID_SCORE",$B$3)) | AA39: =IF($A39="","",_xll.ciqfunctions.udf.CIQ($A39,"IQ_FFO_PLUS_CASH_ST_DEBT_SCORE",$B$3)) | AB39: =IF($A39="","",_xll.ciqfunctions.udf.CIQ($A39,"IQ_FFO_GROSS_PROFIT_SCORE",$B$3)) | AC39: =IF($A39="","",_xll.ciqfunctions.udf.CIQ($A39,"IQ_BASIC_DEFENSE_INTERVAL_SCORE",$B$3)) | AD39: =IF($A39="","",_xll.ciqfunctions.udf.CIQ($A39,"IQ_CURRENT_RATIO_SCORE",$B$3)) | AE39: =IF($A39="","",_xll.ciqfunctions.udf.CIQ($A39,"IQ_QUICK_RATIO_SCORE",$B$3))
C40: =IF($A40="","",_xll.ciqfunctions.udf.CIQ($A40,"IQ_OPERATIONAL_SCORE",$B$3)) | D40: =IF($A40="","",_xll.ciqfunctions.udf.CIQ($A40,"IQ_TOTAL_REV_SCORE",$B$3)) | E40: =IF($A40="","",_xll.ciqfunctions.udf.CIQ($A40,"IQ_TOTAL_EQUITY_SCORE",$B$3)) | F40: =IF($A40="","",_xll.ciqfunctions.udf.CIQ($A40,"IQ_RETURN_CAPITAL_SCORE",$B$3)) | G40: =IF($A40="","",_xll.ciqfunctions.udf.CIQ($A40,"IQ_RECURRING_EARN_ASSETS_SCORE",$B$3)) | H40: =IF($A40="","",_xll.ciqfunctions.udf.CIQ($A40,"IQ_NET_WORKING_CAP_REV_SCORE",$B$3)) | I40: =IF($A40="","",_xll.ciqfunctions.udf.CIQ($A40,"IQ_ASSET_TURNS_SCORE",$B$3)) | J40: =IF($A40="","",_xll.ciqfunctions.udf.CIQ($A40,"IQ_INTAN_ASSETS_REV_SCORE",$B$3)) | K40: =IF($A40="","",_xll.ciqfunctions.udf.CIQ($A40,"IQ_NET_WORKING_CAP_TOTAL_ASSETS_SCORE",$B$3)) | L40: =IF($A40="","",_xll.ciqfunctions.udf.CIQ($A40,"IQ_AP_AR_SCORE",$B$3)) | M40: =IF($A40="","",_xll.ciqfunctions.udf.CIQ($A40,"IQ_MGMT_RATE_RETURN_SCORE",$B$3)) | N40: =IF($A40="","",_xll.ciqfunctions.udf.CIQ($A40,"IQ_GROSS_MARGIN_SCORE",$B$3)) | O40: =IF($A40="","",_xll.ciqfunctions.udf.CIQ($A40,"IQ_EBITDA_MARGIN_SCORE",$B$3)) | Q40: =IF($A40="","",_xll.ciqfunctions.udf.CIQ($A40,"IQ_SOLVENCY_SCORE",$B$3)) | R40: =IF($A40="","",_xll.ciqfunctions.udf.CIQ($A40,"IQ_FFO_INT_SCORE",$B$3)) | S40: =IF($A40="","",_xll.ciqfunctions.udf.CIQ($A40,"IQ_EBITDA_INT_SCORE",$B$3)) | T40: =IF($A40="","",_xll.ciqfunctions.udf.CIQ($A40,"IQ_FFO_TOTAL_DEBT_SCORE",$B$3)) | U40: =IF($A40="","",_xll.ciqfunctions.udf.CIQ($A40,"IQ_NET_DEBT_EBITDA_SCORE",$B$3)) | V40: =IF($A40="","",_xll.ciqfunctions.udf.CIQ($A40,"IQ_TOTAL_DEBT_CAP_SCORE",$B$3)) | W40: =IF($A40="","",_xll.ciqfunctions.udf.CIQ($A40,"IQ_DEBT_TOTAL_LIAB_SCORE",$B$3)) | X40: =IF($A40="","",_xll.ciqfunctions.udf.CIQ($A40,"IQ_TOTAL_DEBT_TOTAL_REV_SCORE",$B$3)) | Z40: =IF($A40="","",_xll.ciqfunctions.udf.CIQ($A40,"IQ_LIQUID_SCORE",$B$3)) | AA40: =IF($A40="","",_xll.ciqfunctions.udf.CIQ($A40,"IQ_FFO_PLUS_CASH_ST_DEBT_SCORE",$B$3)) | AB40: =IF($A40="","",_xll.ciqfunctions.udf.CIQ($A40,"IQ_FFO_GROSS_PROFIT_SCORE",$B$3)) | AC40: =IF($A40="","",_xll.ciqfunctions.udf.CIQ($A40,"IQ_BASIC_DEFENSE_INTERVAL_SCORE",$B$3)) | AD40: =IF($A40="","",_xll.ciqfunctions.udf.CIQ($A40,"IQ_CURRENT_RATIO_SCORE",$B$3)) | AE40: =IF($A40="","",_xll.ciqfunctions.udf.CIQ($A40,"IQ_QUICK_RATIO_SCORE",$B$3))
C41: =IF($A41="","",_xll.ciqfunctions.udf.CIQ($A41,"IQ_OPERATIONAL_SCORE",$B$3)) | D41: =IF($A41="","",_xll.ciqfunctions.udf.CIQ($A41,"IQ_TOTAL_REV_SCORE",$B$3)) | E41: =IF($A41="","",_xll.ciqfunctions.udf.CIQ($A41,"IQ_TOTAL_EQUITY_SCORE",$B$3)) | F41: =IF($A41="","",_xll.ciqfunctions.udf.CIQ($A41,"IQ_RETURN_CAPITAL_SCORE",$B$3)) | G41: =IF($A41="","",_xll.ciqfunctions.udf.CIQ($A41,"IQ_RECURRING_EARN_ASSETS_SCORE",$B$3)) | H41: =IF($A41="","",_xll.ciqfunctions.udf.CIQ($A41,"IQ_NET_WORKING_CAP_REV_SCORE",$B$3)) | I41: =IF($A41="","",_xll.ciqfunctions.udf.CIQ($A41,"IQ_ASSET_TURNS_SCORE",$B$3)) | J41: =IF($A41="","",_xll.ciqfunctions.udf.CIQ($A41,"IQ_INTAN_ASSETS_REV_SCORE",$B$3)) | K41: =IF($A41="","",_xll.ciqfunctions.udf.CIQ($A41,"IQ_NET_WORKING_CAP_TOTAL_ASSETS_SCORE",$B$3)) | L41: =IF($A41="","",_xll.ciqfunctions.udf.CIQ($A41,"IQ_AP_AR_SCORE",$B$3)) | M41: =IF($A41="","",_xll.ciqfunctions.udf.CIQ($A41,"IQ_MGMT_RATE_RETURN_SCORE",$B$3)) | N41: =IF($A41="","",_xll.ciqfunctions.udf.CIQ($A41,"IQ_GROSS_MARGIN_SCORE",$B$3)) | O41: =IF($A41="","",_xll.ciqfunctions.udf.CIQ($A41,"IQ_EBITDA_MARGIN_SCORE",$B$3)) | Q41: =IF($A41="","",_xll.ciqfunctions.udf.CIQ($A41,"IQ_SOLVENCY_SCORE",$B$3)) | R41: =IF($A41="","",_xll.ciqfunctions.udf.CIQ($A41,"IQ_FFO_INT_SCORE",$B$3)) | S41: =IF($A41="","",_xll.ciqfunctions.udf.CIQ($A41,"IQ_EBITDA_INT_SCORE",$B$3)) | T41: =IF($A41="","",_xll.ciqfunctions.udf.CIQ($A41,"IQ_FFO_TOTAL_DEBT_SCORE",$B$3)) | U41: =IF($A41="","",_xll.ciqfunctions.udf.CIQ($A41,"IQ_NET_DEBT_EBITDA_SCORE",$B$3)) | V41: =IF($A41="","",_xll.ciqfunctions.udf.CIQ($A41,"IQ_TOTAL_DEBT_CAP_SCORE",$B$3)) | W41: =IF($A41="","",_xll.ciqfunctions.udf.CIQ($A41,"IQ_DEBT_TOTAL_LIAB_SCORE",$B$3)) | X41: =IF($A41="","",_xll.ciqfunctions.udf.CIQ($A41,"IQ_TOTAL_DEBT_TOTAL_REV_SCORE",$B$3)) | Z41: =IF($A41="","",_xll.ciqfunctions.udf.CIQ($A41,"IQ_LIQUID_SCORE",$B$3)) | AA41: =IF($A41="","",_xll.ciqfunctions.udf.CIQ($A41,"IQ_FFO_PLUS_CASH_ST_DEBT_SCORE",$B$3)) | AB41: =IF($A41="","",_xll.ciqfunctions.udf.CIQ($A41,"IQ_FFO_GROSS_PROFIT_SCORE",$B$3)) | AC41: =IF($A41="","",_xll.ciqfunctions.udf.CIQ($A41,"IQ_BASIC_DEFENSE_INTERVAL_SCORE",$B$3)) | AD41: =IF($A41="","",_xll.ciqfunctions.udf.CIQ($A41,"IQ_CURRENT_RATIO_SCORE",$B$3)) | AE41: =IF($A41="","",_xll.ciqfunctions.udf.CIQ($A41,"IQ_QUICK_RATIO_SCORE",$B$3))
C42: =IF($A42="","",_xll.ciqfunctions.udf.CIQ($A42,"IQ_OPERATIONAL_SCORE",$B$3)) | D42: =IF($A42="","",_xll.ciqfunctions.udf.CIQ($A42,"IQ_TOTAL_REV_SCORE",$B$3)) | E42: =IF($A42="","",_xll.ciqfunctions.udf.CIQ($A42,"IQ_TOTAL_EQUITY_SCORE",$B$3)) | F42: =IF($A42="","",_xll.ciqfunctions.udf.CIQ($A42,"IQ_RETURN_CAPITAL_SCORE",$B$3)) | G42: =IF($A42="","",_xll.ciqfunctions.udf.CIQ($A42,"IQ_RECURRING_EARN_ASSETS_SCORE",$B$3)) | H42: =IF($A42="","",_xll.ciqfunctions.udf.CIQ($A42,"IQ_NET_WORKING_CAP_REV_SCORE",$B$3)) | I42: =IF($A42="","",_xll.ciqfunctions.udf.CIQ($A42,"IQ_ASSET_TURNS_SCORE",$B$3)) | J42: =IF($A42="","",_xll.ciqfunctions.udf.CIQ($A42,"IQ_INTAN_ASSETS_REV_SCORE",$B$3)) | K42: =IF($A42="","",_xll.ciqfunctions.udf.CIQ($A42,"IQ_NET_WORKING_CAP_TOTAL_ASSETS_SCORE",$B$3)) | L42: =IF($A42="","",_xll.ciqfunctions.udf.CIQ($A42,"IQ_AP_AR_SCORE",$B$3)) | M42: =IF($A42="","",_xll.ciqfunctions.udf.CIQ($A42,"IQ_MGMT_RATE_RETURN_SCORE",$B$3)) | N42: =IF($A42="","",_xll.ciqfunctions.udf.CIQ($A42,"IQ_GROSS_MARGIN_SCORE",$B$3)) | O42: =IF($A42="","",_xll.ciqfunctions.udf.CIQ($A42,"IQ_EBITDA_MARGIN_SCORE",$B$3)) | Q42: =IF($A42="","",_xll.ciqfunctions.udf.CIQ($A42,"IQ_SOLVENCY_SCORE",$B$3)) | R42: =IF($A42="","",_xll.ciqfunctions.udf.CIQ($A42,"IQ_FFO_INT_SCORE",$B$3)) | S42: =IF($A42="","",_xll.ciqfunctions.udf.CIQ($A42,"IQ_EBITDA_INT_SCORE",$B$3)) | T42: =IF($A42="","",_xll.ciqfunctions.udf.CIQ($A42,"IQ_FFO_TOTAL_DEBT_SCORE",$B$3)) | U42: =IF($A42="","",_xll.ciqfunctions.udf.CIQ($A42,"IQ_NET_DEBT_EBITDA_SCORE",$B$3)) | V42: =IF($A42="","",_xll.ciqfunctions.udf.CIQ($A42,"IQ_TOTAL_DEBT_CAP_SCORE",$B$3)) | W42: =IF($A42="","",_xll.ciqfunctions.udf.CIQ($A42,"IQ_DEBT_TOTAL_LIAB_SCORE",$B$3)) | X42: =IF($A42="","",_xll.ciqfunctions.udf.CIQ($A42,"IQ_TOTAL_DEBT_TOTAL_REV_SCORE",$B$3)) | Z42: =IF($A42="","",_xll.ciqfunctions.udf.CIQ($A42,"IQ_LIQUID_SCORE",$B$3)) | AA42: =IF($A42="","",_xll.ciqfunctions.udf.CIQ($A42,"IQ_FFO_PLUS_CASH_ST_DEBT_SCORE",$B$3)) | AB42: =IF($A42="","",_xll.ciqfunctions.udf.CIQ($A42,"IQ_FFO_GROSS_PROFIT_SCORE",$B$3)) | AC42: =IF($A42="","",_xll.ciqfunctions.udf.CIQ($A42,"IQ_BASIC_DEFENSE_INTERVAL_SCORE",$B$3)) | AD42: =IF($A42="","",_xll.ciqfunctions.udf.CIQ($A42,"IQ_CURRENT_RATIO_SCORE",$B$3)) | AE42: =IF($A42="","",_xll.ciqfunctions.udf.CIQ($A42,"IQ_QUICK_RATIO_SCORE",$B$3))
C43: =IF($A43="","",_xll.ciqfunctions.udf.CIQ($A43,"IQ_OPERATIONAL_SCORE",$B$3)) | D43: =IF($A43="","",_xll.ciqfunctions.udf.CIQ($A43,"IQ_TOTAL_REV_SCORE",$B$3)) | E43: =IF($A43="","",_xll.ciqfunctions.udf.CIQ($A43,"IQ_TOTAL_EQUITY_SCORE",$B$3)) | F43: =IF($A43="","",_xll.ciqfunctions.udf.CIQ($A43,"IQ_RETURN_CAPITAL_SCORE",$B$3)) | G43: =IF($A43="","",_xll.ciqfunctions.udf.CIQ($A43,"IQ_RECURRING_EARN_ASSETS_SCORE",$B$3)) | H43: =IF($A43="","",_xll.ciqfunctions.udf.CIQ($A43,"IQ_NET_WORKING_CAP_REV_SCORE",$B$3)) | I43: =IF($A43="","",_xll.ciqfunctions.udf.CIQ($A43,"IQ_ASSET_TURNS_SCORE",$B$3)) | J43: =IF($A43="","",_xll.ciqfunctions.udf.CIQ($A43,"IQ_INTAN_ASSETS_REV_SCORE",$B$3)) | K43: =IF($A43="","",_xll.ciqfunctions.udf.CIQ($A43,"IQ_NET_WORKING_CAP_TOTAL_ASSETS_SCORE",$B$3)) | L43: =IF($A43="","",_xll.ciqfunctions.udf.CIQ($A43,"IQ_AP_AR_SCORE",$B$3)) | M43: =IF($A43="","",_xll.ciqfunctions.udf.CIQ($A43,"IQ_MGMT_RATE_RETURN_SCORE",$B$3)) | N43: =IF($A43="","",_xll.ciqfunctions.udf.CIQ($A43,"IQ_GROSS_MARGIN_SCORE",$B$3)) | O43: =IF($A43="","",_xll.ciqfunctions.udf.CIQ($A43,"IQ_EBITDA_MARGIN_SCORE",$B$3)) | Q43: =IF($A43="","",_xll.ciqfunctions.udf.CIQ($A43,"IQ_SOLVENCY_SCORE",$B$3)) | R43: =IF($A43="","",_xll.ciqfunctions.udf.CIQ($A43,"IQ_FFO_INT_SCORE",$B$3)) | S43: =IF($A43="","",_xll.ciqfunctions.udf.CIQ($A43,"IQ_EBITDA_INT_SCORE",$B$3)) | T43: =IF($A43="","",_xll.ciqfunctions.udf.CIQ($A43,"IQ_FFO_TOTAL_DEBT_SCORE",$B$3)) | U43: =IF($A43="","",_xll.ciqfunctions.udf.CIQ($A43,"IQ_NET_DEBT_EBITDA_SCORE",$B$3)) | V43: =IF($A43="","",_xll.ciqfunctions.udf.CIQ($A43,"IQ_TOTAL_DEBT_CAP_SCORE",$B$3)) | W43: =IF($A43="","",_xll.ciqfunctions.udf.CIQ($A43,"IQ_DEBT_TOTAL_LIAB_SCORE",$B$3)) | X43: =IF($A43="","",_xll.ciqfunctions.udf.CIQ($A43,"IQ_TOTAL_DEBT_TOTAL_REV_SCORE",$B$3)) | Z43: =IF($A43="","",_xll.ciqfunctions.udf.CIQ($A43,"IQ_LIQUID_SCORE",$B$3)) | AA43: =IF($A43="","",_xll.ciqfunctions.udf.CIQ($A43,"IQ_FFO_PLUS_CASH_ST_DEBT_SCORE",$B$3)) | AB43: =IF($A43="","",_xll.ciqfunctions.udf.CIQ($A43,"IQ_FFO_GROSS_PROFIT_SCORE",$B$3)) | AC43: =IF($A43="","",_xll.ciqfunctions.udf.CIQ($A43,"IQ_BASIC_DEFENSE_INTERVAL_SCORE",$B$3)) | AD43: =IF($A43="","",_xll.ciqfunctions.udf.CIQ($A43,"IQ_CURRENT_RATIO_SCORE",$B$3)) | AE43: =IF($A43="","",_xll.ciqfunctions.udf.CIQ($A43,"IQ_QUICK_RATIO_SCORE",$B$3))
... C509: =IF($A509="","",_xll.ciqfunctions.udf.CIQ($A509,"IQ_OPERATIONAL_SCORE",$B$3)) | D509: =IF($A509="","",_xll.ciqfunctions.udf.CIQ($A509,"IQ_TOTAL_REV_SCORE",$B$3)) | E509: =IF($A509="","",_xll.ciqfunctions.udf.CIQ($A509,"IQ_TOTAL_EQUITY_SCORE",$B$3)) | F509: =IF($A509="","",_xll.ciqfunctions.udf.CIQ($A509,"IQ_RETURN_CAPITAL_SCORE",$B$3)) | G509: =IF($A509="","",_xll.ciqfunctions.udf.CIQ($A509,"IQ_RECURRING_EARN_ASSETS_SCORE",$B$3)) | H509: =IF($A509="","",_xll.ciqfunctions.udf.CIQ($A509,"IQ_NET_WORKING_CAP_REV_SCORE",$B$3)) | I509: =IF($A509="","",_xll.ciqfunctions.udf.CIQ($A509,"IQ_ASSET_TURNS_SCORE",$B$3)) | J509: =IF($A509="","",_xll.ciqfunctions.udf.CIQ($A509,"IQ_INTAN_ASSETS_REV_SCORE",$B$3)) | K509: =IF($A509="","",_xll.ciqfunctions.udf.CIQ($A509,"IQ_NET_WORKING_CAP_TOTAL_ASSETS_SCORE",$B$3)) | L509: =IF($A509="","",_xll.ciqfunctions.udf.CIQ($A509,"IQ_AP_AR_SCORE",$B$3)) | M509: =IF($A509="","",_xll.ciqfunctions.udf.CIQ($A509,"IQ_MGMT_RATE_RETURN_SCORE",$B$3)) | N509: =IF($A509="","",_xll.ciqfunctions.udf.CIQ($A509,"IQ_GROSS_MARGIN_SCORE",$B$3)) | O509: =IF($A509="","",_xll.ciqfunctions.udf.CIQ($A509,"IQ_EBITDA_MARGIN_SCORE",$B$3)) | Q509: =IF($A509="","",_xll.ciqfunctions.udf.CIQ($A509,"IQ_SOLVENCY_SCORE",$B$3)) | R509: =IF($A509="","",_xll.ciqfunctions.udf.CIQ($A509,"IQ_FFO_INT_SCORE",$B$3)) | S509: =IF($A509="","",_xll.ciqfunctions.udf.CIQ($A509,"IQ_EBITDA_INT_SCORE",$B$3)) | T509: =IF($A509="","",_xll.ciqfunctions.udf.CIQ($A509,"IQ_FFO_TOTAL_DEBT_SCORE",$B$3)) | U509: =IF($A509="","",_xll.ciqfunctions.udf.CIQ($A509,"IQ_NET_DEBT_EBITDA_SCORE",$B$3)) | V509: =IF($A509="","",_xll.ciqfunctions.udf.CIQ($A509,"IQ_TOTAL_DEBT_CAP_SCORE",$B$3)) | W509: =IF($A509="","",_xll.ciqfunctions.udf.CIQ($A509,"IQ_DEBT_TOTAL_LIAB_SCORE",$B$3)) | X509: =IF($A509="","",_xll.ciqfunctions.udf.CIQ($A509,"IQ_TOTAL_DEBT_TOTAL_REV_SCORE",$B$3)) | Z509: =IF($A509="","",_xll.ciqfunctions.udf.CIQ($A509,"IQ_LIQUID_SCORE",$B$3)) | AA509: =IF($A509="","",_xll.ciqfunctions.udf.CIQ($A509,"IQ_FFO_PLUS_CASH_ST_DEBT_SCORE",$B$3)) | AB509: =IF($A509="","",_xll.ciqfunctions.udf.CIQ($A509,"IQ_FFO_GROSS_PROFIT_SCORE",$B$3)) | AC509: =IF($A509="","",_xll.ciqfunctions.udf.CIQ($A509,"IQ_BASIC_DEFENSE_INTERVAL_SCORE",$B$3)) | AD509: =IF($A509="","",_xll.ciqfunctions.udf.CIQ($A509,"IQ_CURRENT_RATIO_SCORE",$B$3)) | AE509: =IF($A509="","",_xll.ciqfunctions.udf.CIQ($A509,"IQ_QUICK_RATIO_SCORE",$B$3))

Sheet Constituent Financials
A1: =INDEX('Language Index'!$A$8:$A$10000,MATCH("CREDIT HEALTH PANEL - CONSTITUENT FINANCIALS",'Language Index'!$B$8:$B$10000,0)) -> CREDIT HEALTH PANEL - CONSTITUENT FINANCIALS
A3: =INDEX('Language Index'!$A$8:$A$10000,MATCH("List ID",'Language Index'!$B$8:$B$10000,0)) -> List ID | B3: =Scores!$S$3 -> IQ217168020
A4: =INDEX('Language Index'!$A$8:$A$10000,MATCH("Currency",'Language Index'!$B$8:$B$10000,0)) -> Currency | B4: =Scores!$B$5 -> USD
D5: =INDEX('Language Index'!$A$8:$A$10000,MATCH("Operational Metrics",'Language Index'!$B$8:$B$10000,0)) -> Operational Metrics | Q5: =INDEX('Language Index'!$A$8:$A$10000,MATCH("Solvency Metrics",'Language Index'!$B$8:$B$10000,0)) -> Solvency Metrics | Y5: =INDEX('Language Index'!$A$8:$A$10000,MATCH("Liquidity Metrics",'Language Index'!$B$8:$B$10000,0)) -> Liquidity Metrics
C6: =INDEX('Language Index'!$A$8:$A$10000,MATCH("LTM Period Ending",'Language Index'!$B$8:$B$10000,0)) -> LTM Period Ending | D6: =INDEX('Language Index'!$A$8:$A$10000,MATCH("Revenue",'Language Index'!$B$8:$B$10000,0)) -> Revenue | E6: =INDEX('Language Index'!$A$8:$A$10000,MATCH("Total Equity",'Language Index'!$B$8:$B$10000,0)) -> Total Equity | F6: =INDEX('Language Index'!$A$8:$A$10000,MATCH("Return on Capital %",'Language Index'!$B$8:$B$10000,0)) -> Return on Capital % | G6: =INDEX('Language Index'!$A$8:$A$10000,MATCH("Recurring Earnings / Total Assets %",'Language Index'!$B$8:$B$10000,0)) -> Recurring Earnings / Total Assets % | H6: =INDEX('Language Index'!$A$8:$A$10000,MATCH("Net Working Capital / Revenue (x)",'Language Index'!$B$8:$B$10000,0)) -> Net Working Capital / Revenue (x) | I6: =INDEX('Language Index'!$A$8:$A$10000,MATCH("Asset Turnover (x)",'Language Index'!$B$8:$B$10000,0)) -> Asset Turnover (x) | J6: =INDEX('Language Index'!$A$8:$A$10000,MATCH("Intangible Assets / Revenue (x)",'Language Index'!$B$8:$B$10000,0)) -> Intangible Assets / Revenue (x) | K6: =INDEX('Language Index'!$A$8:$A$10000,MATCH("Net Working Capital / Total Assets (x)",'Language Index'!$B$8:$B$10000,0)) -> Net Working Capital / Total Assets (x) | L6: =INDEX('Language Index'!$A$8:$A$10000,MATCH("Payables / Receivables (x)",'Language Index'!$B$8:$B$10000,0)) -> Payables / Receivables (x) | M6: =INDEX('Language Index'!$A$8:$A$10000,MATCH("Management Rate of Return (%)",'Language Index'!$B$8:$B$10000,0)) -> Management Rate of Return (%) | N6: =INDEX('Language Index'!$A$8:$A$10000,MATCH("Gross Margin %",'Language Index'!$B$8:$B$10000,0)) -> Gross Margin % | O6: =INDEX('Language Index'!$A$8:$A$10000,MATCH("EBITDA Margin %",'Language Index'!$B$8:$B$10000,0)) -> EBITDA Margin % | Q6: =INDEX('Language Index'!$A$8:$A$10000,MATCH("FFO Interest Coverage (x)",'Language Index'!$B$8:$B$10000,0)) -> FFO Interest Coverage (x) | R6: =INDEX('Language Index'!$A$8:$A$10000,MATCH("EBITDA Coverage (x)",'Language Index'!$B$8:$B$10000,0)) -> EBITDA Coverage (x) | S6: =INDEX('Language Index'!$A$8:$A$10000,MATCH("FFO / Total Debt (x)",'Language Index'!$B$8:$B$10000,0)) -> FFO / Total Debt (x) | T6: =INDEX('Language Index'!$A$8:$A$10000,MATCH("Net Debt / EBITDA (x)",'Language Index'!$B$8:$B$10000,0)) -> Net Debt / EBITDA (x) | U6: =INDEX('Language Index'!$A$8:$A$10000,MATCH("Total Debt / Capital (%)",'Language Index'!$B$8:$B$10000,0)) -> Total Debt / Capital (%) | V6: =INDEX('Language Index'!$A$8:$A$10000,MATCH("Total Debt / Liabilities (%)",'Language Index'!$B$8:$B$10000,0)) -> Total Debt / Liabilities (%) | W6: =INDEX('Language Index'!$A$8:$A$10000,MATCH("Total Debt / Revenue (x)",'Language Index'!$B$8:$B$10000,0)) -> Total Debt / Revenue (x) | Y6: =INDEX('Language Index'!$A$8:$A$10000,MATCH("FFO + Cash / Short Term Debt (x)",'Language Index'!$B$8:$B$10000,0)) -> FFO + Cash / Short Term Debt (x) | Z6: =INDEX('Language Index'!$A$8:$A$10000,MATCH("FFO / Gross Profit (x)",'Language Index'!$B$8:$B$10000,0)) -> FFO / Gross Profit (x) | AA6: =INDEX('Language Index'!$A$8:$A$10000,MATCH("Basic Defense Interval (days)",'Language Index'!$B$8:$B$10000,0)) -> Basic Defense Interval (days) | AB6: =INDEX('Language Index'!$A$8:$A$10000,MATCH("Current Ratio (x)",'Language Index'!$B$8:$B$10000,0)) -> Current Ratio (x) | AC6: =INDEX('Language Index'!$A$8:$A$10000,MATCH("Quick Ratio (x)",'Language Index'!$B$8:$B$10000,0)) -> Quick Ratio (x)
A7: =INDEX('Language Index'!$A$8:$A$10000,MATCH("Subject ID",'Language Index'!$B$8:$B$10000,0)) -> Subject ID | B7: =INDEX('Language Index'!$A$8:$A$10000,MATCH("Subject Name",'Language Index'!$B$8:$B$10000,0)) -> Subject Name
A8: =Scores!$B$3 -> NYSE:IBM | B8: =_xll.ciqfunctions.udf.CIQ($A8,"IQ_COMPANY_NAME") -> International Business Machines Corporation | C8: =IF($A8="","",_xll.ciqfunctions.udf.CIQ($A8,"IQ_PERIODDATE",IQ_LTM,IQ_TODAY,"CHP")) -> 45930 | D8: =IF($A8="","",_xll.ciqfunctions.udf.CIQ($A8,"IQ_TOTAL_REV",IQ_LTM,IQ_TODAY,"CHP",,$B$4)) -> 65402 | E8: =IF($A8="","",_xll.ciqfunctions.udf.CIQ($A8,"IQ_TOTAL_EQUITY",IQ_LTM,IQ_TODAY,"CHP",,$B$4)) -> 27990 | F8: =IF($A8="","",_xll.ciqfunctions.udf.CIQ($A8,"IQ_RETURN_CAPITAL_CHP",IQ_LTM,IQ_TODAY,"CHP")) -> 12.1966 | G8: =IF($A8="","",_xll.ciqfunctions.udf.CIQ($A8,"IQ_RECURRING_EARN_ASSETS",IQ_LTM,IQ_TODAY,"CHP")) -> 7.8824 | H8: =IF($A8="","",_xll.ciqfunctions.udf.CIQ($A8,"IQ_NET_WORKING_CAP_REV",IQ_LTM,IQ_TODAY,"CHP")) -> -0.13009 | I8: =IF($A8="","",_xll.ciqfunctions.udf.CIQ($A8,"IQ_ASSET_TURNOVER",IQ_LTM,IQ_TODAY,"CHP")) -> 0.447 | J8: =IF($A8="","",_xll.ciqfunctions.udf.CIQ($A8,"IQ_INTAN_ASSETS_REV",IQ_LTM,IQ_TODAY,"CHP")) -> 1.20983 | K8: =IF($A8="","",_xll.ciqfunctions.udf.CIQ($A8,"IQ_NET_WORKING_CAP_TOTAL_ASSETS",IQ_LTM,IQ_TODAY,"CHP")) -> -0.05815 | L8: =IF($A8="","",_xll.ciqfunctions.udf.CIQ($A8,"IQ_AP_AR",IQ_LTM,IQ_TODAY,"CHP")) -> 0.63759 | M8: =IF($A8="","",_xll.ciqfunctions.udf.CIQ($A8,"IQ_MGMT_RATE_RETURN",IQ_LTM,IQ_TODAY,"CHP")) -> 2037.6325 | N8: =IF($A8="","",_xll.ciqfunctions.udf.CIQ($A8,"IQ_GROSS_MARGIN",IQ_LTM,IQ_TODAY,"CHP")) -> 57.8086 | O8: =IF($A8="","",_xll.ciqfunctions.udf.CIQ($A8,"IQ_EBITDA_MARGIN",IQ_LTM,IQ_TODAY,"CHP")) -> 22.9992 | Q8: =IF($A8="","",_xll.ciqfunctions.udf.CIQ($A8,"IQ_FFO_INT",IQ_LTM,IQ_TODAY,"CHP")) -> 7.168 | R8: =IF($A8="","",_xll.ciqfunctions.udf.CIQ($A8,"IQ_EBITDA_INT",IQ_LTM,IQ_TODAY,"CHP")) -> 8.69949 | S8: =IF($A8="","",_xll.ciqfunctions.udf.CIQ($A8,"IQ_FFO_TOTAL_DEBT",IQ_LTM,IQ_TODAY,"CHP")) -> 0.20254 | T8: =IF($A8="","",_xll.ciqfunctions.udf.CIQ($A8,"IQ_NET_DEBT_EBITDA",IQ_LTM,IQ_TODAY,"CHP")) -> 3.16028 | U8: =IF($A8="","",_xll.ciqfunctions.udf.CIQ($A8,"IQ_TOTAL_DEBT_CAP",IQ_LTM,IQ_TODAY,"CHP")) -> 70.3994 | V8: =IF($A8="","",_xll.ciqfunctions.udf.CIQ($A8,"IQ_DEBT_TOTAL_LIAB",IQ_LTM,IQ_TODAY,"CHP")) -> 56.2608 | W8: =IF($A8="","",_xll.ciqfunctions.udf.CIQ($A8,"IQ_TOTAL_DEBT_TOTAL_REV",IQ_LTM,IQ_TODAY,"CHP")) -> 1.01784 | Y8: =IF($A8="","",_xll.ciqfunctions.udf.CIQ($A8,"IQ_FFO_PLUS_CASH_ST_DEBT",IQ_LTM,IQ_TODAY,"CHP")) -> 3.239 | Z8: =IF($A8="","",_xll.ciqfunctions.udf.CIQ($A8,"IQ_FFO_GROSS_PROFIT",IQ_LTM,IQ_TODAY,"CHP")) -> 0.35662 | AA8: =IF($A8="","",_xll.ciqfunctions.udf.CIQ($A8,"IQ_BASIC_DEFENSE_INTERVAL",IQ_LTM,IQ_TODAY,"CHP")) -> 173.4261 | AB8: =IF($A8="","",_xll.ciqfunctions.udf.CIQ($A8,"IQ_CURRENT_RATIO",IQ_LTM,IQ_TODAY,"CHP")) -> 0.93165 | AC8: =IF($A8="","",_xll.ciqfunctions.udf.CIQ($A8,"IQ_QUICK_RATIO",IQ_LTM,IQ_TODAY,"CHP")) -> 0.77503
B10: =INDEX('Language Index'!$A$8:$A$10000,MATCH("Maximum",'Language Index'!$B$8:$B$10000,0)) -> Maximum | D10: =_xll.ciqfunctions.udf.CIQAGG($B$3,"IQ_TOTAL_REV",IQ_LTM,IQ_TODAY,"CHP",,$B$4,,,"Max") -> 69672.977 | E10: =_xll.ciqfunctions.udf.CIQAGG($B$3,"IQ_TOTAL_EQUITY",IQ_LTM,IQ_TODAY,"CHP",,$B$4,,,"Max") -> 32240.967 | F10: =_xll.ciqfunctions.udf.CIQAGG($B$3,"IQ_RETURN_CAPITAL_CHP",IQ_LTM,IQ_TODAY,"CHP",,,,,"Max") -> 53.0207 | G10: =_xll.ciqfunctions.udf.CIQAGG($B$3,"IQ_RECURRING_EARN_ASSETS",IQ_LTM,IQ_TODAY,"CHP",,,,,"Max") -> 36.1524 | H10: =_xll.ciqfunctions.udf.CIQAGG($B$3,"IQ_NET_WORKING_CAP_REV",IQ_LTM,IQ_TODAY,"CHP",,,,,"Max") -> 0.13051 | I10: =_xll.ciqfunctions.udf.CIQAGG($B$3,"IQ_ASSET_TURNOVER",IQ_LTM,IQ_TODAY,"CHP",,,,,"Max") -> 2.57286 | J10: =_xll.ciqfunctions.udf.CIQAGG($B$3,"IQ_INTAN_ASSETS_REV",IQ_LTM,IQ_TODAY,"CHP",,,,,"Max") -> 1.20983 | K10: =_xll.ciqfunctions.udf.CIQAGG($B$3,"IQ_NET_WORKING_CAP_TOTAL_ASSETS",IQ_LTM,IQ_TODAY,"CHP",,,,,"Max") -> 0.184 | L10: =_xll.ciqfunctions.udf.CIQAGG($B$3,"IQ_AP_AR",IQ_LTM,IQ_TODAY,"CHP",,,,,"Max") -> 1.90366 | M10: =_xll.ciqfunctions.udf.CIQAGG($B$3,"IQ_MGMT_RATE_RETURN",IQ_LTM,IQ_TODAY,"CHP",,,,,"Max") -> 2037.6325 | N10: =_xll.ciqfunctions.udf.CIQAGG($B$3,"IQ_GROSS_MARGIN",IQ_LTM,IQ_TODAY,"CHP",,,,,"Max") -> 68.1737 | O10: =_xll.ciqfunctions.udf.CIQAGG($B$3,"IQ_EBITDA_MARGIN",IQ_LTM,IQ_TODAY,"CHP",,,,,"Max") -> 25.9709 | Q10: =_xll.ciqfunctions.udf.CIQAGG($B$3,"IQ_FFO_INT",IQ_LTM,IQ_TODAY,"CHP",,,,,"Max") -> 94.48936 | R10: =_xll.ciqfunctions.udf.CIQAGG($B$3,"IQ_EBITDA_INT",IQ_LTM,IQ_TODAY,"CHP",,,,,"Max") -> 215.56513 | S10: =_xll.ciqfunctions.udf.CIQAGG($B$3,"IQ_FFO_TOTAL_DEBT",IQ_LTM,IQ_TODAY,"CHP",,,,,"Max") -> 9.90833 | T10: =_xll.ciqfunctions.udf.CIQAGG($B$3,"IQ_NET_DEBT_EBITDA",IQ_LTM,IQ_TODAY,"CHP",,,,,"Max") -> 6.38743 | U10: =_xll.ciqfunctions.udf.CIQAGG($B$3,"IQ_TOTAL_DEBT_CAP",IQ_LTM,IQ_TODAY,"CHP",,,,,"Max") -> 98.3222 | V10: =_xll.ciqfunctions.udf.CIQAGG($B$3,"IQ_DEBT_TOTAL_LIAB",IQ_LTM,IQ_TODAY,"CHP",,,,,"Max") -> 56.8911 | W10: =_xll.ciqfunctions.udf.CIQAGG($B$3,"IQ_TOTAL_DEBT_TOTAL_REV",IQ_LTM,IQ_TODAY,"CHP",,,,,"Max") -> 1.01784 | Y10: =_xll.ciqfunctions.udf.CIQAGG($B$3,"IQ_FFO_PLUS_CASH_ST_DEBT",IQ_LTM,IQ_TODAY,"CHP",,,,,"Max") -> 64.27791 | Z10: =_xll.ciqfunctions.udf.CIQAGG($B$3,"IQ_FFO_GROSS_PROFIT",IQ_LTM,IQ_TODAY,"CHP",,,,,"Max") -> 0.75476 | AA10: =_xll.ciqfunctions.udf.CIQAGG($B$3,"IQ_BASIC_DEFENSE_INTERVAL",IQ_LTM,IQ_TODAY,"CHP",,,,,"Max") -> 336.7428 | AB10: =_xll.ciqfunctions.udf.CIQAGG($B$3,"IQ_CURRENT_RATIO",IQ_LTM,IQ_TODAY,"CHP",,,,,"Max") -> 3.93865 | AC10: =_xll.ciqfunctions.udf.CIQAGG($B$3,"IQ_QUICK_RATIO",IQ_LTM,IQ_TODAY,"CHP",,,,,"Max") -> 3.72732
B11: =INDEX('Language Index'!$A$8:$A$10000,MATCH("Average",'Language Index'!$B$8:$B$10000,0)) -> Average | D11: =_xll.ciqfunctions.udf.CIQAGG($B$3,"IQ_TOTAL_REV",IQ_LTM,IQ_TODAY,"CHP",,$B$4,,,"Avg") -> 21313.601 | E11: =_xll.ciqfunctions.udf.CIQAGG($B$3,"IQ_TOTAL_EQUITY",IQ_LTM,IQ_TODAY,"CHP",,$B$4,,,"Avg") -> 9662.2574 | F11: =_xll.ciqfunctions.udf.CIQAGG($B$3,"IQ_RETURN_CAPITAL_CHP",IQ_LTM,IQ_TODAY,"CHP",,,,,"Avg") -> 17.22881 | G11: =_xll.ciqfunctions.udf.CIQAGG($B$3,"IQ_RECURRING_EARN_ASSETS",IQ_LTM,IQ_TODAY,"CHP",,,,,"Avg") -> 11.73721 | H11: =_xll.ciqfunctions.udf.CIQAGG($B$3,"IQ_NET_WORKING_CAP_REV",IQ_LTM,IQ_TODAY,"CHP",,,,,"Avg") -> 0.02738 | I11: =_xll.ciqfunctions.udf.CIQAGG($B$3,"IQ_ASSET_TURNOVER",IQ_LTM,IQ_TODAY,"CHP",,,,,"Avg") -> 1.10206 | J11: =_xll.ciqfunctions.udf.CIQAGG($B$3,"IQ_INTAN_ASSETS_REV",IQ_LTM,IQ_TODAY,"CHP",,,,,"Avg") -> 0.27301 | K11: =_xll.ciqfunctions.udf.CIQAGG($B$3,"IQ_NET_WORKING_CAP_TOTAL_ASSETS",IQ_LTM,IQ_TODAY,"CHP",,,,,"Avg") -> 0.03878 | L11: =_xll.ciqfunctions.udf.CIQAGG($B$3,"IQ_AP_AR",IQ_LTM,IQ_TODAY,"CHP",,,,,"Avg") -> 0.5582 | M11: =_xll.ciqfunctions.udf.CIQAGG($B$3,"IQ_MGMT_RATE_RETURN",IQ_LTM,IQ_TODAY,"CHP",,,,,"Avg") -> 197.8461 | N11: =_xll.ciqfunctions.udf.CIQAGG($B$3,"IQ_GROSS_MARGIN",IQ_LTM,IQ_TODAY,"CHP",,,,,"Avg") -> 27.49596 | O11: =_xll.ciqfunctions.udf.CIQAGG($B$3,"IQ_EBITDA_MARGIN",IQ_LTM,IQ_TODAY,"CHP",,,,,"Avg") -> 13.82055 | Q11: =_xll.ciqfunctions.udf.CIQAGG($B$3,"IQ_FFO_INT",IQ_LTM,IQ_TODAY,"CHP",,,,,"Avg") -> 29.32241 | R11: =_xll.ciqfunctions.udf.CIQAGG($B$3,"IQ_EBITDA_INT",IQ_LTM,IQ_TODAY,"CHP",,,,,"Avg") -> 39.51771 | S11: =_xll.ciqfunctions.udf.CIQAGG($B$3,"IQ_FFO_TOTAL_DEBT",IQ_LTM,IQ_TODAY,"CHP",,,,,"Avg") -> 1.67849 | T11: =_xll.ciqfunctions.udf.CIQAGG($B$3,"IQ_NET_DEBT_EBITDA",IQ_LTM,IQ_TODAY,"CHP",,,,,"Avg") -> 2.1175 | U11: =_xll.ciqfunctions.udf.CIQAGG($B$3,"IQ_TOTAL_DEBT_CAP",IQ_LTM,IQ_TODAY,"CHP",,,,,"Avg") -> 34.78583 | V11: =_xll.ciqfunctions.udf.CIQAGG($B$3,"IQ_DEBT_TOTAL_LIAB",IQ_LTM,IQ_TODAY,"CHP",,,,,"Avg") -> 31.47416 | W11: =_xll.ciqfunctions.udf.CIQAGG($B$3,"IQ_TOTAL_DEBT_TOTAL_REV",IQ_LTM,IQ_TODAY,"CHP",,,,,"Avg") -> 0.23715 | Y11: =_xll.ciqfunctions.udf.CIQAGG($B$3,"IQ_FFO_PLUS_CASH_ST_DEBT",IQ_LTM,IQ_TODAY,"CHP",,,,,"Avg") -> 16.38749 | Z11: =_xll.ciqfunctions.udf.CIQAGG($B$3,"IQ_FFO_GROSS_PROFIT",IQ_LTM,IQ_TODAY,"CHP",,,,,"Avg") -> 0.41448 | AA11: =_xll.ciqfunctions.udf.CIQAGG($B$3,"IQ_BASIC_DEFENSE_INTERVAL",IQ_LTM,IQ_TODAY,"CHP",,,,,"Avg") -> 162.60762 | AB11: =_xll.ciqfunctions.udf.CIQAGG($B$3,"IQ_CURRENT_RATIO",IQ_LTM,IQ_TODAY,"CHP",,,,,"Avg") -> 1.63544 | AC11: =_xll.ciqfunctions.udf.CIQAGG($B$3,"IQ_QUICK_RATIO",IQ_LTM,IQ_TODAY,"CHP",,,,,"Avg") -> 1.34527
B12: =INDEX('Language Index'!$A$8:$A$10000,MATCH("Median",'Language Index'!$B$8:$B$10000,0)) -> Median | D12: =_xll.ciqfunctions.udf.CIQAGG($B$3,"IQ_TOTAL_REV",IQ_LTM,IQ_TODAY,"CHP",,$B$4,,,"Median") -> 15812.101 | E12: =_xll.ciqfunctions.udf.CIQAGG($B$3,"IQ_TOTAL_EQUITY",IQ_LTM,IQ_TODAY,"CHP",,$B$4,,,"Median") -> 8322.2321 | F12: =_xll.ciqfunctions.udf.CIQAGG($B$3,"IQ_RETURN_CAPITAL_CHP",IQ_LTM,IQ_TODAY,"CHP",,,,,"Median") -> 13.61 | G12: =_xll.ciqfunctions.udf.CIQAGG($B$3,"IQ_RECURRING_EARN_ASSETS",IQ_LTM,IQ_TODAY,"CHP",,,,,"Median") -> 8.8498 | H12: =_xll.ciqfunctions.udf.CIQAGG($B$3,"IQ_NET_WORKING_CAP_REV",IQ_LTM,IQ_TODAY,"CHP",,,,,"Median") -> 0.04705 | I12: =_xll.ciqfunctions.udf.CIQAGG($B$3,"IQ_ASSET_TURNOVER",IQ_LTM,IQ_TODAY,"CHP",,,,,"Median") -> 1.04362 | J12: =_xll.ciqfunctions.udf.CIQAGG($B$3,"IQ_INTAN_ASSETS_REV",IQ_LTM,IQ_TODAY,"CHP",,,,,"Median") -> 0.17939 | K12: =_xll.ciqfunctions.udf.CIQAGG($B$3,"IQ_NET_WORKING_CAP_TOTAL_ASSETS",IQ_LTM,IQ_TODAY,"CHP",,,,,"Median") -> 0.06149 | L12: =_xll.ciqfunctions.udf.CIQAGG($B$3,"IQ_AP_AR",IQ_LTM,IQ_TODAY,"CHP",,,,,"Median") -> 0.54705 | M12: =_xll.ciqfunctions.udf.CIQAGG($B$3,"IQ_MGMT_RATE_RETURN",IQ_LTM,IQ_TODAY,"CHP",,,,,"Median") -> 81.4225 | N12: =_xll.ciqfunctions.udf.CIQAGG($B$3,"IQ_GROSS_MARGIN",IQ_LTM,IQ_TODAY,"CHP",,,,,"Median") -> 28.2691 | O12: =_xll.ciqfunctions.udf.CIQAGG($B$3,"IQ_EBITDA_MARGIN",IQ_LTM,IQ_TODAY,"CHP",,,,,"Median") -> 14.4627 | Q12: =_xll.ciqfunctions.udf.CIQAGG($B$3,"IQ_FFO_INT",IQ_LTM,IQ_TODAY,"CHP",,,,,"Median") -> 18.8802 | R12: =_xll.ciqfunctions.udf.CIQAGG($B$3,"IQ_EBITDA_INT",IQ_LTM,IQ_TODAY,"CHP",,,,,"Median") -> 20.75862 | S12: =_xll.ciqfunctions.udf.CIQAGG($B$3,"IQ_FFO_TOTAL_DEBT",IQ_LTM,IQ_TODAY,"CHP",,,,,"Median") -> 0.80617 | T12: =_xll.ciqfunctions.udf.CIQAGG($B$3,"IQ_NET_DEBT_EBITDA",IQ_LTM,IQ_TODAY,"CHP",,,,,"Median") -> 1.25778 | U12: =_xll.ciqfunctions.udf.CIQAGG($B$3,"IQ_TOTAL_DEBT_CAP",IQ_LTM,IQ_TODAY,"CHP",,,,,"Median") -> 23.59365 | V12: =_xll.ciqfunctions.udf.CIQAGG($B$3,"IQ_DEBT_TOTAL_LIAB",IQ_LTM,IQ_TODAY,"CHP",,,,,"Median") -> 33.57305 | W12: =_xll.ciqfunctions.udf.CIQAGG($B$3,"IQ_TOTAL_DEBT_TOTAL_REV",IQ_LTM,IQ_TODAY,"CHP",,,,,"Median") -> 0.16507 | Y12: =_xll.ciqfunctions.udf.CIQAGG($B$3,"IQ_FFO_PLUS_CASH_ST_DEBT",IQ_LTM,IQ_TODAY,"CHP",,,,,"Median") -> 7.50318 | Z12: =_xll.ciqfunctions.udf.CIQAGG($B$3,"IQ_FFO_GROSS_PROFIT",IQ_LTM,IQ_TODAY,"CHP",,,,,"Median") -> 0.40572 | AA12: =_xll.ciqfunctions.udf.CIQAGG($B$3,"IQ_BASIC_DEFENSE_INTERVAL",IQ_LTM,IQ_TODAY,"CHP",,,,,"Median") -> 156.35852 | AB12: =_xll.ciqfunctions.udf.CIQAGG($B$3,"IQ_CURRENT_RATIO",IQ_LTM,IQ_TODAY,"CHP",,,,,"Median") -> 1.44664 | AC12: =_xll.ciqfunctions.udf.CIQAGG($B$3,"IQ_QUICK_RATIO",IQ_LTM,IQ_TODAY,"CHP",,,,,"Median") -> 1.14208
B13: =INDEX('Language Index'!$A$8:$A$10000,MATCH("Minimum",'Language Index'!$B$8:$B$10000,0)) -> Minimum | D13: =_xll.ciqfunctions.udf.CIQAGG($B$3,"IQ_TOTAL_REV",IQ_LTM,IQ_TODAY,"CHP",,$B$4,,,"Min") -> 6459.775 | E13: =_xll.ciqfunctions.udf.CIQAGG($B$3,"IQ_TOTAL_EQUITY",IQ_LTM,IQ_TODAY,"CHP",,$B$4,,,"Min") -> -105.96962 | F13: =_xll.ciqfunctions.udf.CIQAGG($B$3,"IQ_RETURN_CAPITAL_CHP",IQ_LTM,IQ_TODAY,"CHP",,,,,"Min") -> -5.6973 | G13: =_xll.ciqfunctions.udf.CIQAGG($B$3,"IQ_RECURRING_EARN_ASSETS",IQ_LTM,IQ_TODAY,"CHP",,,,,"Min") -> 2.377 | H13: =_xll.ciqfunctions.udf.CIQAGG($B$3,"IQ_NET_WORKING_CAP_REV",IQ_LTM,IQ_TODAY,"CHP",,,,,"Min") -> -0.27307 | I13: =_xll.ciqfunctions.udf.CIQAGG($B$3,"IQ_ASSET_TURNOVER",IQ_LTM,IQ_TODAY,"CHP",,,,,"Min") -> 0.447 | J13: =_xll.ciqfunctions.udf.CIQAGG($B$3,"IQ_INTAN_ASSETS_REV",IQ_LTM,IQ_TODAY,"CHP",,,,,"Min") -> 0.00998 | K13: =_xll.ciqfunctions.udf.CIQAGG($B$3,"IQ_NET_WORKING_CAP_TOTAL_ASSETS",IQ_LTM,IQ_TODAY,"CHP",,,,,"Min") -> -0.24334 | L13: =_xll.ciqfunctions.udf.CIQAGG($B$3,"IQ_AP_AR",IQ_LTM,IQ_TODAY,"CHP",,,,,"Min") -> 0.06468 | M13: =_xll.ciqfunctions.udf.CIQAGG($B$3,"IQ_MGMT_RATE_RETURN",IQ_LTM,IQ_TODAY,"CHP",,,,,"Min") -> -11.4145 | N13: =_xll.ciqfunctions.udf.CIQAGG($B$3,"IQ_GROSS_MARGIN",IQ_LTM,IQ_TODAY,"CHP",,,,,"Min") -> 2.2587 | O13: =_xll.ciqfunctions.udf.CIQAGG($B$3,"IQ_EBITDA_MARGIN",IQ_LTM,IQ_TODAY,"CHP",,,,,"Min") -> 1.6216 | Q13: =_xll.ciqfunctions.udf.CIQAGG($B$3,"IQ_FFO_INT",IQ_LTM,IQ_TODAY,"CHP",,,,,"Min") -> 0.08585 | R13: =_xll.ciqfunctions.udf.CIQAGG($B$3,"IQ_EBITDA_INT",IQ_LTM,IQ_TODAY,"CHP",,,,,"Min") -> 0.83063 | S13: =_xll.ciqfunctions.udf.CIQAGG($B$3,"IQ_FFO_TOTAL_DEBT",IQ_LTM,IQ_TODAY,"CHP",,,,,"Min") -> 0.01315 | T13: =_xll.ciqfunctions.udf.CIQAGG($B$3,"IQ_NET_DEBT_EBITDA",IQ_LTM,IQ_TODAY,"CHP",,,,,"Min") -> 0.14668 | U13: =_xll.ciqfunctions.udf.CIQAGG($B$3,"IQ_TOTAL_DEBT_CAP",IQ_LTM,IQ_TODAY,"CHP",,,,,"Min") -> 1.5657 | V13: =_xll.ciqfunctions.udf.CIQAGG($B$3,"IQ_DEBT_TOTAL_LIAB",IQ_LTM,IQ_TODAY,"CHP",,,,,"Min") -> 1.8805 | W13: =_xll.ciqfunctions.udf.CIQAGG($B$3,"IQ_TOTAL_DEBT_TOTAL_REV",IQ_LTM,IQ_TODAY,"CHP",,,,,"Min") -> 0.00465 | Y13: =_xll.ciqfunctions.udf.CIQAGG($B$3,"IQ_FFO_PLUS_CASH_ST_DEBT",IQ_LTM,IQ_TODAY,"CHP",,,,,"Min") -> 0.70998 | Z13: =_xll.ciqfunctions.udf.CIQAGG($B$3,"IQ_FFO_GROSS_PROFIT",IQ_LTM,IQ_TODAY,"CHP",,,,,"Min") -> 0.13412 | AA13: =_xll.ciqfunctions.udf.CIQAGG($B$3,"IQ_BASIC_DEFENSE_INTERVAL",IQ_LTM,IQ_TODAY,"CHP",,,,,"Min") -> 67.25819 | AB13: =_xll.ciqfunctions.udf.CIQAGG($B$3,"IQ_CURRENT_RATIO",IQ_LTM,IQ_TODAY,"CHP",,,,,"Min") -> 0.8333 | AC13: =_xll.ciqfunctions.udf.CIQAGG($B$3,"IQ_QUICK_RATIO",IQ_LTM,IQ_TODAY,"CHP",,,,,"Min") -> 0.50906
D15: =INDEX('Language Index'!$A$8:$A$10000,MATCH("Operational Metrics",'Language Index'!$B$8:$B$10000,0)) -> Operational Metrics | Q15: =INDEX('Language Index'!$A$8:$A$10000,MATCH("Solvency Metrics",'Language Index'!$B$8:$B$10000,0)) -> Solvency Metrics | Y15: =INDEX('Language Index'!$A$8:$A$10000,MATCH("Liquidity Metrics",'Language Index'!$B$8:$B$10000,0)) -> Liquidity Metrics
C16: =INDEX('Language Index'!$A$8:$A$10000,MATCH("LTM Period Ending",'Language Index'!$B$8:$B$10000,0)) -> LTM Period Ending | D16: =INDEX('Language Index'!$A$8:$A$10000,MATCH("Revenue",'Language Index'!$B$8:$B$10000,0)) -> Revenue | E16: =INDEX('Language Index'!$A$8:$A$10000,MATCH("Total Equity",'Language Index'!$B$8:$B$10000,0)) -> Total Equity | F16: =INDEX('Language Index'!$A$8:$A$10000,MATCH("Return on Capital %",'Language Index'!$B$8:$B$10000,0)) -> Return on Capital % | G16: =INDEX('Language Index'!$A$8:$A$10000,MATCH("Recurring Earnings / Total Assets %",'Language Index'!$B$8:$B$10000,0)) -> Recurring Earnings / Total Assets % | H16: =INDEX('Language Index'!$A$8:$A$10000,MATCH("Net Working Capital / Revenue (x)",'Language Index'!$B$8:$B$10000,0)) -> Net Working Capital / Revenue (x) | I16: =INDEX('Language Index'!$A$8:$A$10000,MATCH("Asset Turnover (x)",'Language Index'!$B$8:$B$10000,0)) -> Asset Turnover (x) | J16: =INDEX('Language Index'!$A$8:$A$10000,MATCH("Intangible Assets / Revenue (x)",'Language Index'!$B$8:$B$10000,0)) -> Intangible Assets / Revenue (x) | K16: =INDEX('Language Index'!$A$8:$A$10000,MATCH("Net Working Capital / Total Assets (x)",'Language Index'!$B$8:$B$10000,0)) -> Net Working Capital / Total Assets (x) | L16: =INDEX('Language Index'!$A$8:$A$10000,MATCH("Payables / Receivables (x)",'Language Index'!$B$8:$B$10000,0)) -> Payables / Receivables (x) | M16: =INDEX('Language Index'!$A$8:$A$10000,MATCH("Management Rate of Return (%)",'Language Index'!$B$8:$B$10000,0)) -> Management Rate of Return (%) | N16: =INDEX('Language Index'!$A$8:$A$10000,MATCH("Gross Margin %",'Language Index'!$B$8:$B$10000,0)) -> Gross Margin % | O16: =INDEX('Language Index'!$A$8:$A$10000,MATCH("EBITDA Margin %",'Language Index'!$B$8:$B$10000,0)) -> EBITDA Margin % | Q16: =INDEX('Language Index'!$A$8:$A$10000,MATCH("FFO Interest Coverage (x)",'Language Index'!$B$8:$B$10000,0)) -> FFO Interest Coverage (x) | R16: =INDEX('Language Index'!$A$8:$A$10000,MATCH("EBITDA Coverage (x)",'Language Index'!$B$8:$B$10000,0)) -> EBITDA Coverage (x) | S16: =INDEX('Language Index'!$A$8:$A$10000,MATCH("FFO / Total Debt (x)",'Language Index'!$B$8:$B$10000,0)) -> FFO / Total Debt (x) | T16: =INDEX('Language Index'!$A$8:$A$10000,MATCH("Net Debt / EBITDA (x)",'Language Index'!$B$8:$B$10000,0)) -> Net Debt / EBITDA (x) | U16: =INDEX('Language Index'!$A$8:$A$10000,MATCH("Total Debt / Capital (%)",'Language Index'!$B$8:$B$10000,0)) -> Total Debt / Capital (%) | V16: =INDEX('Language Index'!$A$8:$A$10000,MATCH("Total Debt / Liabilities (%)",'Language Index'!$B$8:$B$10000,0)) -> Total Debt / Liabilities (%) | W16: =INDEX('Language Index'!$A$8:$A$10000,MATCH("Total Debt / Revenue (x)",'Language Index'!$B$8:$B$10000,0)) -> Total Debt / Revenue (x) | Y16: =INDEX('Language Index'!$A$8:$A$10000,MATCH("FFO + Cash / Short Term Debt (x)",'Language Index'!$B$8:$B$10000,0)) -> FFO + Cash / Short Term Debt (x) | Z16: =INDEX('Language Index'!$A$8:$A$10000,MATCH("FFO / Gross Profit (x)",'Language Index'!$B$8:$B$10000,0)) -> FFO / Gross Profit (x) | AA16: =INDEX('Language Index'!$A$8:$A$10000,MATCH("Basic Defense Interval (days)",'Language Index'!$B$8:$B$10000,0)) -> Basic Defense Interval (days) | AB16: =INDEX('Language Index'!$A$8:$A$10000,MATCH("Current Ratio (x)",'Language Index'!$B$8:$B$10000,0)) -> Current Ratio (x) | AC16: =INDEX('Language Index'!$A$8:$A$10000,MATCH("Quick Ratio (x)",'Language Index'!$B$8:$B$10000,0)) -> Quick Ratio (x)
A17: =_xll.ciqfunctions.udf.CIQRANGE($B$3,"IQ_CONSTITUENTS_CHP",1,10000,,,,,'Constituent Scores'!$A$6) -> ID | B17: =_xll.ciqfunctions.udf.CIQRANGE($B$3,"IQ_CONSTITUENTS_NAME_CHP",1,10000,,,,,'Constituent Scores'!$B$6) -> Name
A18: NYSE:ACN | B18: Accenture plc | C18: =IF($A18="","",_xll.ciqfunctions.udf.CIQ($A18,"IQ_PERIODDATE",IQ_LTM,IQ_TODAY,"CHP")) -> 45900 | D18: =IF($A18="","",_xll.ciqfunctions.udf.CIQ($A18,"IQ_TOTAL_REV",IQ_LTM,IQ_TODAY,"CHP",,$B$4)) -> 69672.977 | E18: =IF($A18="","",_xll.ciqfunctions.udf.CIQ($A18,"IQ_TOTAL_EQUITY",IQ_LTM,IQ_TODAY,"CHP",,$B$4)) -> 32240.967 | F18: =IF($A18="","",_xll.ciqfunctions.udf.CIQ($A18,"IQ_RETURN_CAPITAL_CHP",IQ_LTM,IQ_TODAY,"CHP")) -> 26.541 | G18: =IF($A18="","",_xll.ciqfunctions.udf.CIQ($A18,"IQ_RECURRING_EARN_ASSETS",IQ_LTM,IQ_TODAY,"CHP")) -> 16.5978 | H18: =IF($A18="","",_xll.ciqfunctions.udf.CIQ($A18,"IQ_NET_WORKING_CAP_REV",IQ_LTM,IQ_TODAY,"CHP")) -> -0.03003 | I18: =IF($A18="","",_xll.ciqfunctions.udf.CIQ($A18,"IQ_ASSET_TURNOVER",IQ_LTM,IQ_TODAY,"CHP")) -> 1.06542 | J18: =IF($A18="","",_xll.ciqfunctions.udf.CIQ($A18,"IQ_INTAN_ASSETS_REV",IQ_LTM,IQ_TODAY,"CHP")) -> 0.35806 | K18: =IF($A18="","",_xll.ciqfunctions.udf.CIQ($A18,"IQ_NET_WORKING_CAP_TOTAL_ASSETS",IQ_LTM,IQ_TODAY,"CHP")) -> -0.032 | L18: =IF($A18="","",_xll.ciqfunctions.udf.CIQ($A18,"IQ_AP_AR",IQ_LTM,IQ_TODAY,"CHP")) -> 0.17988 | M18: =IF($A18="","",_xll.ciqfunctions.udf.CIQ($A18,"IQ_MGMT_RATE_RETURN",IQ_LTM,IQ_TODAY,"CHP")) -> 490.2283 | N18: =IF($A18="","",_xll.ciqfunctions.udf.CIQ($A18,"IQ_GROSS_MARGIN",IQ_LTM,IQ_TODAY,"CHP")) -> 31.9139 | O18: =IF($A18="","",_xll.ciqfunctions.udf.CIQ($A18,"IQ_EBITDA_MARGIN",IQ_LTM,IQ_TODAY,"CHP")) -> 17.5427 | Q18: =IF($A18="","",_xll.ciqfunctions.udf.CIQ($A18,"IQ_FFO_INT",IQ_LTM,IQ_TODAY,"CHP")) -> 50.2041 | R18: =IF($A18="","",_xll.ciqfunctions.udf.CIQ($A18,"IQ_EBITDA_INT",IQ_LTM,IQ_TODAY,"CHP")) -> 57.60203 | S18: =IF($A18="","",_xll.ciqfunctions.udf.CIQ($A18,"IQ_FFO_TOTAL_DEBT",IQ_LTM,IQ_TODAY,"CHP")) -> 1.40225 | T18: =IF($A18="","",_xll.ciqfunctions.udf.CIQ($A18,"IQ_NET_DEBT_EBITDA",IQ_LTM,IQ_TODAY,"CHP")) -> NM | U18: =IF($A18="","",_xll.ciqfunctions.udf.CIQ($A18,"IQ_TOTAL_DEBT_CAP",IQ_LTM,IQ_TODAY,"CHP")) -> 20.009 | V18: =IF($A18="","",_xll.ciqfunctions.udf.CIQ($A18,"IQ_DEBT_TOTAL_LIAB",IQ_LTM,IQ_TODAY,"CHP")) -> 24.6814 | W18: =IF($A18="","",_xll.ciqfunctions.udf.CIQ($A18,"IQ_TOTAL_DEBT_TOTAL_REV",IQ_LTM,IQ_TODAY,"CHP")) -> 0.11745 | Y18: =IF($A18="","",_xll.ciqfunctions.udf.CIQ($A18,"IQ_FFO_PLUS_CASH_ST_DEBT",IQ_LTM,IQ_TODAY,"CHP")) -> 27.21924 | Z18: =IF($A18="","",_xll.ciqfunctions.udf.CIQ($A18,"IQ_FFO_GROSS_PROFIT",IQ_LTM,IQ_TODAY,"CHP")) -> 0.51604 | AA18: =IF($A18="","",_xll.ciqfunctions.udf.CIQ($A18,"IQ_BASIC_DEFENSE_INTERVAL",IQ_LTM,IQ_TODAY,"CHP")) -> 157.13396 | AB18: =IF($A18="","",_xll.ciqfunctions.udf.CIQ($A18,"IQ_CURRENT_RATIO",IQ_LTM,IQ_TODAY,"CHP")) -> 1.42003 | AC18: =IF($A18="","",_xll.ciqfunctions.udf.CIQ($A18,"IQ_QUICK_RATIO",IQ_LTM,IQ_TODAY,"CHP")) -> 1.30059
A19: ENXTPA:ATO | B19: Atos SE | C19: =IF($A19="","",_xll.ciqfunctions.udf.CIQ($A19,"IQ_PERIODDATE",IQ_LTM,IQ_TODAY,"CHP")) -> 45838 | D19: =IF($A19="","",_xll.ciqfunctions.udf.CIQ($A19,"IQ_TOTAL_REV",IQ_LTM,IQ_TODAY,"CHP",,$B$4)) -> 10164.842 | E19: =IF($A19="","",_xll.ciqfunctions.udf.CIQ($A19,"IQ_TOTAL_EQUITY",IQ_LTM,IQ_TODAY,"CHP",,$B$4)) -> -105.96962 | F19: =IF($A19="","",_xll.ciqfunctions.udf.CIQ($A19,"IQ_RETURN_CAPITAL_CHP",IQ_LTM,IQ_TODAY,"CHP")) -> -5.6973 | G19: =IF($A19="","",_xll.ciqfunctions.udf.CIQ($A19,"IQ_RECURRING_EARN_ASSETS",IQ_LTM,IQ_TODAY,"CHP")) -> NM | H19: =IF($A19="","",_xll.ciqfunctions.udf.CIQ($A19,"IQ_NET_WORKING_CAP_REV",IQ_LTM,IQ_TODAY,"CHP")) -> 0.05074 | I19: =IF($A19="","",_xll.ciqfunctions.udf.CIQ($A19,"IQ_ASSET_TURNOVER",IQ_LTM,IQ_TODAY,"CHP")) -> 1.20304 | J19: =IF($A19="","",_xll.ciqfunctions.udf.CIQ($A19,"IQ_INTAN_ASSETS_REV",IQ_LTM,IQ_TODAY,"CHP")) -> 0.10193 | K19: =IF($A19="","",_xll.ciqfunctions.udf.CIQ($A19,"IQ_NET_WORKING_CAP_TOTAL_ASSETS",IQ_LTM,IQ_TODAY,"CHP")) -> 0.06104 | L19: =IF($A19="","",_xll.ciqfunctions.udf.CIQ($A19,"IQ_AP_AR",IQ_LTM,IQ_TODAY,"CHP")) -> 0.45651 | M19: =IF($A19="","",_xll.ciqfunctions.udf.CIQ($A19,"IQ_MGMT_RATE_RETURN",IQ_LTM,IQ_TODAY,"CHP")) -> -11.4145 | N19: =IF($A19="","",_xll.ciqfunctions.udf.CIQ($A19,"IQ_GROSS_MARGIN",IQ_LTM,IQ_TODAY,"CHP")) -> 2.2587 | O19: =IF($A19="","",_xll.ciqfunctions.udf.CIQ($A19,"IQ_EBITDA_MARGIN",IQ_LTM,IQ_TODAY,"CHP")) -> 1.6216 | Q19: =IF($A19="","",_xll.ciqfunctions.udf.CIQ($A19,"IQ_FFO_INT",IQ_LTM,IQ_TODAY,"CHP")) -> 0.08585 | R19: =IF($A19="","",_xll.ciqfunctions.udf.CIQ($A19,"IQ_EBITDA_INT",IQ_LTM,IQ_TODAY,"CHP")) -> 0.83063 | S19: =IF($A19="","",_xll.ciqfunctions.udf.CIQ($A19,"IQ_FFO_TOTAL_DEBT",IQ_LTM,IQ_TODAY,"CHP")) -> 0.01315 | T19: =IF($A19="","",_xll.ciqfunctions.udf.CIQ($A19,"IQ_NET_DEBT_EBITDA",IQ_LTM,IQ_TODAY,"CHP")) -> 4.04749 | U19: =IF($A19="","",_xll.ciqfunctions.udf.CIQ($A19,"IQ_TOTAL_DEBT_CAP",IQ_LTM,IQ_TODAY,"CHP")) -> 98.3222 | V19: =IF($A19="","",_xll.ciqfunctions.udf.CIQ($A19,"IQ_DEBT_TOTAL_LIAB",IQ_LTM,IQ_TODAY,"CHP")) -> 38.7145 | W19: =IF($A19="","",_xll.ciqfunctions.udf.CIQ($A19,"IQ_TOTAL_DEBT_TOTAL_REV",IQ_LTM,IQ_TODAY,"CHP")) -> 0.32584 | Y19: =IF($A19="","",_xll.ciqfunctions.udf.CIQ($A19,"IQ_FFO_PLUS_CASH_ST_DEBT",IQ_LTM,IQ_TODAY,"CHP")) -> 6.97015 | Z19: =IF($A19="","",_xll.ciqfunctions.udf.CIQ($A19,"IQ_FFO_GROSS_PROFIT",IQ_LTM,IQ_TODAY,"CHP")) -> 0.18974 | AA19: =IF($A19="","",_xll.ciqfunctions.udf.CIQ($A19,"IQ_BASIC_DEFENSE_INTERVAL",IQ_LTM,IQ_TODAY,"CHP")) -> 156.074 | AB19: =IF($A19="","",_xll.ciqfunctions.udf.CIQ($A19,"IQ_CURRENT_RATIO",IQ_LTM,IQ_TODAY,"CHP")) -> 1.47325 | AC19: =IF($A19="","",_xll.ciqfunctions.udf.CIQ($A19,"IQ_QUICK_RATIO",IQ_LTM,IQ_TODAY,"CHP")) -> 1.19066
A20: XTRA:BC8 | B20: Bechtle AG | C20: =IF($A20="","",_xll.ciqfunctions.udf.CIQ($A20,"IQ_PERIODDATE",IQ_LTM,IQ_TODAY,"CHP")) -> 45930 | D20: =IF($A20="","",_xll.ciqfunctions.udf.CIQ($A20,"IQ_TOTAL_REV",IQ_LTM,IQ_TODAY,"CHP",,$B$4)) -> 7479.8952 | E20: =IF($A20="","",_xll.ciqfunctions.udf.CIQ($A20,"IQ_TOTAL_EQUITY",IQ_LTM,IQ_TODAY,"CHP",,$B$4)) -> 2312.787 | F20: =IF($A20="","",_xll.ciqfunctions.udf.CIQ($A20,"IQ_RETURN_CAPITAL_CHP",IQ_LTM,IQ_TODAY,"CHP")) -> 11.3181 | G20: =IF($A20="","",_xll.ciqfunctions.udf.CIQ($A20,"IQ_RECURRING_EARN_ASSETS",IQ_LTM,IQ_TODAY,"CHP")) -> 7.5814 | H20: =IF($A20="","",_xll.ciqfunctions.udf.CIQ($A20,"IQ_NET_WORKING_CAP_REV",IQ_LTM,IQ_TODAY,"CHP")) -> 0.09732 | I20: =IF($A20="","",_xll.ciqfunctions.udf.CIQ($A20,"IQ_ASSET_TURNOVER",IQ_LTM,IQ_TODAY,"CHP")) -> 1.5499 | J20: =IF($A20="","",_xll.ciqfunctions.udf.CIQ($A20,"IQ_INTAN_ASSETS_REV",IQ_LTM,IQ_TODAY,"CHP")) -> 0.17032 | K20: =IF($A20="","",_xll.ciqfunctions.udf.CIQ($A20,"IQ_NET_WORKING_CAP_TOTAL_ASSETS",IQ_LTM,IQ_TODAY,"CHP")) -> 0.15084 | L20: =IF($A20="","",_xll.ciqfunctions.udf.CIQ($A20,"IQ_AP_AR",IQ_LTM,IQ_TODAY,"CHP")) -> 0.68393 | M20: =IF($A20="","",_xll.ciqfunctions.udf.CIQ($A20,"IQ_MGMT_RATE_RETURN",IQ_LTM,IQ_TODAY,"CHP")) -> 27.2409 | N20: =IF($A20="","",_xll.ciqfunctions.udf.CIQ($A20,"IQ_GROSS_MARGIN",IQ_LTM,IQ_TODAY,"CHP")) -> 18.0703 | O20: =IF($A20="","",_xll.ciqfunctions.udf.CIQ($A20,"IQ_EBITDA_MARGIN",IQ_LTM,IQ_TODAY,"CHP")) -> 6.1214 | Q20: =IF($A20="","",_xll.ciqfunctions.udf.CIQ($A20,"IQ_FFO_INT",IQ_LTM,IQ_TODAY,"CHP")) -> 16.13177 | R20: =IF($A20="","",_xll.ciqfunctions.udf.CIQ($A20,"IQ_EBITDA_INT",IQ_LTM,IQ_TODAY,"CHP")) -> 17.35134 | S20: =IF($A20="","",_xll.ciqfunctions.udf.CIQ($A20,"IQ_FFO_TOTAL_DEBT",IQ_LTM,IQ_TODAY,"CHP")) -> 0.56803 | T20: =IF($A20="","",_xll.ciqfunctions.udf.CIQ($A20,"IQ_NET_DEBT_EBITDA",IQ_LTM,IQ_TODAY,"CHP")) -> 0.50564 | U20: =IF($A20="","",_xll.ciqfunctions.udf.CIQ($A20,"IQ_TOTAL_DEBT_CAP",IQ_LTM,IQ_TODAY,"CHP")) -> 26.7918 | V20: =IF($A20="","",_xll.ciqfunctions.udf.CIQ($A20,"IQ_DEBT_TOTAL_LIAB",IQ_LTM,IQ_TODAY,"CHP")) -> 34.4613 | W20: =IF($A20="","",_xll.ciqfunctions.udf.CIQ($A20,"IQ_TOTAL_DEBT_TOTAL_REV",IQ_LTM,IQ_TODAY,"CHP")) -> 0.11579 | Y20: =IF($A20="","",_xll.ciqfunctions.udf.CIQ($A20,"IQ_FFO_PLUS_CASH_ST_DEBT",IQ_LTM,IQ_TODAY,"CHP")) -> 6.25168 | Z20: =IF($A20="","",_xll.ciqfunctions.udf.CIQ($A20,"IQ_FFO_GROSS_PROFIT",IQ_LTM,IQ_TODAY,"CHP")) -> 0.36398 | AA20: =IF($A20="","",_xll.ciqfunctions.udf.CIQ($A20,"IQ_BASIC_DEFENSE_INTERVAL",IQ_LTM,IQ_TODAY,"CHP")) -> 95.44823 | AB20: =IF($A20="","",_xll.ciqfunctions.udf.CIQ($A20,"IQ_CURRENT_RATIO",IQ_LTM,IQ_TODAY,"CHP")) -> 1.67979 | AC20: =IF($A20="","",_xll.ciqfunctions.udf.CIQ($A20,"IQ_QUICK_RATIO",IQ_LTM,IQ_TODAY,"CHP")) -> 1.11868
A21: ENXTPA:CAP | B21: Capgemini SE | C21: =IF($A21="","",_xll.ciqfunctions.udf.CIQ($A21,"IQ_PERIODDATE",IQ_LTM,IQ_TODAY,"CHP")) -> 45838 | D21: =IF($A21="","",_xll.ciqfunctions.udf.CIQ($A21,"IQ_TOTAL_REV",IQ_LTM,IQ_TODAY,"CHP",,$B$4)) -> 25980.219 | E21: =IF($A21="","",_xll.ciqfunctions.udf.CIQ($A21,"IQ_TOTAL_EQUITY",IQ_LTM,IQ_TODAY,"CHP",,$B$4)) -> 12945.955 | F21: =IF($A21="","",_xll.ciqfunctions.udf.CIQ($A21,"IQ_RETURN_CAPITAL_CHP",IQ_LTM,IQ_TODAY,"CHP")) -> 14.1515 | G21: =IF($A21="","",_xll.ciqfunctions.udf.CIQ($A21,"IQ_RECURRING_EARN_ASSETS",IQ_LTM,IQ_TODAY,"CHP")) -> 10.0725 | H21: =IF($A21="","",_xll.ciqfunctions.udf.CIQ($A21,"IQ_NET_WORKING_CAP_REV",IQ_LTM,IQ_TODAY,"CHP")) -> 0.03222 | I21: =IF($A21="","",_xll.ciqfunctions.udf.CIQ($A21,"IQ_ASSET_TURNOVER",IQ_LTM,IQ_TODAY,"CHP")) -> 0.90493 | J21: =IF($A21="","",_xll.ciqfunctions.udf.CIQ($A21,"IQ_INTAN_ASSETS_REV",IQ_LTM,IQ_TODAY,"CHP")) -> 0.55962 | K21: =IF($A21="","",_xll.ciqfunctions.udf.CIQ($A21,"IQ_NET_WORKING_CAP_TOTAL_ASSETS",IQ_LTM,IQ_TODAY,"CHP")) -> 0.02916 | L21: =IF($A21="","",_xll.ciqfunctions.udf.CIQ($A21,"IQ_AP_AR",IQ_LTM,IQ_TODAY,"CHP")) -> 0.82021 | M21: =IF($A21="","",_xll.ciqfunctions.udf.CIQ($A21,"IQ_MGMT_RATE_RETURN",IQ_LTM,IQ_TODAY,"CHP")) -> 110.7803 | N21: =IF($A21="","",_xll.ciqfunctions.udf.CIQ($A21,"IQ_GROSS_MARGIN",IQ_LTM,IQ_TODAY,"CHP")) -> 27.2558 | O21: =IF($A21="","",_xll.ciqfunctions.udf.CIQ($A21,"IQ_EBITDA_MARGIN",IQ_LTM,IQ_TODAY,"CHP")) -> 12.9299 | Q21: =IF($A21="","",_xll.ciqfunctions.udf.CIQ($A21,"IQ_FFO_INT",IQ_LTM,IQ_TODAY,"CHP")) -> 14.52381 | R21: =IF($A21="","",_xll.ciqfunctions.udf.CIQ($A21,"IQ_EBITDA_INT",IQ_LTM,IQ_TODAY,"CHP")) -> 18.75 | S21: =IF($A21="","",_xll.ciqfunctions.udf.CIQ($A21,"IQ_FFO_TOTAL_DEBT",IQ_LTM,IQ_TODAY,"CHP")) -> 0.40184 | T21: =IF($A21="","",_xll.ciqfunctions.udf.CIQ($A21,"IQ_NET_DEBT_EBITDA",IQ_LTM,IQ_TODAY,"CHP")) -> 1.25778 | U21: =IF($A21="","",_xll.ciqfunctions.udf.CIQ($A21,"IQ_TOTAL_DEBT_CAP",IQ_LTM,IQ_TODAY,"CHP")) -> 34.987 | V21: =IF($A21="","",_xll.ciqfunctions.udf.CIQ($A21,"IQ_DEBT_TOTAL_LIAB",IQ_LTM,IQ_TODAY,"CHP")) -> 45.354 | W21: =IF($A21="","",_xll.ciqfunctions.udf.CIQ($A21,"IQ_TOTAL_DEBT_TOTAL_REV",IQ_LTM,IQ_TODAY,"CHP")) -> 0.27519 | Y21: =IF($A21="","",_xll.ciqfunctions.udf.CIQ($A21,"IQ_FFO_PLUS_CASH_ST_DEBT",IQ_LTM,IQ_TODAY,"CHP")) -> 2.31906 | Z21: =IF($A21="","",_xll.ciqfunctions.udf.CIQ($A21,"IQ_FFO_GROSS_PROFIT",IQ_LTM,IQ_TODAY,"CHP")) -> 0.40572 | AA21: =IF($A21="","",_xll.ciqfunctions.udf.CIQ($A21,"IQ_BASIC_DEFENSE_INTERVAL",IQ_LTM,IQ_TODAY,"CHP")) -> 141.54664 | AB21: =IF($A21="","",_xll.ciqfunctions.udf.CIQ($A21,"IQ_CURRENT_RATIO",IQ_LTM,IQ_TODAY,"CHP")) -> 1.10672 | AC21: =IF($A21="","",_xll.ciqfunctions.udf.CIQ($A21,"IQ_QUICK_RATIO",IQ_LTM,IQ_TODAY,"CHP")) -> 0.98248
A22: TSX:GIB.A | B22: CGI Inc. | C22: =IF($A22="","",_xll.ciqfunctions.udf.CIQ($A22,"IQ_PERIODDATE",IQ_LTM,IQ_TODAY,"CHP")) -> 45930 | D22: =IF($A22="","",_xll.ciqfunctions.udf.CIQ($A22,"IQ_TOTAL_REV",IQ_LTM,IQ_TODAY,"CHP",,$B$4)) -> 11577.063 | E22: =IF($A22="","",_xll.ciqfunctions.udf.CIQ($A22,"IQ_TOTAL_EQUITY",IQ_LTM,IQ_TODAY,"CHP",,$B$4)) -> 7480.7799 | F22: =IF($A22="","",_xll.ciqfunctions.udf.CIQ($A22,"IQ_RETURN_CAPITAL_CHP",IQ_LTM,IQ_TODAY,"CHP")) -> 17.6158 | G22: =IF($A22="","",_xll.ciqfunctions.udf.CIQ($A22,"IQ_RECURRING_EARN_ASSETS",IQ_LTM,IQ_TODAY,"CHP")) -> 13.3771 | H22: =IF($A22="","",_xll.ciqfunctions.udf.CIQ($A22,"IQ_NET_WORKING_CAP_REV",IQ_LTM,IQ_TODAY,"CHP")) -> 0.00657 | I22: =IF($A22="","",_xll.ciqfunctions.udf.CIQ($A22,"IQ_ASSET_TURNOVER",IQ_LTM,IQ_TODAY,"CHP")) -> 0.81512 | J22: =IF($A22="","",_xll.ciqfunctions.udf.CIQ($A22,"IQ_INTAN_ASSETS_REV",IQ_LTM,IQ_TODAY,"CHP")) -> 0.79388 | K22: =IF($A22="","",_xll.ciqfunctions.udf.CIQ($A22,"IQ_NET_WORKING_CAP_TOTAL_ASSETS",IQ_LTM,IQ_TODAY,"CHP")) -> 0.00535 | L22: =IF($A22="","",_xll.ciqfunctions.udf.CIQ($A22,"IQ_AP_AR",IQ_LTM,IQ_TODAY,"CHP")) -> 0.3743 | M22: =IF($A22="","",_xll.ciqfunctions.udf.CIQ($A22,"IQ_MGMT_RATE_RETURN",IQ_LTM,IQ_TODAY,"CHP")) -> 254.9326 | N22: =IF($A22="","",_xll.ciqfunctions.udf.CIQ($A22,"IQ_GROSS_MARGIN",IQ_LTM,IQ_TODAY,"CHP")) -> 20.5759 | O22: =IF($A22="","",_xll.ciqfunctions.udf.CIQ($A22,"IQ_EBITDA_MARGIN",IQ_LTM,IQ_TODAY,"CHP")) -> 17.7646 | Q22: =IF($A22="","",_xll.ciqfunctions.udf.CIQ($A22,"IQ_FFO_INT",IQ_LTM,IQ_TODAY,"CHP")) -> 20.06139 | R22: =IF($A22="","",_xll.ciqfunctions.udf.CIQ($A22,"IQ_EBITDA_INT",IQ_LTM,IQ_TODAY,"CHP")) -> 26.62402 | S22: =IF($A22="","",_xll.ciqfunctions.udf.CIQ($A22,"IQ_FFO_TOTAL_DEBT",IQ_LTM,IQ_TODAY,"CHP")) -> 0.49976 | T22: =IF($A22="","",_xll.ciqfunctions.udf.CIQ($A22,"IQ_NET_DEBT_EBITDA",IQ_LTM,IQ_TODAY,"CHP")) -> 1.21502 | U22: =IF($A22="","",_xll.ciqfunctions.udf.CIQ($A22,"IQ_TOTAL_DEBT_CAP",IQ_LTM,IQ_TODAY,"CHP")) -> 30.1561 | V22: =IF($A22="","",_xll.ciqfunctions.udf.CIQ($A22,"IQ_DEBT_TOTAL_LIAB",IQ_LTM,IQ_TODAY,"CHP")) -> 48.3847 | W22: =IF($A22="","",_xll.ciqfunctions.udf.CIQ($A22,"IQ_TOTAL_DEBT_TOTAL_REV",IQ_LTM,IQ_TODAY,"CHP")) -> 0.28094 | Y22: =IF($A22="","",_xll.ciqfunctions.udf.CIQ($A22,"IQ_FFO_PLUS_CASH_ST_DEBT",IQ_LTM,IQ_TODAY,"CHP")) -> 3.03721 | Z22: =IF($A22="","",_xll.ciqfunctions.udf.CIQ($A22,"IQ_FFO_GROSS_PROFIT",IQ_LTM,IQ_TODAY,"CHP")) -> 0.68237 | AA22: =IF($A22="","",_xll.ciqfunctions.udf.CIQ($A22,"IQ_BASIC_DEFENSE_INTERVAL",IQ_LTM,IQ_TODAY,"CHP")) -> 101.13931 | AB22: =IF($A22="","",_xll.ciqfunctions.udf.CIQ($A22,"IQ_CURRENT_RATIO",IQ_LTM,IQ_TODAY,"CHP")) -> 0.9904 | AC22: =IF($A22="","",_xll.ciqfunctions.udf.CIQ($A22,"IQ_QUICK_RATIO",IQ_LTM,IQ_TODAY,"CHP")) -> 0.76014
A23: NasdaqGS:CTSH | B23: Cognizant Technology Solutions Corporation | C23: =IF($A23="","",_xll.ciqfunctions.udf.CIQ($A23,"IQ_PERIODDATE",IQ_LTM,IQ_TODAY,"CHP")) -> 45930 | D23: =IF($A23="","",_xll.ciqfunctions.udf.CIQ($A23,"IQ_TOTAL_REV",IQ_LTM,IQ_TODAY,"CHP",,$B$4)) -> 20857 | E23: =IF($A23="","",_xll.ciqfunctions.udf.CIQ($A23,"IQ_TOTAL_EQUITY",IQ_LTM,IQ_TODAY,"CHP",,$B$4)) -> 14897 | F23: =IF($A23="","",_xll.ciqfunctions.udf.CIQ($A23,"IQ_RETURN_CAPITAL_CHP",IQ_LTM,IQ_TODAY,"CHP")) -> 20.1663 | G23: =IF($A23="","",_xll.ciqfunctions.udf.CIQ($A23,"IQ_RECURRING_EARN_ASSETS",IQ_LTM,IQ_TODAY,"CHP")) -> 16.261 | H23: =IF($A23="","",_xll.ciqfunctions.udf.CIQ($A23,"IQ_NET_WORKING_CAP_REV",IQ_LTM,IQ_TODAY,"CHP")) -> 0.11958 | I23: =IF($A23="","",_xll.ciqfunctions.udf.CIQ($A23,"IQ_ASSET_TURNOVER",IQ_LTM,IQ_TODAY,"CHP")) -> 1.03591 | J23: =IF($A23="","",_xll.ciqfunctions.udf.CIQ($A23,"IQ_INTAN_ASSETS_REV",IQ_LTM,IQ_TODAY,"CHP")) -> 0.41099 | K23: =IF($A23="","",_xll.ciqfunctions.udf.CIQ($A23,"IQ_NET_WORKING_CAP_TOTAL_ASSETS",IQ_LTM,IQ_TODAY,"CHP")) -> 0.12387 | L23: =IF($A23="","",_xll.ciqfunctions.udf.CIQ($A23,"IQ_AP_AR",IQ_LTM,IQ_TODAY,"CHP")) -> 0.06468 | M23: =IF($A23="","",_xll.ciqfunctions.udf.CIQ($A23,"IQ_MGMT_RATE_RETURN",IQ_LTM,IQ_TODAY,"CHP")) -> 81.4225 | N23: =IF($A23="","",_xll.ciqfunctions.udf.CIQ($A23,"IQ_GROSS_MARGIN",IQ_LTM,IQ_TODAY,"CHP")) -> 34.0557 | O23: =IF($A23="","",_xll.ciqfunctions.udf.CIQ($A23,"IQ_EBITDA_MARGIN",IQ_LTM,IQ_TODAY,"CHP")) -> 18.1138 | Q23: =IF($A23="","",_xll.ciqfunctions.udf.CIQ($A23,"IQ_FFO_INT",IQ_LTM,IQ_TODAY,"CHP")) -> 61.35417 | R23: =IF($A23="","",_xll.ciqfunctions.udf.CIQ($A23,"IQ_EBITDA_INT",IQ_LTM,IQ_TODAY,"CHP")) -> 82 | S23: =IF($A23="","",_xll.ciqfunctions.udf.CIQ($A23,"IQ_FFO_TOTAL_DEBT",IQ_LTM,IQ_TODAY,"CHP")) -> 2.51709 | T23: =IF($A23="","",_xll.ciqfunctions.udf.CIQ($A23,"IQ_NET_DEBT_EBITDA",IQ_LTM,IQ_TODAY,"CHP")) -> NM | U23: =IF($A23="","",_xll.ciqfunctions.udf.CIQ($A23,"IQ_TOTAL_DEBT_CAP",IQ_LTM,IQ_TODAY,"CHP")) -> 7.2066 | V23: =IF($A23="","",_xll.ciqfunctions.udf.CIQ($A23,"IQ_DEBT_TOTAL_LIAB",IQ_LTM,IQ_TODAY,"CHP")) -> 22.341 | W23: =IF($A23="","",_xll.ciqfunctions.udf.CIQ($A23,"IQ_TOTAL_DEBT_TOTAL_REV",IQ_LTM,IQ_TODAY,"CHP")) -> 0.0561 | Y23: =IF($A23="","",_xll.ciqfunctions.udf.CIQ($A23,"IQ_FFO_PLUS_CASH_ST_DEBT",IQ_LTM,IQ_TODAY,"CHP")) -> 28.3369 | Z23: =IF($A23="","",_xll.ciqfunctions.udf.CIQ($A23,"IQ_FFO_GROSS_PROFIT",IQ_LTM,IQ_TODAY,"CHP")) -> 0.41461 | AA23: =IF($A23="","",_xll.ciqfunctions.udf.CIQ($A23,"IQ_BASIC_DEFENSE_INTERVAL",IQ_LTM,IQ_TODAY,"CHP")) -> 130.58496 | AB23: =IF($A23="","",_xll.ciqfunctions.udf.CIQ($A23,"IQ_CURRENT_RATIO",IQ_LTM,IQ_TODAY,"CHP")) -> 2.3577 | AC23: =IF($A23="","",_xll.ciqfunctions.udf.CIQ($A23,"IQ_QUICK_RATIO",IQ_LTM,IQ_TODAY,"CHP")) -> 1.96475
A24: LSE:CCC | B24: Computacenter plc | C24: =IF($A24="","",_xll.ciqfunctions.udf.CIQ($A24,"IQ_PERIODDATE",IQ_LTM,IQ_TODAY,"CHP")) -> 45838 | D24: =IF($A24="","",_xll.ciqfunctions.udf.CIQ($A24,"IQ_TOTAL_REV",IQ_LTM,IQ_TODAY,"CHP",,$B$4)) -> 10540.04 | E24: =IF($A24="","",_xll.ciqfunctions.udf.CIQ($A24,"IQ_TOTAL_EQUITY",IQ_LTM,IQ_TODAY,"CHP",,$B$4)) -> 1143.1871 | F24: =IF($A24="","",_xll.ciqfunctions.udf.CIQ($A24,"IQ_RETURN_CAPITAL_CHP",IQ_LTM,IQ_TODAY,"CHP")) -> 22.653 | G24: =IF($A24="","",_xll.ciqfunctions.udf.CIQ($A24,"IQ_RECURRING_EARN_ASSETS",IQ_LTM,IQ_TODAY,"CHP")) -> 7.7745 | H24: =IF($A24="","",_xll.ciqfunctions.udf.CIQ($A24,"IQ_NET_WORKING_CAP_REV",IQ_LTM,IQ_TODAY,"CHP")) -> 0.02408 | I24: =IF($A24="","",_xll.ciqfunctions.udf.CIQ($A24,"IQ_ASSET_TURNOVER",IQ_LTM,IQ_TODAY,"CHP")) -> 2.57286 | J24: =IF($A24="","",_xll.ciqfunctions.udf.CIQ($A24,"IQ_INTAN_ASSETS_REV",IQ_LTM,IQ_TODAY,"CHP")) -> 0.03777 | K24: =IF($A24="","",_xll.ciqfunctions.udf.CIQ($A24,"IQ_NET_WORKING_CAP_TOTAL_ASSETS",IQ_LTM,IQ_TODAY,"CHP")) -> 0.06195 | L24: =IF($A24="","",_xll.ciqfunctions.udf.CIQ($A24,"IQ_AP_AR",IQ_LTM,IQ_TODAY,"CHP")) -> 1.01769 | M24: =IF($A24="","",_xll.ciqfunctions.udf.CIQ($A24,"IQ_MGMT_RATE_RETURN",IQ_LTM,IQ_TODAY,"CHP")) -> 55.2527 | N24: =IF($A24="","",_xll.ciqfunctions.udf.CIQ($A24,"IQ_GROSS_MARGIN",IQ_LTM,IQ_TODAY,"CHP")) -> 13.5927 | O24: =IF($A24="","",_xll.ciqfunctions.udf.CIQ($A24,"IQ_EBITDA_MARGIN",IQ_LTM,IQ_TODAY,"CHP")) -> 3.4548 | Q24: =IF($A24="","",_xll.ciqfunctions.udf.CIQ($A24,"IQ_FFO_INT",IQ_LTM,IQ_TODAY,"CHP")) -> 23.8 | R24: =IF($A24="","",_xll.ciqfunctions.udf.CIQ($A24,"IQ_EBITDA_INT",IQ_LTM,IQ_TODAY,"CHP")) -> 29.84762 | S24: =IF($A24="","",_xll.ciqfunctions.udf.CIQ($A24,"IQ_FFO_TOTAL_DEBT",IQ_LTM,IQ_TODAY,"CHP")) -> 1.33923 | T24: =IF($A24="","",_xll.ciqfunctions.udf.CIQ($A24,"IQ_NET_DEBT_EBITDA",IQ_LTM,IQ_TODAY,"CHP")) -> NM | U24: =IF($A24="","",_xll.ciqfunctions.udf.CIQ($A24,"IQ_TOTAL_DEBT_CAP",IQ_LTM,IQ_TODAY,"CHP")) -> 17.8206 | V24: =IF($A24="","",_xll.ciqfunctions.udf.CIQ($A24,"IQ_DEBT_TOTAL_LIAB",IQ_LTM,IQ_TODAY,"CHP")) -> 8.4833 | W24: =IF($A24="","",_xll.ciqfunctions.udf.CIQ($A24,"IQ_TOTAL_DEBT_TOTAL_REV",IQ_LTM,IQ_TODAY,"CHP")) -> 0.02377 | Y24: =IF($A24="","",_xll.ciqfunctions.udf.CIQ($A24,"IQ_FFO_PLUS_CASH_ST_DEBT",IQ_LTM,IQ_TODAY,"CHP")) -> 12.23725 | Z24: =IF($A24="","",_xll.ciqfunctions.udf.CIQ($A24,"IQ_FFO_GROSS_PROFIT",IQ_LTM,IQ_TODAY,"CHP")) -> 0.23421 | AA24: =IF($A24="","",_xll.ciqfunctions.udf.CIQ($A24,"IQ_BASIC_DEFENSE_INTERVAL",IQ_LTM,IQ_TODAY,"CHP")) -> 94.04189 | AB24: =IF($A24="","",_xll.ciqfunctions.udf.CIQ($A24,"IQ_CURRENT_RATIO",IQ_LTM,IQ_TODAY,"CHP")) -> 1.22096 | AC24: =IF($A24="","",_xll.ciqfunctions.udf.CIQ($A24,"IQ_QUICK_RATIO",IQ_LTM,IQ_TODAY,"CHP")) -> 0.98221
A25: NYSE:DXC | B25: DXC Technology Company | C25: =IF($A25="","",_xll.ciqfunctions.udf.CIQ($A25,"IQ_PERIODDATE",IQ_LTM,IQ_TODAY,"CHP")) -> 45930 | D25: =IF($A25="","",_xll.ciqfunctions.udf.CIQ($A25,"IQ_TOTAL_REV",IQ_LTM,IQ_TODAY,"CHP",,$B$4)) -> 12714 | E25: =IF($A25="","",_xll.ciqfunctions.udf.CIQ($A25,"IQ_TOTAL_EQUITY",IQ_LTM,IQ_TODAY,"CHP",,$B$4)) -> 3336 | F25: =IF($A25="","",_xll.ciqfunctions.udf.CIQ($A25,"IQ_RETURN_CAPITAL_CHP",IQ_LTM,IQ_TODAY,"CHP")) -> 10.5603 | G25: =IF($A25="","",_xll.ciqfunctions.udf.CIQ($A25,"IQ_RECURRING_EARN_ASSETS",IQ_LTM,IQ_TODAY,"CHP")) -> 6.2435 | H25: =IF($A25="","",_xll.ciqfunctions.udf.CIQ($A25,"IQ_NET_WORKING_CAP_REV",IQ_LTM,IQ_TODAY,"CHP")) -> 0.03075 | I25: =IF($A25="","",_xll.ciqfunctions.udf.CIQ($A25,"IQ_ASSET_TURNOVER",IQ_LTM,IQ_TODAY,"CHP")) -> 0.93609 | J25: =IF($A25="","",_xll.ciqfunctions.udf.CIQ($A25,"IQ_INTAN_ASSETS_REV",IQ_LTM,IQ_TODAY,"CHP")) -> 0.18845 | K25: =IF($A25="","",_xll.ciqfunctions.udf.CIQ($A25,"IQ_NET_WORKING_CAP_TOTAL_ASSETS",IQ_LTM,IQ_TODAY,"CHP")) -> 0.02879 | L25: =IF($A25="","",_xll.ciqfunctions.udf.CIQ($A25,"IQ_AP_AR",IQ_LTM,IQ_TODAY,"CHP")) -> 0.30773 | M25: =IF($A25="","",_xll.ciqfunctions.udf.CIQ($A25,"IQ_MGMT_RATE_RETURN",IQ_LTM,IQ_TODAY,"CHP")) -> 37.1929 | N25: =IF($A25="","",_xll.ciqfunctions.udf.CIQ($A25,"IQ_GROSS_MARGIN",IQ_LTM,IQ_TODAY,"CHP")) -> 24.587 | O25: =IF($A25="","",_xll.ciqfunctions.udf.CIQ($A25,"IQ_EBITDA_MARGIN",IQ_LTM,IQ_TODAY,"CHP")) -> 15.0542 | Q25: =IF($A25="","",_xll.ciqfunctions.udf.CIQ($A25,"IQ_FFO_INT",IQ_LTM,IQ_TODAY,"CHP")) -> 6.75325 | R25: =IF($A25="","",_xll.ciqfunctions.udf.CIQ($A25,"IQ_EBITDA_INT",IQ_LTM,IQ_TODAY,"CHP")) -> 9.88745 | S25: =IF($A25="","",_xll.ciqfunctions.udf.CIQ($A25,"IQ_FFO_TOTAL_DEBT",IQ_LTM,IQ_TODAY,"CHP")) -> 0.33234 | T25: =IF($A25="","",_xll.ciqfunctions.udf.CIQ($A25,"IQ_NET_DEBT_EBITDA",IQ_LTM,IQ_TODAY,"CHP")) -> 1.22855 | U25: =IF($A25="","",_xll.ciqfunctions.udf.CIQ($A25,"IQ_TOTAL_DEBT_CAP",IQ_LTM,IQ_TODAY,"CHP")) -> 58.4557 | V25: =IF($A25="","",_xll.ciqfunctions.udf.CIQ($A25,"IQ_DEBT_TOTAL_LIAB",IQ_LTM,IQ_TODAY,"CHP")) -> 45.813 | W25: =IF($A25="","",_xll.ciqfunctions.udf.CIQ($A25,"IQ_TOTAL_DEBT_TOTAL_REV",IQ_LTM,IQ_TODAY,"CHP")) -> 0.3692 | Y25: =IF($A25="","",_xll.ciqfunctions.udf.CIQ($A25,"IQ_FFO_PLUS_CASH_ST_DEBT",IQ_LTM,IQ_TODAY,"CHP")) -> 1.86479 | Z25: =IF($A25="","",_xll.ciqfunctions.udf.CIQ($A25,"IQ_FFO_GROSS_PROFIT",IQ_LTM,IQ_TODAY,"CHP")) -> 0.49904 | AA25: =IF($A25="","",_xll.ciqfunctions.udf.CIQ($A25,"IQ_BASIC_DEFENSE_INTERVAL",IQ_LTM,IQ_TODAY,"CHP")) -> 141.04659 | AB25: =IF($A25="","",_xll.ciqfunctions.udf.CIQ($A25,"IQ_CURRENT_RATIO",IQ_LTM,IQ_TODAY,"CHP")) -> 1.08585 | AC25: =IF($A25="","",_xll.ciqfunctions.udf.CIQ($A25,"IQ_QUICK_RATIO",IQ_LTM,IQ_TODAY,"CHP")) -> 0.95508
A26: TSE:6702 | B26: Fujitsu Limited | C26: =IF($A26="","",_xll.ciqfunctions.udf.CIQ($A26,"IQ_PERIODDATE",IQ_LTM,IQ_TODAY,"CHP")) -> 45930 | D26: =IF($A26="","",_xll.ciqfunctions.udf.CIQ($A26,"IQ_TOTAL_REV",IQ_LTM,IQ_TODAY,"CHP",,$B$4)) -> 22090.909 | E26: =IF($A26="","",_xll.ciqfunctions.udf.CIQ($A26,"IQ_TOTAL_EQUITY",IQ_LTM,IQ_TODAY,"CHP",,$B$4)) -> 12861.485 | F26: =IF($A26="","",_xll.ciqfunctions.udf.CIQ($A26,"IQ_RETURN_CAPITAL_CHP",IQ_LTM,IQ_TODAY,"CHP")) -> 13.0685 | G26: =IF($A26="","",_xll.ciqfunctions.udf.CIQ($A26,"IQ_RECURRING_EARN_ASSETS",IQ_LTM,IQ_TODAY,"CHP")) -> 8.8498 | H26: =IF($A26="","",_xll.ciqfunctions.udf.CIQ($A26,"IQ_NET_WORKING_CAP_REV",IQ_LTM,IQ_TODAY,"CHP")) -> 0.09994 | I26: =IF($A26="","",_xll.ciqfunctions.udf.CIQ($A26,"IQ_ASSET_TURNOVER",IQ_LTM,IQ_TODAY,"CHP")) -> 1.05133 | J26: =IF($A26="","",_xll.ciqfunctions.udf.CIQ($A26,"IQ_INTAN_ASSETS_REV",IQ_LTM,IQ_TODAY,"CHP")) -> 0.09297 | K26: =IF($A26="","",_xll.ciqfunctions.udf.CIQ($A26,"IQ_NET_WORKING_CAP_TOTAL_ASSETS",IQ_LTM,IQ_TODAY,"CHP")) -> 0.10507 | L26: =IF($A26="","",_xll.ciqfunctions.udf.CIQ($A26,"IQ_AP_AR",IQ_LTM,IQ_TODAY,"CHP")) -> 0.65439 | M26: =IF($A26="","",_xll.ciqfunctions.udf.CIQ($A26,"IQ_MGMT_RATE_RETURN",IQ_LTM,IQ_TODAY,"CHP")) -> 41.047 | N26: =IF($A26="","",_xll.ciqfunctions.udf.CIQ($A26,"IQ_GROSS_MARGIN",IQ_LTM,IQ_TODAY,"CHP")) -> 34.6868 | O26: =IF($A26="","",_xll.ciqfunctions.udf.CIQ($A26,"IQ_EBITDA_MARGIN",IQ_LTM,IQ_TODAY,"CHP")) -> 12.7259 | Q26: =IF($A26="","",_xll.ciqfunctions.udf.CIQ($A26,"IQ_FFO_INT",IQ_LTM,IQ_TODAY,"CHP")) -> 78.80287 | R26: =IF($A26="","",_xll.ciqfunctions.udf.CIQ($A26,"IQ_EBITDA_INT",IQ_LTM,IQ_TODAY,"CHP")) -> 215.56513 | S26: =IF($A26="","",_xll.ciqfunctions.udf.CIQ($A26,"IQ_FFO_TOTAL_DEBT",IQ_LTM,IQ_TODAY,"CHP")) -> 0.80617 | T26: =IF($A26="","",_xll.ciqfunctions.udf.CIQ($A26,"IQ_NET_DEBT_EBITDA",IQ_LTM,IQ_TODAY,"CHP")) -> NM | U26: =IF($A26="","",_xll.ciqfunctions.udf.CIQ($A26,"IQ_TOTAL_DEBT_CAP",IQ_LTM,IQ_TODAY,"CHP")) -> 8.9588 | V26: =IF($A26="","",_xll.ciqfunctions.udf.CIQ($A26,"IQ_DEBT_TOTAL_LIAB",IQ_LTM,IQ_TODAY,"CHP")) -> 15.6398 | W26: =IF($A26="","",_xll.ciqfunctions.udf.CIQ($A26,"IQ_TOTAL_DEBT_TOTAL_REV",IQ_LTM,IQ_TODAY,"CHP")) -> 0.05771 | Y26: =IF($A26="","",_xll.ciqfunctions.udf.CIQ($A26,"IQ_FFO_PLUS_CASH_ST_DEBT",IQ_LTM,IQ_TODAY,"CHP")) -> 7.86634 | Z26: =IF($A26="","",_xll.ciqfunctions.udf.CIQ($A26,"IQ_FFO_GROSS_PROFIT",IQ_LTM,IQ_TODAY,"CHP")) -> 0.13412 | AA26: =IF($A26="","",_xll.ciqfunctions.udf.CIQ($A26,"IQ_BASIC_DEFENSE_INTERVAL",IQ_LTM,IQ_TODAY,"CHP")) -> 134.94269 | AB26: =IF($A26="","",_xll.ciqfunctions.udf.CIQ($A26,"IQ_CURRENT_RATIO",IQ_LTM,IQ_TODAY,"CHP")) -> 1.86841 | AC26: =IF($A26="","",_xll.ciqfunctions.udf.CIQ($A26,"IQ_QUICK_RATIO",IQ_LTM,IQ_TODAY,"CHP")) -> 1.16549
A27: NYSE:IT | B27: Gartner, Inc. | C27: =IF($A27="","",_xll.ciqfunctions.udf.CIQ($A27,"IQ_PERIODDATE",IQ_LTM,IQ_TODAY,"CHP")) -> 45930 | D27: =IF($A27="","",_xll.ciqfunctions.udf.CIQ($A27,"IQ_TOTAL_REV",IQ_LTM,IQ_TODAY,"CHP",,$B$4)) -> 6459.775 | E27: =IF($A27="","",_xll.ciqfunctions.udf.CIQ($A27,"IQ_TOTAL_EQUITY",IQ_LTM,IQ_TODAY,"CHP",,$B$4)) -> 556.552 | F27: =IF($A27="","",_xll.ciqfunctions.udf.CIQ($A27,"IQ_RETURN_CAPITAL_CHP",IQ_LTM,IQ_TODAY,"CHP")) -> 34.3556 | G27: =IF($A27="","",_xll.ciqfunctions.udf.CIQ($A27,"IQ_RECURRING_EARN_ASSETS",IQ_LTM,IQ_TODAY,"CHP")) -> 16.1449 | H27: =IF($A27="","",_xll.ciqfunctions.udf.CIQ($A27,"IQ_NET_WORKING_CAP_REV",IQ_LTM,IQ_TODAY,"CHP")) -> -0.27307 | I27: =IF($A27="","",_xll.ciqfunctions.udf.CIQ($A27,"IQ_ASSET_TURNOVER",IQ_LTM,IQ_TODAY,"CHP")) -> 0.89112 | J27: =IF($A27="","",_xll.ciqfunctions.udf.CIQ($A27,"IQ_INTAN_ASSETS_REV",IQ_LTM,IQ_TODAY,"CHP")) -> 0.48716 | K27: =IF($A27="","",_xll.ciqfunctions.udf.CIQ($A27,"IQ_NET_WORKING_CAP_TOTAL_ASSETS",IQ_LTM,IQ_TODAY,"CHP")) -> -0.24334 | L27: =IF($A27="","",_xll.ciqfunctions.udf.CIQ($A27,"IQ_AP_AR",IQ_LTM,IQ_TODAY,"CHP")) -> 0.73361 | M27: =IF($A27="","",_xll.ciqfunctions.udf.CIQ($A27,"IQ_MGMT_RATE_RETURN",IQ_LTM,IQ_TODAY,"CHP")) -> NM | N27: =IF($A27="","",_xll.ciqfunctions.udf.CIQ($A27,"IQ_GROSS_MARGIN",IQ_LTM,IQ_TODAY,"CHP")) -> 68.1737 | O27: =IF($A27="","",_xll.ciqfunctions.udf.CIQ($A27,"IQ_EBITDA_MARGIN",IQ_LTM,IQ_TODAY,"CHP")) -> 20.3402 | Q27: =IF($A27="","",_xll.ciqfunctions.udf.CIQ($A27,"IQ_FFO_INT",IQ_LTM,IQ_TODAY,"CHP")) -> 11.76273 | R27: =IF($A27="","",_xll.ciqfunctions.udf.CIQ($A27,"IQ_EBITDA_INT",IQ_LTM,IQ_TODAY,"CHP")) -> 12.21626 | S27: =IF($A27="","",_xll.ciqfunctions.udf.CIQ($A27,"IQ_FFO_TOTAL_DEBT",IQ_LTM,IQ_TODAY,"CHP")) -> 0.46707 | T27: =IF($A27="","",_xll.ciqfunctions.udf.CIQ($A27,"IQ_NET_DEBT_EBITDA",IQ_LTM,IQ_TODAY,"CHP")) -> 1.02662 | U27: =IF($A27="","",_xll.ciqfunctions.udf.CIQ($A27,"IQ_TOTAL_DEBT_CAP",IQ_LTM,IQ_TODAY,"CHP")) -> 83.6625 | V27: =IF($A27="","",_xll.ciqfunctions.udf.CIQ($A27,"IQ_DEBT_TOTAL_LIAB",IQ_LTM,IQ_TODAY,"CHP")) -> 42.5855 | W27: =IF($A27="","",_xll.ciqfunctions.udf.CIQ($A27,"IQ_TOTAL_DEBT_TOTAL_REV",IQ_LTM,IQ_TODAY,"CHP")) -> 0.4412 | Y27: =IF($A27="","",_xll.ciqfunctions.udf.CIQ($A27,"IQ_FFO_PLUS_CASH_ST_DEBT",IQ_LTM,IQ_TODAY,"CHP")) -> 29.32053 | Z27: =IF($A27="","",_xll.ciqfunctions.udf.CIQ($A27,"IQ_FFO_GROSS_PROFIT",IQ_LTM,IQ_TODAY,"CHP")) -> 0.30227 | AA27: =IF($A27="","",_xll.ciqfunctions.udf.CIQ($A27,"IQ_BASIC_DEFENSE_INTERVAL",IQ_LTM,IQ_TODAY,"CHP")) -> 173.98638 | AB27: =IF($A27="","",_xll.ciqfunctions.udf.CIQ($A27,"IQ_CURRENT_RATIO",IQ_LTM,IQ_TODAY,"CHP")) -> 0.87753 | AC27: =IF($A27="","",_xll.ciqfunctions.udf.CIQ($A27,"IQ_QUICK_RATIO",IQ_LTM,IQ_TODAY,"CHP")) -> 0.74746
A28: NSEI:HCLTECH | B28: HCL Technologies Limited | C28: =IF($A28="","",_xll.ciqfunctions.udf.CIQ($A28,"IQ_PERIODDATE",IQ_LTM,IQ_TODAY,"CHP")) -> 45930 | D28: =IF($A28="","",_xll.ciqfunctions.udf.CIQ($A28,"IQ_TOTAL_REV",IQ_LTM,IQ_TODAY,"CHP",,$B$4)) -> 14220 | E28: =IF($A28="","",_xll.ciqfunctions.udf.CIQ($A28,"IQ_TOTAL_EQUITY",IQ_LTM,IQ_TODAY,"CHP",,$B$4)) -> 8025 | F28: =IF($A28="","",_xll.ciqfunctions.udf.CIQ($A28,"IQ_RETURN_CAPITAL_CHP",IQ_LTM,IQ_TODAY,"CHP")) -> 28.2446 | G28: =IF($A28="","",_xll.ciqfunctions.udf.CIQ($A28,"IQ_RECURRING_EARN_ASSETS",IQ_LTM,IQ_TODAY,"CHP")) -> 20.7068 | H28: =IF($A28="","",_xll.ciqfunctions.udf.CIQ($A28,"IQ_NET_WORKING_CAP_REV",IQ_LTM,IQ_TODAY,"CHP")) -> 0.0898 | I28: =IF($A28="","",_xll.ciqfunctions.udf.CIQ($A28,"IQ_ASSET_TURNOVER",IQ_LTM,IQ_TODAY,"CHP")) -> 1.16338 | J28: =IF($A28="","",_xll.ciqfunctions.udf.CIQ($A28,"IQ_INTAN_ASSETS_REV",IQ_LTM,IQ_TODAY,"CHP")) -> 0.22883 | K28: =IF($A28="","",_xll.ciqfunctions.udf.CIQ($A28,"IQ_NET_WORKING_CAP_TOTAL_ASSETS",IQ_LTM,IQ_TODAY,"CHP")) -> 0.10448 | L28: =IF($A28="","",_xll.ciqfunctions.udf.CIQ($A28,"IQ_AP_AR",IQ_LTM,IQ_TODAY,"CHP")) -> 0.11842 | M28: =IF($A28="","",_xll.ciqfunctions.udf.CIQ($A28,"IQ_MGMT_RATE_RETURN",IQ_LTM,IQ_TODAY,"CHP")) -> 117.2301 | N28: =IF($A28="","",_xll.ciqfunctions.udf.CIQ($A28,"IQ_GROSS_MARGIN",IQ_LTM,IQ_TODAY,"CHP")) -> 34.5288 | O28: =IF($A28="","",_xll.ciqfunctions.udf.CIQ($A28,"IQ_EBITDA_MARGIN",IQ_LTM,IQ_TODAY,"CHP")) -> 20.0984 | Q28: =IF($A28="","",_xll.ciqfunctions.udf.CIQ($A28,"IQ_FFO_INT",IQ_LTM,IQ_TODAY,"CHP")) -> 30.14943 | R28: =IF($A28="","",_xll.ciqfunctions.udf.CIQ($A28,"IQ_EBITDA_INT",IQ_LTM,IQ_TODAY,"CHP")) -> 33.96552 | S28: =IF($A28="","",_xll.ciqfunctions.udf.CIQ($A28,"IQ_FFO_TOTAL_DEBT",IQ_LTM,IQ_TODAY,"CHP")) -> 3.44226 | T28: =IF($A28="","",_xll.ciqfunctions.udf.CIQ($A28,"IQ_NET_DEBT_EBITDA",IQ_LTM,IQ_TODAY,"CHP")) -> NM | U28: =IF($A28="","",_xll.ciqfunctions.udf.CIQ($A28,"IQ_TOTAL_DEBT_CAP",IQ_LTM,IQ_TODAY,"CHP")) -> 8.5035 | V28: =IF($A28="","",_xll.ciqfunctions.udf.CIQ($A28,"IQ_DEBT_TOTAL_LIAB",IQ_LTM,IQ_TODAY,"CHP")) -> 18.1515 | W28: =IF($A28="","",_xll.ciqfunctions.udf.CIQ($A28,"IQ_TOTAL_DEBT_TOTAL_REV",IQ_LTM,IQ_TODAY,"CHP")) -> 0.05359 | Y28: =IF($A28="","",_xll.ciqfunctions.udf.CIQ($A28,"IQ_FFO_PLUS_CASH_ST_DEBT",IQ_LTM,IQ_TODAY,"CHP")) -> 13.40492 | Z28: =IF($A28="","",_xll.ciqfunctions.udf.CIQ($A28,"IQ_FFO_GROSS_PROFIT",IQ_LTM,IQ_TODAY,"CHP")) -> 0.53422 | AA28: =IF($A28="","",_xll.ciqfunctions.udf.CIQ($A28,"IQ_BASIC_DEFENSE_INTERVAL",IQ_LTM,IQ_TODAY,"CHP")) -> 198.34976 | AB28: =IF($A28="","",_xll.ciqfunctions.udf.CIQ($A28,"IQ_CURRENT_RATIO",IQ_LTM,IQ_TODAY,"CHP")) -> 2.29359 | AC28: =IF($A28="","",_xll.ciqfunctions.udf.CIQ($A28,"IQ_QUICK_RATIO",IQ_LTM,IQ_TODAY,"CHP")) -> 2.0838
A29: NSEI:INFY | B29: Infosys Limited | C29: =IF($A29="","",_xll.ciqfunctions.udf.CIQ($A29,"IQ_PERIODDATE",IQ_LTM,IQ_TODAY,"CHP")) -> 45930 | D29: =IF($A29="","",_xll.ciqfunctions.udf.CIQ($A29,"IQ_TOTAL_REV",IQ_LTM,IQ_TODAY,"CHP",,$B$4)) -> 19687 | E29: =IF($A29="","",_xll.ciqfunctions.udf.CIQ($A29,"IQ_TOTAL_EQUITY",IQ_LTM,IQ_TODAY,"CHP",,$B$4)) -> 11687 | F29: =IF($A29="","",_xll.ciqfunctions.udf.CIQ($A29,"IQ_RETURN_CAPITAL_CHP",IQ_LTM,IQ_TODAY,"CHP")) -> 32.3369 | G29: =IF($A29="","",_xll.ciqfunctions.udf.CIQ($A29,"IQ_RECURRING_EARN_ASSETS",IQ_LTM,IQ_TODAY,"CHP")) -> 23.0264 | H29: =IF($A29="","",_xll.ciqfunctions.udf.CIQ($A29,"IQ_NET_WORKING_CAP_REV",IQ_LTM,IQ_TODAY,"CHP")) -> 0.10139 | I29: =IF($A29="","",_xll.ciqfunctions.udf.CIQ($A29,"IQ_ASSET_TURNOVER",IQ_LTM,IQ_TODAY,"CHP")) -> 1.08985 | J29: =IF($A29="","",_xll.ciqfunctions.udf.CIQ($A29,"IQ_INTAN_ASSETS_REV",IQ_LTM,IQ_TODAY,"CHP")) -> 0.08391 | K29: =IF($A29="","",_xll.ciqfunctions.udf.CIQ($A29,"IQ_NET_WORKING_CAP_TOTAL_ASSETS",IQ_LTM,IQ_TODAY,"CHP")) -> 0.1105 | L29: =IF($A29="","",_xll.ciqfunctions.udf.CIQ($A29,"IQ_AP_AR",IQ_LTM,IQ_TODAY,"CHP")) -> 0.07718 | M29: =IF($A29="","",_xll.ciqfunctions.udf.CIQ($A29,"IQ_MGMT_RATE_RETURN",IQ_LTM,IQ_TODAY,"CHP")) -> 99.796 | N29: =IF($A29="","",_xll.ciqfunctions.udf.CIQ($A29,"IQ_GROSS_MARGIN",IQ_LTM,IQ_TODAY,"CHP")) -> 29.8877 | O29: =IF($A29="","",_xll.ciqfunctions.udf.CIQ($A29,"IQ_EBITDA_MARGIN",IQ_LTM,IQ_TODAY,"CHP")) -> 22.8958 | Q29: =IF($A29="","",_xll.ciqfunctions.udf.CIQ($A29,"IQ_FFO_INT",IQ_LTM,IQ_TODAY,"CHP")) -> 94.48936 | R29: =IF($A29="","",_xll.ciqfunctions.udf.CIQ($A29,"IQ_EBITDA_INT",IQ_LTM,IQ_TODAY,"CHP")) -> 100.43617 | S29: =IF($A29="","",_xll.ciqfunctions.udf.CIQ($A29,"IQ_FFO_TOTAL_DEBT",IQ_LTM,IQ_TODAY,"CHP")) -> 4.50406 | T29: =IF($A29="","",_xll.ciqfunctions.udf.CIQ($A29,"IQ_NET_DEBT_EBITDA",IQ_LTM,IQ_TODAY,"CHP")) -> NM | U29: =IF($A29="","",_xll.ciqfunctions.udf.CIQ($A29,"IQ_TOTAL_DEBT_CAP",IQ_LTM,IQ_TODAY,"CHP")) -> 7.6653 | V29: =IF($A29="","",_xll.ciqfunctions.udf.CIQ($A29,"IQ_DEBT_TOTAL_LIAB",IQ_LTM,IQ_TODAY,"CHP")) -> 15.4618 | W29: =IF($A29="","",_xll.ciqfunctions.udf.CIQ($A29,"IQ_TOTAL_DEBT_TOTAL_REV",IQ_LTM,IQ_TODAY,"CHP")) -> 0.05008 | Y29: =IF($A29="","",_xll.ciqfunctions.udf.CIQ($A29,"IQ_FFO_PLUS_CASH_ST_DEBT",IQ_LTM,IQ_TODAY,"CHP")) -> 30.27564 | Z29: =IF($A29="","",_xll.ciqfunctions.udf.CIQ($A29,"IQ_FFO_GROSS_PROFIT",IQ_LTM,IQ_TODAY,"CHP")) -> 0.75476 | AA29: =IF($A29="","",_xll.ciqfunctions.udf.CIQ($A29,"IQ_BASIC_DEFENSE_INTERVAL",IQ_LTM,IQ_TODAY,"CHP")) -> 231.66368 | AB29: =IF($A29="","",_xll.ciqfunctions.udf.CIQ($A29,"IQ_CURRENT_RATIO",IQ_LTM,IQ_TODAY,"CHP")) -> 2.28044 | AC29: =IF($A29="","",_xll.ciqfunctions.udf.CIQ($A29,"IQ_QUICK_RATIO",IQ_LTM,IQ_TODAY,"CHP")) -> 2.04441
... A39: BSE:507685 | B39: Wipro Limited | C39: =IF($A39="","",_xll.ciqfunctions.udf.CIQ($A39,"IQ_PERIODDATE",IQ_LTM,IQ_TODAY,"CHP")) -> 45930 | D39: =IF($A39="","",_xll.ciqfunctions.udf.CIQ($A39,"IQ_TOTAL_REV",IQ_LTM,IQ_TODAY,"CHP",,$B$4)) -> 9861.7342 | E39: =IF($A39="","",_xll.ciqfunctions.udf.CIQ($A39,"IQ_TOTAL_EQUITY",IQ_LTM,IQ_TODAY,"CHP",,$B$4)) -> 9488.5267 | F39: =IF($A39="","",_xll.ciqfunctions.udf.CIQ($A39,"IQ_RETURN_CAPITAL_CHP",IQ_LTM,IQ_TODAY,"CHP")) -> 14.4574 | G39: =IF($A39="","",_xll.ciqfunctions.udf.CIQ($A39,"IQ_RECURRING_EARN_ASSETS",IQ_LTM,IQ_TODAY,"CHP")) -> 11.4656 | H39: =IF($A39="","",_xll.ciqfunctions.udf.CIQ($A39,"IQ_NET_WORKING_CAP_REV",IQ_LTM,IQ_TODAY,"CHP")) -> 0.0599 | I39: =IF($A39="","",_xll.ciqfunctions.udf.CIQ($A39,"IQ_ASSET_TURNOVER",IQ_LTM,IQ_TODAY,"CHP")) -> 0.68404 | J39: =IF($A39="","",_xll.ciqfunctions.udf.CIQ($A39,"IQ_INTAN_ASSETS_REV",IQ_LTM,IQ_TODAY,"CHP")) -> 0.40659 | K39: =IF($A39="","",_xll.ciqfunctions.udf.CIQ($A39,"IQ_NET_WORKING_CAP_TOTAL_ASSETS",IQ_LTM,IQ_TODAY,"CHP")) -> 0.04097 | L39: =IF($A39="","",_xll.ciqfunctions.udf.CIQ($A39,"IQ_AP_AR",IQ_LTM,IQ_TODAY,"CHP")) -> 0.09927 | M39: =IF($A39="","",_xll.ciqfunctions.udf.CIQ($A39,"IQ_MGMT_RATE_RETURN",IQ_LTM,IQ_TODAY,"CHP")) -> 93.4273 | N39: =IF($A39="","",_xll.ciqfunctions.udf.CIQ($A39,"IQ_GROSS_MARGIN",IQ_LTM,IQ_TODAY,"CHP")) -> 30.118 | O39: =IF($A39="","",_xll.ciqfunctions.udf.CIQ($A39,"IQ_EBITDA_MARGIN",IQ_LTM,IQ_TODAY,"CHP")) -> 19.1579 | Q39: =IF($A39="","",_xll.ciqfunctions.udf.CIQ($A39,"IQ_FFO_INT",IQ_LTM,IQ_TODAY,"CHP")) -> 17.69902 | R39: =IF($A39="","",_xll.ciqfunctions.udf.CIQ($A39,"IQ_EBITDA_INT",IQ_LTM,IQ_TODAY,"CHP")) -> 19.47735 | S39: =IF($A39="","",_xll.ciqfunctions.udf.CIQ($A39,"IQ_FFO_TOTAL_DEBT",IQ_LTM,IQ_TODAY,"CHP")) -> 1.00082 | T39: =IF($A39="","",_xll.ciqfunctions.udf.CIQ($A39,"IQ_NET_DEBT_EBITDA",IQ_LTM,IQ_TODAY,"CHP")) -> NM | U39: =IF($A39="","",_xll.ciqfunctions.udf.CIQ($A39,"IQ_TOTAL_DEBT_CAP",IQ_LTM,IQ_TODAY,"CHP")) -> 15.5503 | V39: =IF($A39="","",_xll.ciqfunctions.udf.CIQ($A39,"IQ_DEBT_TOTAL_LIAB",IQ_LTM,IQ_TODAY,"CHP")) -> 36.0752 | W39: =IF($A39="","",_xll.ciqfunctions.udf.CIQ($A39,"IQ_TOTAL_DEBT_TOTAL_REV",IQ_LTM,IQ_TODAY,"CHP")) -> 0.18029 | Y39: =IF($A39="","",_xll.ciqfunctions.udf.CIQ($A39,"IQ_FFO_PLUS_CASH_ST_DEBT",IQ_LTM,IQ_TODAY,"CHP")) -> 4.92938 | Z39: =IF($A39="","",_xll.ciqfunctions.udf.CIQ($A39,"IQ_FFO_GROSS_PROFIT",IQ_LTM,IQ_TODAY,"CHP")) -> 0.59909 | AA39: =IF($A39="","",_xll.ciqfunctions.udf.CIQ($A39,"IQ_BASIC_DEFENSE_INTERVAL",IQ_LTM,IQ_TODAY,"CHP")) -> 336.7428 | AB39: =IF($A39="","",_xll.ciqfunctions.udf.CIQ($A39,"IQ_CURRENT_RATIO",IQ_LTM,IQ_TODAY,"CHP")) -> 2.25631 | AC39: =IF($A39="","",_xll.ciqfunctions.udf.CIQ($A39,"IQ_QUICK_RATIO",IQ_LTM,IQ_TODAY,"CHP")) -> 2.15715
C40: =IF($A40="","",_xll.ciqfunctions.udf.CIQ($A40,"IQ_PERIODDATE",IQ_LTM,IQ_TODAY,"CHP")) | D40: =IF($A40="","",_xll.ciqfunctions.udf.CIQ($A40,"IQ_TOTAL_REV",IQ_LTM,IQ_TODAY,"CHP",,$B$4)) | E40: =IF($A40="","",_xll.ciqfunctions.udf.CIQ($A40,"IQ_TOTAL_EQUITY",IQ_LTM,IQ_TODAY,"CHP",,$B$4)) | F40: =IF($A40="","",_xll.ciqfunctions.udf.CIQ($A40,"IQ_RETURN_CAPITAL_CHP",IQ_LTM,IQ_TODAY,"CHP")) | G40: =IF($A40="","",_xll.ciqfunctions.udf.CIQ($A40,"IQ_RECURRING_EARN_ASSETS",IQ_LTM,IQ_TODAY,"CHP")) | H40: =IF($A40="","",_xll.ciqfunctions.udf.CIQ($A40,"IQ_NET_WORKING_CAP_REV",IQ_LTM,IQ_TODAY,"CHP")) | I40: =IF($A40="","",_xll.ciqfunctions.udf.CIQ($A40,"IQ_ASSET_TURNOVER",IQ_LTM,IQ_TODAY,"CHP")) | J40: =IF($A40="","",_xll.ciqfunctions.udf.CIQ($A40,"IQ_INTAN_ASSETS_REV",IQ_LTM,IQ_TODAY,"CHP")) | K40: =IF($A40="","",_xll.ciqfunctions.udf.CIQ($A40,"IQ_NET_WORKING_CAP_TOTAL_ASSETS",IQ_LTM,IQ_TODAY,"CHP")) | L40: =IF($A40="","",_xll.ciqfunctions.udf.CIQ($A40,"IQ_AP_AR",IQ_LTM,IQ_TODAY,"CHP")) | M40: =IF($A40="","",_xll.ciqfunctions.udf.CIQ($A40,"IQ_MGMT_RATE_RETURN",IQ_LTM,IQ_TODAY,"CHP")) | N40: =IF($A40="","",_xll.ciqfunctions.udf.CIQ($A40,"IQ_GROSS_MARGIN",IQ_LTM,IQ_TODAY,"CHP")) | O40: =IF($A40="","",_xll.ciqfunctions.udf.CIQ($A40,"IQ_EBITDA_MARGIN",IQ_LTM,IQ_TODAY,"CHP")) | Q40: =IF($A40="","",_xll.ciqfunctions.udf.CIQ($A40,"IQ_FFO_INT",IQ_LTM,IQ_TODAY,"CHP")) | R40: =IF($A40="","",_xll.ciqfunctions.udf.CIQ($A40,"IQ_EBITDA_INT",IQ_LTM,IQ_TODAY,"CHP")) | S40: =IF($A40="","",_xll.ciqfunctions.udf.CIQ($A40,"IQ_FFO_TOTAL_DEBT",IQ_LTM,IQ_TODAY,"CHP")) | T40: =IF($A40="","",_xll.ciqfunctions.udf.CIQ($A40,"IQ_NET_DEBT_EBITDA",IQ_LTM,IQ_TODAY,"CHP")) | U40: =IF($A40="","",_xll.ciqfunctions.udf.CIQ($A40,"IQ_TOTAL_DEBT_CAP",IQ_LTM,IQ_TODAY,"CHP")) | V40: =IF($A40="","",_xll.ciqfunctions.udf.CIQ($A40,"IQ_DEBT_TOTAL_LIAB",IQ_LTM,IQ_TODAY,"CHP")) | W40: =IF($A40="","",_xll.ciqfunctions.udf.CIQ($A40,"IQ_TOTAL_DEBT_TOTAL_REV",IQ_LTM,IQ_TODAY,"CHP")) | Y40: =IF($A40="","",_xll.ciqfunctions.udf.CIQ($A40,"IQ_FFO_PLUS_CASH_ST_DEBT",IQ_LTM,IQ_TODAY,"CHP")) | Z40: =IF($A40="","",_xll.ciqfunctions.udf.CIQ($A40,"IQ_FFO_GROSS_PROFIT",IQ_LTM,IQ_TODAY,"CHP")) | AA40: =IF($A40="","",_xll.ciqfunctions.udf.CIQ($A40,"IQ_BASIC_DEFENSE_INTERVAL",IQ_LTM,IQ_TODAY,"CHP")) | AB40: =IF($A40="","",_xll.ciqfunctions.udf.CIQ($A40,"IQ_CURRENT_RATIO",IQ_LTM,IQ_TODAY,"CHP")) | AC40: =IF($A40="","",_xll.ciqfunctions.udf.CIQ($A40,"IQ_QUICK_RATIO",IQ_LTM,IQ_TODAY,"CHP"))
C41: =IF($A41="","",_xll.ciqfunctions.udf.CIQ($A41,"IQ_PERIODDATE",IQ_LTM,IQ_TODAY,"CHP")) | D41: =IF($A41="","",_xll.ciqfunctions.udf.CIQ($A41,"IQ_TOTAL_REV",IQ_LTM,IQ_TODAY,"CHP",,$B$4)) | E41: =IF($A41="","",_xll.ciqfunctions.udf.CIQ($A41,"IQ_TOTAL_EQUITY",IQ_LTM,IQ_TODAY,"CHP",,$B$4)) | F41: =IF($A41="","",_xll.ciqfunctions.udf.CIQ($A41,"IQ_RETURN_CAPITAL_CHP",IQ_LTM,IQ_TODAY,"CHP")) | G41: =IF($A41="","",_xll.ciqfunctions.udf.CIQ($A41,"IQ_RECURRING_EARN_ASSETS",IQ_LTM,IQ_TODAY,"CHP")) | H41: =IF($A41="","",_xll.ciqfunctions.udf.CIQ($A41,"IQ_NET_WORKING_CAP_REV",IQ_LTM,IQ_TODAY,"CHP")) | I41: =IF($A41="","",_xll.ciqfunctions.udf.CIQ($A41,"IQ_ASSET_TURNOVER",IQ_LTM,IQ_TODAY,"CHP")) | J41: =IF($A41="","",_xll.ciqfunctions.udf.CIQ($A41,"IQ_INTAN_ASSETS_REV",IQ_LTM,IQ_TODAY,"CHP")) | K41: =IF($A41="","",_xll.ciqfunctions.udf.CIQ($A41,"IQ_NET_WORKING_CAP_TOTAL_ASSETS",IQ_LTM,IQ_TODAY,"CHP")) | L41: =IF($A41="","",_xll.ciqfunctions.udf.CIQ($A41,"IQ_AP_AR",IQ_LTM,IQ_TODAY,"CHP")) | M41: =IF($A41="","",_xll.ciqfunctions.udf.CIQ($A41,"IQ_MGMT_RATE_RETURN",IQ_LTM,IQ_TODAY,"CHP")) | N41: =IF($A41="","",_xll.ciqfunctions.udf.CIQ($A41,"IQ_GROSS_MARGIN",IQ_LTM,IQ_TODAY,"CHP")) | O41: =IF($A41="","",_xll.ciqfunctions.udf.CIQ($A41,"IQ_EBITDA_MARGIN",IQ_LTM,IQ_TODAY,"CHP")) | Q41: =IF($A41="","",_xll.ciqfunctions.udf.CIQ($A41,"IQ_FFO_INT",IQ_LTM,IQ_TODAY,"CHP")) | R41: =IF($A41="","",_xll.ciqfunctions.udf.CIQ($A41,"IQ_EBITDA_INT",IQ_LTM,IQ_TODAY,"CHP")) | S41: =IF($A41="","",_xll.ciqfunctions.udf.CIQ($A41,"IQ_FFO_TOTAL_DEBT",IQ_LTM,IQ_TODAY,"CHP")) | T41: =IF($A41="","",_xll.ciqfunctions.udf.CIQ($A41,"IQ_NET_DEBT_EBITDA",IQ_LTM,IQ_TODAY,"CHP")) | U41: =IF($A41="","",_xll.ciqfunctions.udf.CIQ($A41,"IQ_TOTAL_DEBT_CAP",IQ_LTM,IQ_TODAY,"CHP")) | V41: =IF($A41="","",_xll.ciqfunctions.udf.CIQ($A41,"IQ_DEBT_TOTAL_LIAB",IQ_LTM,IQ_TODAY,"CHP")) | W41: =IF($A41="","",_xll.ciqfunctions.udf.CIQ($A41,"IQ_TOTAL_DEBT_TOTAL_REV",IQ_LTM,IQ_TODAY,"CHP")) | Y41: =IF($A41="","",_xll.ciqfunctions.udf.CIQ($A41,"IQ_FFO_PLUS_CASH_ST_DEBT",IQ_LTM,IQ_TODAY,"CHP")) | Z41: =IF($A41="","",_xll.ciqfunctions.udf.CIQ($A41,"IQ_FFO_GROSS_PROFIT",IQ_LTM,IQ_TODAY,"CHP")) | AA41: =IF($A41="","",_xll.ciqfunctions.udf.CIQ($A41,"IQ_BASIC_DEFENSE_INTERVAL",IQ_LTM,IQ_TODAY,"CHP")) | AB41: =IF($A41="","",_xll.ciqfunctions.udf.CIQ($A41,"IQ_CURRENT_RATIO",IQ_LTM,IQ_TODAY,"CHP")) | AC41: =IF($A41="","",_xll.ciqfunctions.udf.CIQ($A41,"IQ_QUICK_RATIO",IQ_LTM,IQ_TODAY,"CHP"))
C42: =IF($A42="","",_xll.ciqfunctions.udf.CIQ($A42,"IQ_PERIODDATE",IQ_LTM,IQ_TODAY,"CHP")) | D42: =IF($A42="","",_xll.ciqfunctions.udf.CIQ($A42,"IQ_TOTAL_REV",IQ_LTM,IQ_TODAY,"CHP",,$B$4)) | E42: =IF($A42="","",_xll.ciqfunctions.udf.CIQ($A42,"IQ_TOTAL_EQUITY",IQ_LTM,IQ_TODAY,"CHP",,$B$4)) | F42: =IF($A42="","",_xll.ciqfunctions.udf.CIQ($A42,"IQ_RETURN_CAPITAL_CHP",IQ_LTM,IQ_TODAY,"CHP")) | G42: =IF($A42="","",_xll.ciqfunctions.udf.CIQ($A42,"IQ_RECURRING_EARN_ASSETS",IQ_LTM,IQ_TODAY,"CHP")) | H42: =IF($A42="","",_xll.ciqfunctions.udf.CIQ($A42,"IQ_NET_WORKING_CAP_REV",IQ_LTM,IQ_TODAY,"CHP")) | I42: =IF($A42="","",_xll.ciqfunctions.udf.CIQ($A42,"IQ_ASSET_TURNOVER",IQ_LTM,IQ_TODAY,"CHP")) | J42: =IF($A42="","",_xll.ciqfunctions.udf.CIQ($A42,"IQ_INTAN_ASSETS_REV",IQ_LTM,IQ_TODAY,"CHP")) | K42: =IF($A42="","",_xll.ciqfunctions.udf.CIQ($A42,"IQ_NET_WORKING_CAP_TOTAL_ASSETS",IQ_LTM,IQ_TODAY,"CHP")) | L42: =IF($A42="","",_xll.ciqfunctions.udf.CIQ($A42,"IQ_AP_AR",IQ_LTM,IQ_TODAY,"CHP")) | M42: =IF($A42="","",_xll.ciqfunctions.udf.CIQ($A42,"IQ_MGMT_RATE_RETURN",IQ_LTM,IQ_TODAY,"CHP")) | N42: =IF($A42="","",_xll.ciqfunctions.udf.CIQ($A42,"IQ_GROSS_MARGIN",IQ_LTM,IQ_TODAY,"CHP")) | O42: =IF($A42="","",_xll.ciqfunctions.udf.CIQ($A42,"IQ_EBITDA_MARGIN",IQ_LTM,IQ_TODAY,"CHP")) | Q42: =IF($A42="","",_xll.ciqfunctions.udf.CIQ($A42,"IQ_FFO_INT",IQ_LTM,IQ_TODAY,"CHP")) | R42: =IF($A42="","",_xll.ciqfunctions.udf.CIQ($A42,"IQ_EBITDA_INT",IQ_LTM,IQ_TODAY,"CHP")) | S42: =IF($A42="","",_xll.ciqfunctions.udf.CIQ($A42,"IQ_FFO_TOTAL_DEBT",IQ_LTM,IQ_TODAY,"CHP")) | T42: =IF($A42="","",_xll.ciqfunctions.udf.CIQ($A42,"IQ_NET_DEBT_EBITDA",IQ_LTM,IQ_TODAY,"CHP")) | U42: =IF($A42="","",_xll.ciqfunctions.udf.CIQ($A42,"IQ_TOTAL_DEBT_CAP",IQ_LTM,IQ_TODAY,"CHP")) | V42: =IF($A42="","",_xll.ciqfunctions.udf.CIQ($A42,"IQ_DEBT_TOTAL_LIAB",IQ_LTM,IQ_TODAY,"CHP")) | W42: =IF($A42="","",_xll.ciqfunctions.udf.CIQ($A42,"IQ_TOTAL_DEBT_TOTAL_REV",IQ_LTM,IQ_TODAY,"CHP")) | Y42: =IF($A42="","",_xll.ciqfunctions.udf.CIQ($A42,"IQ_FFO_PLUS_CASH_ST_DEBT",IQ_LTM,IQ_TODAY,"CHP")) | Z42: =IF($A42="","",_xll.ciqfunctions.udf.CIQ($A42,"IQ_FFO_GROSS_PROFIT",IQ_LTM,IQ_TODAY,"CHP")) | AA42: =IF($A42="","",_xll.ciqfunctions.udf.CIQ($A42,"IQ_BASIC_DEFENSE_INTERVAL",IQ_LTM,IQ_TODAY,"CHP")) | AB42: =IF($A42="","",_xll.ciqfunctions.udf.CIQ($A42,"IQ_CURRENT_RATIO",IQ_LTM,IQ_TODAY,"CHP")) | AC42: =IF($A42="","",_xll.ciqfunctions.udf.CIQ($A42,"IQ_QUICK_RATIO",IQ_LTM,IQ_TODAY,"CHP"))
C43: =IF($A43="","",_xll.ciqfunctions.udf.CIQ($A43,"IQ_PERIODDATE",IQ_LTM,IQ_TODAY,"CHP")) | D43: =IF($A43="","",_xll.ciqfunctions.udf.CIQ($A43,"IQ_TOTAL_REV",IQ_LTM,IQ_TODAY,"CHP",,$B$4)) | E43: =IF($A43="","",_xll.ciqfunctions.udf.CIQ($A43,"IQ_TOTAL_EQUITY",IQ_LTM,IQ_TODAY,"CHP",,$B$4)) | F43: =IF($A43="","",_xll.ciqfunctions.udf.CIQ($A43,"IQ_RETURN_CAPITAL_CHP",IQ_LTM,IQ_TODAY,"CHP")) | G43: =IF($A43="","",_xll.ciqfunctions.udf.CIQ($A43,"IQ_RECURRING_EARN_ASSETS",IQ_LTM,IQ_TODAY,"CHP")) | H43: =IF($A43="","",_xll.ciqfunctions.udf.CIQ($A43,"IQ_NET_WORKING_CAP_REV",IQ_LTM,IQ_TODAY,"CHP")) | I43: =IF($A43="","",_xll.ciqfunctions.udf.CIQ($A43,"IQ_ASSET_TURNOVER",IQ_LTM,IQ_TODAY,"CHP")) | J43: =IF($A43="","",_xll.ciqfunctions.udf.CIQ($A43,"IQ_INTAN_ASSETS_REV",IQ_LTM,IQ_TODAY,"CHP")) | K43: =IF($A43="","",_xll.ciqfunctions.udf.CIQ($A43,"IQ_NET_WORKING_CAP_TOTAL_ASSETS",IQ_LTM,IQ_TODAY,"CHP")) | L43: =IF($A43="","",_xll.ciqfunctions.udf.CIQ($A43,"IQ_AP_AR",IQ_LTM,IQ_TODAY,"CHP")) | M43: =IF($A43="","",_xll.ciqfunctions.udf.CIQ($A43,"IQ_MGMT_RATE_RETURN",IQ_LTM,IQ_TODAY,"CHP")) | N43: =IF($A43="","",_xll.ciqfunctions.udf.CIQ($A43,"IQ_GROSS_MARGIN",IQ_LTM,IQ_TODAY,"CHP")) | O43: =IF($A43="","",_xll.ciqfunctions.udf.CIQ($A43,"IQ_EBITDA_MARGIN",IQ_LTM,IQ_TODAY,"CHP")) | Q43: =IF($A43="","",_xll.ciqfunctions.udf.CIQ($A43,"IQ_FFO_INT",IQ_LTM,IQ_TODAY,"CHP")) | R43: =IF($A43="","",_xll.ciqfunctions.udf.CIQ($A43,"IQ_EBITDA_INT",IQ_LTM,IQ_TODAY,"CHP")) | S43: =IF($A43="","",_xll.ciqfunctions.udf.CIQ($A43,"IQ_FFO_TOTAL_DEBT",IQ_LTM,IQ_TODAY,"CHP")) | T43: =IF($A43="","",_xll.ciqfunctions.udf.CIQ($A43,"IQ_NET_DEBT_EBITDA",IQ_LTM,IQ_TODAY,"CHP")) | U43: =IF($A43="","",_xll.ciqfunctions.udf.CIQ($A43,"IQ_TOTAL_DEBT_CAP",IQ_LTM,IQ_TODAY,"CHP")) | V43: =IF($A43="","",_xll.ciqfunctions.udf.CIQ($A43,"IQ_DEBT_TOTAL_LIAB",IQ_LTM,IQ_TODAY,"CHP")) | W43: =IF($A43="","",_xll.ciqfunctions.udf.CIQ($A43,"IQ_TOTAL_DEBT_TOTAL_REV",IQ_LTM,IQ_TODAY,"CHP")) | Y43: =IF($A43="","",_xll.ciqfunctions.udf.CIQ($A43,"IQ_FFO_PLUS_CASH_ST_DEBT",IQ_LTM,IQ_TODAY,"CHP")) | Z43: =IF($A43="","",_xll.ciqfunctions.udf.CIQ($A43,"IQ_FFO_GROSS_PROFIT",IQ_LTM,IQ_TODAY,"CHP")) | AA43: =IF($A43="","",_xll.ciqfunctions.udf.CIQ($A43,"IQ_BASIC_DEFENSE_INTERVAL",IQ_LTM,IQ_TODAY,"CHP")) | AB43: =IF($A43="","",_xll.ciqfunctions.udf.CIQ($A43,"IQ_CURRENT_RATIO",IQ_LTM,IQ_TODAY,"CHP")) | AC43: =IF($A43="","",_xll.ciqfunctions.udf.CIQ($A43,"IQ_QUICK_RATIO",IQ_LTM,IQ_TODAY,"CHP"))
C44: =IF($A44="","",_xll.ciqfunctions.udf.CIQ($A44,"IQ_PERIODDATE",IQ_LTM,IQ_TODAY,"CHP")) | D44: =IF($A44="","",_xll.ciqfunctions.udf.CIQ($A44,"IQ_TOTAL_REV",IQ_LTM,IQ_TODAY,"CHP",,$B$4)) | E44: =IF($A44="","",_xll.ciqfunctions.udf.CIQ($A44,"IQ_TOTAL_EQUITY",IQ_LTM,IQ_TODAY,"CHP",,$B$4)) | F44: =IF($A44="","",_xll.ciqfunctions.udf.CIQ($A44,"IQ_RETURN_CAPITAL_CHP",IQ_LTM,IQ_TODAY,"CHP")) | G44: =IF($A44="","",_xll.ciqfunctions.udf.CIQ($A44,"IQ_RECURRING_EARN_ASSETS",IQ_LTM,IQ_TODAY,"CHP")) | H44: =IF($A44="","",_xll.ciqfunctions.udf.CIQ($A44,"IQ_NET_WORKING_CAP_REV",IQ_LTM,IQ_TODAY,"CHP")) | I44: =IF($A44="","",_xll.ciqfunctions.udf.CIQ($A44,"IQ_ASSET_TURNOVER",IQ_LTM,IQ_TODAY,"CHP")) | J44: =IF($A44="","",_xll.ciqfunctions.udf.CIQ($A44,"IQ_INTAN_ASSETS_REV",IQ_LTM,IQ_TODAY,"CHP")) | K44: =IF($A44="","",_xll.ciqfunctions.udf.CIQ($A44,"IQ_NET_WORKING_CAP_TOTAL_ASSETS",IQ_LTM,IQ_TODAY,"CHP")) | L44: =IF($A44="","",_xll.ciqfunctions.udf.CIQ($A44,"IQ_AP_AR",IQ_LTM,IQ_TODAY,"CHP")) | M44: =IF($A44="","",_xll.ciqfunctions.udf.CIQ($A44,"IQ_MGMT_RATE_RETURN",IQ_LTM,IQ_TODAY,"CHP")) | N44: =IF($A44="","",_xll.ciqfunctions.udf.CIQ($A44,"IQ_GROSS_MARGIN",IQ_LTM,IQ_TODAY,"CHP")) | O44: =IF($A44="","",_xll.ciqfunctions.udf.CIQ($A44,"IQ_EBITDA_MARGIN",IQ_LTM,IQ_TODAY,"CHP")) | Q44: =IF($A44="","",_xll.ciqfunctions.udf.CIQ($A44,"IQ_FFO_INT",IQ_LTM,IQ_TODAY,"CHP")) | R44: =IF($A44="","",_xll.ciqfunctions.udf.CIQ($A44,"IQ_EBITDA_INT",IQ_LTM,IQ_TODAY,"CHP")) | S44: =IF($A44="","",_xll.ciqfunctions.udf.CIQ($A44,"IQ_FFO_TOTAL_DEBT",IQ_LTM,IQ_TODAY,"CHP")) | T44: =IF($A44="","",_xll.ciqfunctions.udf.CIQ($A44,"IQ_NET_DEBT_EBITDA",IQ_LTM,IQ_TODAY,"CHP")) | U44: =IF($A44="","",_xll.ciqfunctions.udf.CIQ($A44,"IQ_TOTAL_DEBT_CAP",IQ_LTM,IQ_TODAY,"CHP")) | V44: =IF($A44="","",_xll.ciqfunctions.udf.CIQ($A44,"IQ_DEBT_TOTAL_LIAB",IQ_LTM,IQ_TODAY,"CHP")) | W44: =IF($A44="","",_xll.ciqfunctions.udf.CIQ($A44,"IQ_TOTAL_DEBT_TOTAL_REV",IQ_LTM,IQ_TODAY,"CHP")) | Y44: =IF($A44="","",_xll.ciqfunctions.udf.CIQ($A44,"IQ_FFO_PLUS_CASH_ST_DEBT",IQ_LTM,IQ_TODAY,"CHP")) | Z44: =IF($A44="","",_xll.ciqfunctions.udf.CIQ($A44,"IQ_FFO_GROSS_PROFIT",IQ_LTM,IQ_TODAY,"CHP")) | AA44: =IF($A44="","",_xll.ciqfunctions.udf.CIQ($A44,"IQ_BASIC_DEFENSE_INTERVAL",IQ_LTM,IQ_TODAY,"CHP")) | AB44: =IF($A44="","",_xll.ciqfunctions.udf.CIQ($A44,"IQ_CURRENT_RATIO",IQ_LTM,IQ_TODAY,"CHP")) | AC44: =IF($A44="","",_xll.ciqfunctions.udf.CIQ($A44,"IQ_QUICK_RATIO",IQ_LTM,IQ_TODAY,"CHP"))
C45: =IF($A45="","",_xll.ciqfunctions.udf.CIQ($A45,"IQ_PERIODDATE",IQ_LTM,IQ_TODAY,"CHP")) | D45: =IF($A45="","",_xll.ciqfunctions.udf.CIQ($A45,"IQ_TOTAL_REV",IQ_LTM,IQ_TODAY,"CHP",,$B$4)) | E45: =IF($A45="","",_xll.ciqfunctions.udf.CIQ($A45,"IQ_TOTAL_EQUITY",IQ_LTM,IQ_TODAY,"CHP",,$B$4)) | F45: =IF($A45="","",_xll.ciqfunctions.udf.CIQ($A45,"IQ_RETURN_CAPITAL_CHP",IQ_LTM,IQ_TODAY,"CHP")) | G45: =IF($A45="","",_xll.ciqfunctions.udf.CIQ($A45,"IQ_RECURRING_EARN_ASSETS",IQ_LTM,IQ_TODAY,"CHP")) | H45: =IF($A45="","",_xll.ciqfunctions.udf.CIQ($A45,"IQ_NET_WORKING_CAP_REV",IQ_LTM,IQ_TODAY,"CHP")) | I45: =IF($A45="","",_xll.ciqfunctions.udf.CIQ($A45,"IQ_ASSET_TURNOVER",IQ_LTM,IQ_TODAY,"CHP")) | J45: =IF($A45="","",_xll.ciqfunctions.udf.CIQ($A45,"IQ_INTAN_ASSETS_REV",IQ_LTM,IQ_TODAY,"CHP")) | K45: =IF($A45="","",_xll.ciqfunctions.udf.CIQ($A45,"IQ_NET_WORKING_CAP_TOTAL_ASSETS",IQ_LTM,IQ_TODAY,"CHP")) | L45: =IF($A45="","",_xll.ciqfunctions.udf.CIQ($A45,"IQ_AP_AR",IQ_LTM,IQ_TODAY,"CHP")) | M45: =IF($A45="","",_xll.ciqfunctions.udf.CIQ($A45,"IQ_MGMT_RATE_RETURN",IQ_LTM,IQ_TODAY,"CHP")) | N45: =IF($A45="","",_xll.ciqfunctions.udf.CIQ($A45,"IQ_GROSS_MARGIN",IQ_LTM,IQ_TODAY,"CHP")) | O45: =IF($A45="","",_xll.ciqfunctions.udf.CIQ($A45,"IQ_EBITDA_MARGIN",IQ_LTM,IQ_TODAY,"CHP")) | Q45: =IF($A45="","",_xll.ciqfunctions.udf.CIQ($A45,"IQ_FFO_INT",IQ_LTM,IQ_TODAY,"CHP")) | R45: =IF($A45="","",_xll.ciqfunctions.udf.CIQ($A45,"IQ_EBITDA_INT",IQ_LTM,IQ_TODAY,"CHP")) | S45: =IF($A45="","",_xll.ciqfunctions.udf.CIQ($A45,"IQ_FFO_TOTAL_DEBT",IQ_LTM,IQ_TODAY,"CHP")) | T45: =IF($A45="","",_xll.ciqfunctions.udf.CIQ($A45,"IQ_NET_DEBT_EBITDA",IQ_LTM,IQ_TODAY,"CHP")) | U45: =IF($A45="","",_xll.ciqfunctions.udf.CIQ($A45,"IQ_TOTAL_DEBT_CAP",IQ_LTM,IQ_TODAY,"CHP")) | V45: =IF($A45="","",_xll.ciqfunctions.udf.CIQ($A45,"IQ_DEBT_TOTAL_LIAB",IQ_LTM,IQ_TODAY,"CHP")) | W45: =IF($A45="","",_xll.ciqfunctions.udf.CIQ($A45,"IQ_TOTAL_DEBT_TOTAL_REV",IQ_LTM,IQ_TODAY,"CHP")) | Y45: =IF($A45="","",_xll.ciqfunctions.udf.CIQ($A45,"IQ_FFO_PLUS_CASH_ST_DEBT",IQ_LTM,IQ_TODAY,"CHP")) | Z45: =IF($A45="","",_xll.ciqfunctions.udf.CIQ($A45,"IQ_FFO_GROSS_PROFIT",IQ_LTM,IQ_TODAY,"CHP")) | AA45: =IF($A45="","",_xll.ciqfunctions.udf.CIQ($A45,"IQ_BASIC_DEFENSE_INTERVAL",IQ_LTM,IQ_TODAY,"CHP")) | AB45: =IF($A45="","",_xll.ciqfunctions.udf.CIQ($A45,"IQ_CURRENT_RATIO",IQ_LTM,IQ_TODAY,"CHP")) | AC45: =IF($A45="","",_xll.ciqfunctions.udf.CIQ($A45,"IQ_QUICK_RATIO",IQ_LTM,IQ_TODAY,"CHP"))
C46: =IF($A46="","",_xll.ciqfunctions.udf.CIQ($A46,"IQ_PERIODDATE",IQ_LTM,IQ_TODAY,"CHP")) | D46: =IF($A46="","",_xll.ciqfunctions.udf.CIQ($A46,"IQ_TOTAL_REV",IQ_LTM,IQ_TODAY,"CHP",,$B$4)) | E46: =IF($A46="","",_xll.ciqfunctions.udf.CIQ($A46,"IQ_TOTAL_EQUITY",IQ_LTM,IQ_TODAY,"CHP",,$B$4)) | F46: =IF($A46="","",_xll.ciqfunctions.udf.CIQ($A46,"IQ_RETURN_CAPITAL_CHP",IQ_LTM,IQ_TODAY,"CHP")) | G46: =IF($A46="","",_xll.ciqfunctions.udf.CIQ($A46,"IQ_RECURRING_EARN_ASSETS",IQ_LTM,IQ_TODAY,"CHP")) | H46: =IF($A46="","",_xll.ciqfunctions.udf.CIQ($A46,"IQ_NET_WORKING_CAP_REV",IQ_LTM,IQ_TODAY,"CHP")) | I46: =IF($A46="","",_xll.ciqfunctions.udf.CIQ($A46,"IQ_ASSET_TURNOVER",IQ_LTM,IQ_TODAY,"CHP")) | J46: =IF($A46="","",_xll.ciqfunctions.udf.CIQ($A46,"IQ_INTAN_ASSETS_REV",IQ_LTM,IQ_TODAY,"CHP")) | K46: =IF($A46="","",_xll.ciqfunctions.udf.CIQ($A46,"IQ_NET_WORKING_CAP_TOTAL_ASSETS",IQ_LTM,IQ_TODAY,"CHP")) | L46: =IF($A46="","",_xll.ciqfunctions.udf.CIQ($A46,"IQ_AP_AR",IQ_LTM,IQ_TODAY,"CHP")) | M46: =IF($A46="","",_xll.ciqfunctions.udf.CIQ($A46,"IQ_MGMT_RATE_RETURN",IQ_LTM,IQ_TODAY,"CHP")) | N46: =IF($A46="","",_xll.ciqfunctions.udf.CIQ($A46,"IQ_GROSS_MARGIN",IQ_LTM,IQ_TODAY,"CHP")) | O46: =IF($A46="","",_xll.ciqfunctions.udf.CIQ($A46,"IQ_EBITDA_MARGIN",IQ_LTM,IQ_TODAY,"CHP")) | Q46: =IF($A46="","",_xll.ciqfunctions.udf.CIQ($A46,"IQ_FFO_INT",IQ_LTM,IQ_TODAY,"CHP")) | R46: =IF($A46="","",_xll.ciqfunctions.udf.CIQ($A46,"IQ_EBITDA_INT",IQ_LTM,IQ_TODAY,"CHP")) | S46: =IF($A46="","",_xll.ciqfunctions.udf.CIQ($A46,"IQ_FFO_TOTAL_DEBT",IQ_LTM,IQ_TODAY,"CHP")) | T46: =IF($A46="","",_xll.ciqfunctions.udf.CIQ($A46,"IQ_NET_DEBT_EBITDA",IQ_LTM,IQ_TODAY,"CHP")) | U46: =IF($A46="","",_xll.ciqfunctions.udf.CIQ($A46,"IQ_TOTAL_DEBT_CAP",IQ_LTM,IQ_TODAY,"CHP")) | V46: =IF($A46="","",_xll.ciqfunctions.udf.CIQ($A46,"IQ_DEBT_TOTAL_LIAB",IQ_LTM,IQ_TODAY,"CHP")) | W46: =IF($A46="","",_xll.ciqfunctions.udf.CIQ($A46,"IQ_TOTAL_DEBT_TOTAL_REV",IQ_LTM,IQ_TODAY,"CHP")) | Y46: =IF($A46="","",_xll.ciqfunctions.udf.CIQ($A46,"IQ_FFO_PLUS_CASH_ST_DEBT",IQ_LTM,IQ_TODAY,"CHP")) | Z46: =IF($A46="","",_xll.ciqfunctions.udf.CIQ($A46,"IQ_FFO_GROSS_PROFIT",IQ_LTM,IQ_TODAY,"CHP")) | AA46: =IF($A46="","",_xll.ciqfunctions.udf.CIQ($A46,"IQ_BASIC_DEFENSE_INTERVAL",IQ_LTM,IQ_TODAY,"CHP")) | AB46: =IF($A46="","",_xll.ciqfunctions.udf.CIQ($A46,"IQ_CURRENT_RATIO",IQ_LTM,IQ_TODAY,"CHP")) | AC46: =IF($A46="","",_xll.ciqfunctions.udf.CIQ($A46,"IQ_QUICK_RATIO",IQ_LTM,IQ_TODAY,"CHP"))
C47: =IF($A47="","",_xll.ciqfunctions.udf.CIQ($A47,"IQ_PERIODDATE",IQ_LTM,IQ_TODAY,"CHP")) | D47: =IF($A47="","",_xll.ciqfunctions.udf.CIQ($A47,"IQ_TOTAL_REV",IQ_LTM,IQ_TODAY,"CHP",,$B$4)) | E47: =IF($A47="","",_xll.ciqfunctions.udf.CIQ($A47,"IQ_TOTAL_EQUITY",IQ_LTM,IQ_TODAY,"CHP",,$B$4)) | F47: =IF($A47="","",_xll.ciqfunctions.udf.CIQ($A47,"IQ_RETURN_CAPITAL_CHP",IQ_LTM,IQ_TODAY,"CHP")) | G47: =IF($A47="","",_xll.ciqfunctions.udf.CIQ($A47,"IQ_RECURRING_EARN_ASSETS",IQ_LTM,IQ_TODAY,"CHP")) | H47: =IF($A47="","",_xll.ciqfunctions.udf.CIQ($A47,"IQ_NET_WORKING_CAP_REV",IQ_LTM,IQ_TODAY,"CHP")) | I47: =IF($A47="","",_xll.ciqfunctions.udf.CIQ($A47,"IQ_ASSET_TURNOVER",IQ_LTM,IQ_TODAY,"CHP")) | J47: =IF($A47="","",_xll.ciqfunctions.udf.CIQ($A47,"IQ_INTAN_ASSETS_REV",IQ_LTM,IQ_TODAY,"CHP")) | K47: =IF($A47="","",_xll.ciqfunctions.udf.CIQ($A47,"IQ_NET_WORKING_CAP_TOTAL_ASSETS",IQ_LTM,IQ_TODAY,"CHP")) | L47: =IF($A47="","",_xll.ciqfunctions.udf.CIQ($A47,"IQ_AP_AR",IQ_LTM,IQ_TODAY,"CHP")) | M47: =IF($A47="","",_xll.ciqfunctions.udf.CIQ($A47,"IQ_MGMT_RATE_RETURN",IQ_LTM,IQ_TODAY,"CHP")) | N47: =IF($A47="","",_xll.ciqfunctions.udf.CIQ($A47,"IQ_GROSS_MARGIN",IQ_LTM,IQ_TODAY,"CHP")) | O47: =IF($A47="","",_xll.ciqfunctions.udf.CIQ($A47,"IQ_EBITDA_MARGIN",IQ_LTM,IQ_TODAY,"CHP")) | Q47: =IF($A47="","",_xll.ciqfunctions.udf.CIQ($A47,"IQ_FFO_INT",IQ_LTM,IQ_TODAY,"CHP")) | R47: =IF($A47="","",_xll.ciqfunctions.udf.CIQ($A47,"IQ_EBITDA_INT",IQ_LTM,IQ_TODAY,"CHP")) | S47: =IF($A47="","",_xll.ciqfunctions.udf.CIQ($A47,"IQ_FFO_TOTAL_DEBT",IQ_LTM,IQ_TODAY,"CHP")) | T47: =IF($A47="","",_xll.ciqfunctions.udf.CIQ($A47,"IQ_NET_DEBT_EBITDA",IQ_LTM,IQ_TODAY,"CHP")) | U47: =IF($A47="","",_xll.ciqfunctions.udf.CIQ($A47,"IQ_TOTAL_DEBT_CAP",IQ_LTM,IQ_TODAY,"CHP")) | V47: =IF($A47="","",_xll.ciqfunctions.udf.CIQ($A47,"IQ_DEBT_TOTAL_LIAB",IQ_LTM,IQ_TODAY,"CHP")) | W47: =IF($A47="","",_xll.ciqfunctions.udf.CIQ($A47,"IQ_TOTAL_DEBT_TOTAL_REV",IQ_LTM,IQ_TODAY,"CHP")) | Y47: =IF($A47="","",_xll.ciqfunctions.udf.CIQ($A47,"IQ_FFO_PLUS_CASH_ST_DEBT",IQ_LTM,IQ_TODAY,"CHP")) | Z47: =IF($A47="","",_xll.ciqfunctions.udf.CIQ($A47,"IQ_FFO_GROSS_PROFIT",IQ_LTM,IQ_TODAY,"CHP")) | AA47: =IF($A47="","",_xll.ciqfunctions.udf.CIQ($A47,"IQ_BASIC_DEFENSE_INTERVAL",IQ_LTM,IQ_TODAY,"CHP")) | AB47: =IF($A47="","",_xll.ciqfunctions.udf.CIQ($A47,"IQ_CURRENT_RATIO",IQ_LTM,IQ_TODAY,"CHP")) | AC47: =IF($A47="","",_xll.ciqfunctions.udf.CIQ($A47,"IQ_QUICK_RATIO",IQ_LTM,IQ_TODAY,"CHP"))
C48: =IF($A48="","",_xll.ciqfunctions.udf.CIQ($A48,"IQ_PERIODDATE",IQ_LTM,IQ_TODAY,"CHP")) | D48: =IF($A48="","",_xll.ciqfunctions.udf.CIQ($A48,"IQ_TOTAL_REV",IQ_LTM,IQ_TODAY,"CHP",,$B$4)) | E48: =IF($A48="","",_xll.ciqfunctions.udf.CIQ($A48,"IQ_TOTAL_EQUITY",IQ_LTM,IQ_TODAY,"CHP",,$B$4)) | F48: =IF($A48="","",_xll.ciqfunctions.udf.CIQ($A48,"IQ_RETURN_CAPITAL_CHP",IQ_LTM,IQ_TODAY,"CHP")) | G48: =IF($A48="","",_xll.ciqfunctions.udf.CIQ($A48,"IQ_RECURRING_EARN_ASSETS",IQ_LTM,IQ_TODAY,"CHP")) | H48: =IF($A48="","",_xll.ciqfunctions.udf.CIQ($A48,"IQ_NET_WORKING_CAP_REV",IQ_LTM,IQ_TODAY,"CHP")) | I48: =IF($A48="","",_xll.ciqfunctions.udf.CIQ($A48,"IQ_ASSET_TURNOVER",IQ_LTM,IQ_TODAY,"CHP")) | J48: =IF($A48="","",_xll.ciqfunctions.udf.CIQ($A48,"IQ_INTAN_ASSETS_REV",IQ_LTM,IQ_TODAY,"CHP")) | K48: =IF($A48="","",_xll.ciqfunctions.udf.CIQ($A48,"IQ_NET_WORKING_CAP_TOTAL_ASSETS",IQ_LTM,IQ_TODAY,"CHP")) | L48: =IF($A48="","",_xll.ciqfunctions.udf.CIQ($A48,"IQ_AP_AR",IQ_LTM,IQ_TODAY,"CHP")) | M48: =IF($A48="","",_xll.ciqfunctions.udf.CIQ($A48,"IQ_MGMT_RATE_RETURN",IQ_LTM,IQ_TODAY,"CHP")) | N48: =IF($A48="","",_xll.ciqfunctions.udf.CIQ($A48,"IQ_GROSS_MARGIN",IQ_LTM,IQ_TODAY,"CHP")) | O48: =IF($A48="","",_xll.ciqfunctions.udf.CIQ($A48,"IQ_EBITDA_MARGIN",IQ_LTM,IQ_TODAY,"CHP")) | Q48: =IF($A48="","",_xll.ciqfunctions.udf.CIQ($A48,"IQ_FFO_INT",IQ_LTM,IQ_TODAY,"CHP")) | R48: =IF($A48="","",_xll.ciqfunctions.udf.CIQ($A48,"IQ_EBITDA_INT",IQ_LTM,IQ_TODAY,"CHP")) | S48: =IF($A48="","",_xll.ciqfunctions.udf.CIQ($A48,"IQ_FFO_TOTAL_DEBT",IQ_LTM,IQ_TODAY,"CHP")) | T48: =IF($A48="","",_xll.ciqfunctions.udf.CIQ($A48,"IQ_NET_DEBT_EBITDA",IQ_LTM,IQ_TODAY,"CHP")) | U48: =IF($A48="","",_xll.ciqfunctions.udf.CIQ($A48,"IQ_TOTAL_DEBT_CAP",IQ_LTM,IQ_TODAY,"CHP")) | V48: =IF($A48="","",_xll.ciqfunctions.udf.CIQ($A48,"IQ_DEBT_TOTAL_LIAB",IQ_LTM,IQ_TODAY,"CHP")) | W48: =IF($A48="","",_xll.ciqfunctions.udf.CIQ($A48,"IQ_TOTAL_DEBT_TOTAL_REV",IQ_LTM,IQ_TODAY,"CHP")) | Y48: =IF($A48="","",_xll.ciqfunctions.udf.CIQ($A48,"IQ_FFO_PLUS_CASH_ST_DEBT",IQ_LTM,IQ_TODAY,"CHP")) | Z48: =IF($A48="","",_xll.ciqfunctions.udf.CIQ($A48,"IQ_FFO_GROSS_PROFIT",IQ_LTM,IQ_TODAY,"CHP")) | AA48: =IF($A48="","",_xll.ciqfunctions.udf.CIQ($A48,"IQ_BASIC_DEFENSE_INTERVAL",IQ_LTM,IQ_TODAY,"CHP")) | AB48: =IF($A48="","",_xll.ciqfunctions.udf.CIQ($A48,"IQ_CURRENT_RATIO",IQ_LTM,IQ_TODAY,"CHP")) | AC48: =IF($A48="","",_xll.ciqfunctions.udf.CIQ($A48,"IQ_QUICK_RATIO",IQ_LTM,IQ_TODAY,"CHP"))
C49: =IF($A49="","",_xll.ciqfunctions.udf.CIQ($A49,"IQ_PERIODDATE",IQ_LTM,IQ_TODAY,"CHP")) | D49: =IF($A49="","",_xll.ciqfunctions.udf.CIQ($A49,"IQ_TOTAL_REV",IQ_LTM,IQ_TODAY,"CHP",,$B$4)) | E49: =IF($A49="","",_xll.ciqfunctions.udf.CIQ($A49,"IQ_TOTAL_EQUITY",IQ_LTM,IQ_TODAY,"CHP",,$B$4)) | F49: =IF($A49="","",_xll.ciqfunctions.udf.CIQ($A49,"IQ_RETURN_CAPITAL_CHP",IQ_LTM,IQ_TODAY,"CHP")) | G49: =IF($A49="","",_xll.ciqfunctions.udf.CIQ($A49,"IQ_RECURRING_EARN_ASSETS",IQ_LTM,IQ_TODAY,"CHP")) | H49: =IF($A49="","",_xll.ciqfunctions.udf.CIQ($A49,"IQ_NET_WORKING_CAP_REV",IQ_LTM,IQ_TODAY,"CHP")) | I49: =IF($A49="","",_xll.ciqfunctions.udf.CIQ($A49,"IQ_ASSET_TURNOVER",IQ_LTM,IQ_TODAY,"CHP")) | J49: =IF($A49="","",_xll.ciqfunctions.udf.CIQ($A49,"IQ_INTAN_ASSETS_REV",IQ_LTM,IQ_TODAY,"CHP")) | K49: =IF($A49="","",_xll.ciqfunctions.udf.CIQ($A49,"IQ_NET_WORKING_CAP_TOTAL_ASSETS",IQ_LTM,IQ_TODAY,"CHP")) | L49: =IF($A49="","",_xll.ciqfunctions.udf.CIQ($A49,"IQ_AP_AR",IQ_LTM,IQ_TODAY,"CHP")) | M49: =IF($A49="","",_xll.ciqfunctions.udf.CIQ($A49,"IQ_MGMT_RATE_RETURN",IQ_LTM,IQ_TODAY,"CHP")) | N49: =IF($A49="","",_xll.ciqfunctions.udf.CIQ($A49,"IQ_GROSS_MARGIN",IQ_LTM,IQ_TODAY,"CHP")) | O49: =IF($A49="","",_xll.ciqfunctions.udf.CIQ($A49,"IQ_EBITDA_MARGIN",IQ_LTM,IQ_TODAY,"CHP")) | Q49: =IF($A49="","",_xll.ciqfunctions.udf.CIQ($A49,"IQ_FFO_INT",IQ_LTM,IQ_TODAY,"CHP")) | R49: =IF($A49="","",_xll.ciqfunctions.udf.CIQ($A49,"IQ_EBITDA_INT",IQ_LTM,IQ_TODAY,"CHP")) | S49: =IF($A49="","",_xll.ciqfunctions.udf.CIQ($A49,"IQ_FFO_TOTAL_DEBT",IQ_LTM,IQ_TODAY,"CHP")) | T49: =IF($A49="","",_xll.ciqfunctions.udf.CIQ($A49,"IQ_NET_DEBT_EBITDA",IQ_LTM,IQ_TODAY,"CHP")) | U49: =IF($A49="","",_xll.ciqfunctions.udf.CIQ($A49,"IQ_TOTAL_DEBT_CAP",IQ_LTM,IQ_TODAY,"CHP")) | V49: =IF($A49="","",_xll.ciqfunctions.udf.CIQ($A49,"IQ_DEBT_TOTAL_LIAB",IQ_LTM,IQ_TODAY,"CHP")) | W49: =IF($A49="","",_xll.ciqfunctions.udf.CIQ($A49,"IQ_TOTAL_DEBT_TOTAL_REV",IQ_LTM,IQ_TODAY,"CHP")) | Y49: =IF($A49="","",_xll.ciqfunctions.udf.CIQ($A49,"IQ_FFO_PLUS_CASH_ST_DEBT",IQ_LTM,IQ_TODAY,"CHP")) | Z49: =IF($A49="","",_xll.ciqfunctions.udf.CIQ($A49,"IQ_FFO_GROSS_PROFIT",IQ_LTM,IQ_TODAY,"CHP")) | AA49: =IF($A49="","",_xll.ciqfunctions.udf.CIQ($A49,"IQ_BASIC_DEFENSE_INTERVAL",IQ_LTM,IQ_TODAY,"CHP")) | AB49: =IF($A49="","",_xll.ciqfunctions.udf.CIQ($A49,"IQ_CURRENT_RATIO",IQ_LTM,IQ_TODAY,"CHP")) | AC49: =IF($A49="","",_xll.ciqfunctions.udf.CIQ($A49,"IQ_QUICK_RATIO",IQ_LTM,IQ_TODAY,"CHP"))
C50: =IF($A50="","",_xll.ciqfunctions.udf.CIQ($A50,"IQ_PERIODDATE",IQ_LTM,IQ_TODAY,"CHP")) | D50: =IF($A50="","",_xll.ciqfunctions.udf.CIQ($A50,"IQ_TOTAL_REV",IQ_LTM,IQ_TODAY,"CHP",,$B$4)) | E50: =IF($A50="","",_xll.ciqfunctions.udf.CIQ($A50,"IQ_TOTAL_EQUITY",IQ_LTM,IQ_TODAY,"CHP",,$B$4)) | F50: =IF($A50="","",_xll.ciqfunctions.udf.CIQ($A50,"IQ_RETURN_CAPITAL_CHP",IQ_LTM,IQ_TODAY,"CHP")) | G50: =IF($A50="","",_xll.ciqfunctions.udf.CIQ($A50,"IQ_RECURRING_EARN_ASSETS",IQ_LTM,IQ_TODAY,"CHP")) | H50: =IF($A50="","",_xll.ciqfunctions.udf.CIQ($A50,"IQ_NET_WORKING_CAP_REV",IQ_LTM,IQ_TODAY,"CHP")) | I50: =IF($A50="","",_xll.ciqfunctions.udf.CIQ($A50,"IQ_ASSET_TURNOVER",IQ_LTM,IQ_TODAY,"CHP")) | J50: =IF($A50="","",_xll.ciqfunctions.udf.CIQ($A50,"IQ_INTAN_ASSETS_REV",IQ_LTM,IQ_TODAY,"CHP")) | K50: =IF($A50="","",_xll.ciqfunctions.udf.CIQ($A50,"IQ_NET_WORKING_CAP_TOTAL_ASSETS",IQ_LTM,IQ_TODAY,"CHP")) | L50: =IF($A50="","",_xll.ciqfunctions.udf.CIQ($A50,"IQ_AP_AR",IQ_LTM,IQ_TODAY,"CHP")) | M50: =IF($A50="","",_xll.ciqfunctions.udf.CIQ($A50,"IQ_MGMT_RATE_RETURN",IQ_LTM,IQ_TODAY,"CHP")) | N50: =IF($A50="","",_xll.ciqfunctions.udf.CIQ($A50,"IQ_GROSS_MARGIN",IQ_LTM,IQ_TODAY,"CHP")) | O50: =IF($A50="","",_xll.ciqfunctions.udf.CIQ($A50,"IQ_EBITDA_MARGIN",IQ_LTM,IQ_TODAY,"CHP")) | Q50: =IF($A50="","",_xll.ciqfunctions.udf.CIQ($A50,"IQ_FFO_INT",IQ_LTM,IQ_TODAY,"CHP")) | R50: =IF($A50="","",_xll.ciqfunctions.udf.CIQ($A50,"IQ_EBITDA_INT",IQ_LTM,IQ_TODAY,"CHP")) | S50: =IF($A50="","",_xll.ciqfunctions.udf.CIQ($A50,"IQ_FFO_TOTAL_DEBT",IQ_LTM,IQ_TODAY,"CHP")) | T50: =IF($A50="","",_xll.ciqfunctions.udf.CIQ($A50,"IQ_NET_DEBT_EBITDA",IQ_LTM,IQ_TODAY,"CHP")) | U50: =IF($A50="","",_xll.ciqfunctions.udf.CIQ($A50,"IQ_TOTAL_DEBT_CAP",IQ_LTM,IQ_TODAY,"CHP")) | V50: =IF($A50="","",_xll.ciqfunctions.udf.CIQ($A50,"IQ_DEBT_TOTAL_LIAB",IQ_LTM,IQ_TODAY,"CHP")) | W50: =IF($A50="","",_xll.ciqfunctions.udf.CIQ($A50,"IQ_TOTAL_DEBT_TOTAL_REV",IQ_LTM,IQ_TODAY,"CHP")) | Y50: =IF($A50="","",_xll.ciqfunctions.udf.CIQ($A50,"IQ_FFO_PLUS_CASH_ST_DEBT",IQ_LTM,IQ_TODAY,"CHP")) | Z50: =IF($A50="","",_xll.ciqfunctions.udf.CIQ($A50,"IQ_FFO_GROSS_PROFIT",IQ_LTM,IQ_TODAY,"CHP")) | AA50: =IF($A50="","",_xll.ciqfunctions.udf.CIQ($A50,"IQ_BASIC_DEFENSE_INTERVAL",IQ_LTM,IQ_TODAY,"CHP")) | AB50: =IF($A50="","",_xll.ciqfunctions.udf.CIQ($A50,"IQ_CURRENT_RATIO",IQ_LTM,IQ_TODAY,"CHP")) | AC50: =IF($A50="","",_xll.ciqfunctions.udf.CIQ($A50,"IQ_QUICK_RATIO",IQ_LTM,IQ_TODAY,"CHP"))
C51: =IF($A51="","",_xll.ciqfunctions.udf.CIQ($A51,"IQ_PERIODDATE",IQ_LTM,IQ_TODAY,"CHP")) | D51: =IF($A51="","",_xll.ciqfunctions.udf.CIQ($A51,"IQ_TOTAL_REV",IQ_LTM,IQ_TODAY,"CHP",,$B$4)) | E51: =IF($A51="","",_xll.ciqfunctions.udf.CIQ($A51,"IQ_TOTAL_EQUITY",IQ_LTM,IQ_TODAY,"CHP",,$B$4)) | F51: =IF($A51="","",_xll.ciqfunctions.udf.CIQ($A51,"IQ_RETURN_CAPITAL_CHP",IQ_LTM,IQ_TODAY,"CHP")) | G51: =IF($A51="","",_xll.ciqfunctions.udf.CIQ($A51,"IQ_RECURRING_EARN_ASSETS",IQ_LTM,IQ_TODAY,"CHP")) | H51: =IF($A51="","",_xll.ciqfunctions.udf.CIQ($A51,"IQ_NET_WORKING_CAP_REV",IQ_LTM,IQ_TODAY,"CHP")) | I51: =IF($A51="","",_xll.ciqfunctions.udf.CIQ($A51,"IQ_ASSET_TURNOVER",IQ_LTM,IQ_TODAY,"CHP")) | J51: =IF($A51="","",_xll.ciqfunctions.udf.CIQ($A51,"IQ_INTAN_ASSETS_REV",IQ_LTM,IQ_TODAY,"CHP")) | K51: =IF($A51="","",_xll.ciqfunctions.udf.CIQ($A51,"IQ_NET_WORKING_CAP_TOTAL_ASSETS",IQ_LTM,IQ_TODAY,"CHP")) | L51: =IF($A51="","",_xll.ciqfunctions.udf.CIQ($A51,"IQ_AP_AR",IQ_LTM,IQ_TODAY,"CHP")) | M51: =IF($A51="","",_xll.ciqfunctions.udf.CIQ($A51,"IQ_MGMT_RATE_RETURN",IQ_LTM,IQ_TODAY,"CHP")) | N51: =IF($A51="","",_xll.ciqfunctions.udf.CIQ($A51,"IQ_GROSS_MARGIN",IQ_LTM,IQ_TODAY,"CHP")) | O51: =IF($A51="","",_xll.ciqfunctions.udf.CIQ($A51,"IQ_EBITDA_MARGIN",IQ_LTM,IQ_TODAY,"CHP")) | Q51: =IF($A51="","",_xll.ciqfunctions.udf.CIQ($A51,"IQ_FFO_INT",IQ_LTM,IQ_TODAY,"CHP")) | R51: =IF($A51="","",_xll.ciqfunctions.udf.CIQ($A51,"IQ_EBITDA_INT",IQ_LTM,IQ_TODAY,"CHP")) | S51: =IF($A51="","",_xll.ciqfunctions.udf.CIQ($A51,"IQ_FFO_TOTAL_DEBT",IQ_LTM,IQ_TODAY,"CHP")) | T51: =IF($A51="","",_xll.ciqfunctions.udf.CIQ($A51,"IQ_NET_DEBT_EBITDA",IQ_LTM,IQ_TODAY,"CHP")) | U51: =IF($A51="","",_xll.ciqfunctions.udf.CIQ($A51,"IQ_TOTAL_DEBT_CAP",IQ_LTM,IQ_TODAY,"CHP")) | V51: =IF($A51="","",_xll.ciqfunctions.udf.CIQ($A51,"IQ_DEBT_TOTAL_LIAB",IQ_LTM,IQ_TODAY,"CHP")) | W51: =IF($A51="","",_xll.ciqfunctions.udf.CIQ($A51,"IQ_TOTAL_DEBT_TOTAL_REV",IQ_LTM,IQ_TODAY,"CHP")) | Y51: =IF($A51="","",_xll.ciqfunctions.udf.CIQ($A51,"IQ_FFO_PLUS_CASH_ST_DEBT",IQ_LTM,IQ_TODAY,"CHP")) | Z51: =IF($A51="","",_xll.ciqfunctions.udf.CIQ($A51,"IQ_FFO_GROSS_PROFIT",IQ_LTM,IQ_TODAY,"CHP")) | AA51: =IF($A51="","",_xll.ciqfunctions.udf.CIQ($A51,"IQ_BASIC_DEFENSE_INTERVAL",IQ_LTM,IQ_TODAY,"CHP")) | AB51: =IF($A51="","",_xll.ciqfunctions.udf.CIQ($A51,"IQ_CURRENT_RATIO",IQ_LTM,IQ_TODAY,"CHP")) | AC51: =IF($A51="","",_xll.ciqfunctions.udf.CIQ($A51,"IQ_QUICK_RATIO",IQ_LTM,IQ_TODAY,"CHP"))
... C517: =IF($A517="","",_xll.ciqfunctions.udf.CIQ($A517,"IQ_PERIODDATE",IQ_LTM,IQ_TODAY,"CHP")) | D517: =IF($A517="","",_xll.ciqfunctions.udf.CIQ($A517,"IQ_TOTAL_REV",IQ_LTM,IQ_TODAY,"CHP",,$B$4)) | E517: =IF($A517="","",_xll.ciqfunctions.udf.CIQ($A517,"IQ_TOTAL_EQUITY",IQ_LTM,IQ_TODAY,"CHP",,$B$4)) | F517: =IF($A517="","",_xll.ciqfunctions.udf.CIQ($A517,"IQ_RETURN_CAPITAL_CHP",IQ_LTM,IQ_TODAY,"CHP")) | G517: =IF($A517="","",_xll.ciqfunctions.udf.CIQ($A517,"IQ_RECURRING_EARN_ASSETS",IQ_LTM,IQ_TODAY,"CHP")) | H517: =IF($A517="","",_xll.ciqfunctions.udf.CIQ($A517,"IQ_NET_WORKING_CAP_REV",IQ_LTM,IQ_TODAY,"CHP")) | I517: =IF($A517="","",_xll.ciqfunctions.udf.CIQ($A517,"IQ_ASSET_TURNOVER",IQ_LTM,IQ_TODAY,"CHP")) | J517: =IF($A517="","",_xll.ciqfunctions.udf.CIQ($A517,"IQ_INTAN_ASSETS_REV",IQ_LTM,IQ_TODAY,"CHP")) | K517: =IF($A517="","",_xll.ciqfunctions.udf.CIQ($A517,"IQ_NET_WORKING_CAP_TOTAL_ASSETS",IQ_LTM,IQ_TODAY,"CHP")) | L517: =IF($A517="","",_xll.ciqfunctions.udf.CIQ($A517,"IQ_AP_AR",IQ_LTM,IQ_TODAY,"CHP")) | M517: =IF($A517="","",_xll.ciqfunctions.udf.CIQ($A517,"IQ_MGMT_RATE_RETURN",IQ_LTM,IQ_TODAY,"CHP")) | N517: =IF($A517="","",_xll.ciqfunctions.udf.CIQ($A517,"IQ_GROSS_MARGIN",IQ_LTM,IQ_TODAY,"CHP")) | O517: =IF($A517="","",_xll.ciqfunctions.udf.CIQ($A517,"IQ_EBITDA_MARGIN",IQ_LTM,IQ_TODAY,"CHP")) | Q517: =IF($A517="","",_xll.ciqfunctions.udf.CIQ($A517,"IQ_FFO_INT",IQ_LTM,IQ_TODAY,"CHP")) | R517: =IF($A517="","",_xll.ciqfunctions.udf.CIQ($A517,"IQ_EBITDA_INT",IQ_LTM,IQ_TODAY,"CHP")) | S517: =IF($A517="","",_xll.ciqfunctions.udf.CIQ($A517,"IQ_FFO_TOTAL_DEBT",IQ_LTM,IQ_TODAY,"CHP")) | T517: =IF($A517="","",_xll.ciqfunctions.udf.CIQ($A517,"IQ_NET_DEBT_EBITDA",IQ_LTM,IQ_TODAY,"CHP")) | U517: =IF($A517="","",_xll.ciqfunctions.udf.CIQ($A517,"IQ_TOTAL_DEBT_CAP",IQ_LTM,IQ_TODAY,"CHP")) | V517: =IF($A517="","",_xll.ciqfunctions.udf.CIQ($A517,"IQ_DEBT_TOTAL_LIAB",IQ_LTM,IQ_TODAY,"CHP")) | W517: =IF($A517="","",_xll.ciqfunctions.udf.CIQ($A517,"IQ_TOTAL_DEBT_TOTAL_REV",IQ_LTM,IQ_TODAY,"CHP")) | Y517: =IF($A517="","",_xll.ciqfunctions.udf.CIQ($A517,"IQ_FFO_PLUS_CASH_ST_DEBT",IQ_LTM,IQ_TODAY,"CHP")) | Z517: =IF($A517="","",_xll.ciqfunctions.udf.CIQ($A517,"IQ_FFO_GROSS_PROFIT",IQ_LTM,IQ_TODAY,"CHP")) | AA517: =IF($A517="","",_xll.ciqfunctions.udf.CIQ($A517,"IQ_BASIC_DEFENSE_INTERVAL",IQ_LTM,IQ_TODAY,"CHP")) | AB517: =IF($A517="","",_xll.ciqfunctions.udf.CIQ($A517,"IQ_CURRENT_RATIO",IQ_LTM,IQ_TODAY,"CHP")) | AC517: =IF($A517="","",_xll.ciqfunctions.udf.CIQ($A517,"IQ_QUICK_RATIO",IQ_LTM,IQ_TODAY,"CHP"))

Sheet CHP Aggregates
A1: =INDEX('Language Index'!$A$8:$A$10000,MATCH("CREDIT HEALTH PANEL AGGREGATES",'Language Index'!$B$8:$B$10000,0)) -> CREDIT HEALTH PANEL AGGREGATES
Z2: 1 | AA2: =INDEX('Language Index'!$A$8:$A$10000,MATCH("Avg",'Language Index'!$B$8:$B$10000,0)) -> Avg | AB2: Avg
A3: =INDEX('Language Index'!$A$8:$A$10000,MATCH("List ID",'Language Index'!$B$8:$B$10000,0)) -> List ID | B3: =_xll.ciqfunctions.udf.CIQ("IBM","IQ_GICS_PEER_LIST_ID") -> IQ217168020 | Z3: 2 | AA3: =INDEX('Language Index'!$A$8:$A$10000,MATCH("Med",'Language Index'!$B$8:$B$10000,0)) -> Med | AB3: Med
A4: =INDEX('Language Index'!$A$8:$A$10000,MATCH("Currency",'Language Index'!$B$8:$B$10000,0)) -> Currency | B4: USD | Z4: 3 | AA4: =INDEX('Language Index'!$A$8:$A$10000,MATCH("Max",'Language Index'!$B$8:$B$10000,0)) -> Max | AB4: Max
A5: =INDEX('Language Index'!$A$8:$A$10000,MATCH("Result Type",'Language Index'!$B$8:$B$10000,0)) -> Result Type | Z5: 4 | AA5: =INDEX('Language Index'!$A$8:$A$10000,MATCH("Min",'Language Index'!$B$8:$B$10000,0)) -> Min | AB5: Min
AA6: 4
A7: =INDEX('Language Index'!$A$8:$A$10000,MATCH("Single Value",'Language Index'!$B$8:$B$10000,0)) -> Single Value | B7: =_xll.ciqfunctions.udf.CIQAGG($B$3,"IQ_TOTAL_REV",IQ_LTM,,"CHP",,$B$4,,$AA$7) -> 21313.601 | F7: =INDEX('Language Index'!$A$8:$A$10000,MATCH("Range",'Language Index'!$B$8:$B$10000,0)) -> Range | G7: =_xll.ciqfunctions.udf.CIQAGGRANGEA($B$3,"IQ_TOTAL_REV",IQ_LTM-2,,"CHP",,$B$4,,$AA$7,$AA$9) -> Total Rev | H7: =_xll.ciqfunctions.udf.CIQAGG("IQ217168020", "IQ_TOTAL_REV", IQ_LTM-2, , "CHP", "P", "USD", , "Min", "Total Rev") -> 20006.142 | I7: =_xll.ciqfunctions.udf.CIQAGG("IQ217168020", "IQ_TOTAL_REV", IQ_LTM-1, , "CHP", "P", "USD", , "Min", "Total Rev") -> 20432.965 | J7: =_xll.ciqfunctions.udf.CIQAGG("IQ217168020", "IQ_TOTAL_REV", IQ_LTM, , "CHP", "P", "USD", , "Min", "Total Rev") -> 21313.601 | AA7: =VLOOKUP($AA$6,$Z$2:$AB$5,3,FALSE) -> Min
A9: =INDEX('Language Index'!$A$8:$A$10000,MATCH("Formula Syntax",'Language Index'!$B$8:$B$10000,0)) -> Formula Syntax | F9: =INDEX('Language Index'!$A$8:$A$10000,MATCH("Formula Syntax",'Language Index'!$B$8:$B$10000,0)) -> Formula Syntax | AA9: =INDEX('Language Index'!$A$8:$A$10000,MATCH("Total Rev",'Language Index'!$B$8:$B$10000,0)) -> Total Rev
A10: =INDEX('Language Index'!$A$8:$A$10000,MATCH("Parameter 1",'Language Index'!$B$8:$B$10000,0)) -> Parameter 1 | B10: =INDEX('Language Index'!$A$8:$A$10000,MATCH("List ID",'Language Index'!$B$8:$B$10000,0)) -> List ID | F10: =INDEX('Language Index'!$A$8:$A$10000,MATCH("Parameter 1",'Language Index'!$B$8:$B$10000,0)) -> Parameter 1 | G10: =INDEX('Language Index'!$A$8:$A$10000,MATCH("List ID",'Language Index'!$B$8:$B$10000,0)) -> List ID
A11: =INDEX('Language Index'!$A$8:$A$10000,MATCH("Parameter 2",'Language Index'!$B$8:$B$10000,0)) -> Parameter 2 | B11: =INDEX('Language Index'!$A$8:$A$10000,MATCH("Metric",'Language Index'!$B$8:$B$10000,0)) -> Metric | F11: =INDEX('Language Index'!$A$8:$A$10000,MATCH("Parameter 2",'Language Index'!$B$8:$B$10000,0)) -> Parameter 2 | G11: =INDEX('Language Index'!$A$8:$A$10000,MATCH("Metric",'Language Index'!$B$8:$B$10000,0)) -> Metric
A12: =INDEX('Language Index'!$A$8:$A$10000,MATCH("Parameter 3",'Language Index'!$B$8:$B$10000,0)) -> Parameter 3 | B12: =INDEX('Language Index'!$A$8:$A$10000,MATCH("Period (LTM to LTM-5)",'Language Index'!$B$8:$B$10000,0)) -> Period (LTM to LTM-5) | F12: =INDEX('Language Index'!$A$8:$A$10000,MATCH("Parameter 3",'Language Index'!$B$8:$B$10000,0)) -> Parameter 3 | G12: =INDEX('Language Index'!$A$8:$A$10000,MATCH("Starting Period (LTM to LTM-5)",'Language Index'!$B$8:$B$10000,0)) -> Starting Period (LTM to LTM-5)
A13: =INDEX('Language Index'!$A$8:$A$10000,MATCH("Parameter 4",'Language Index'!$B$8:$B$10000,0)) -> Parameter 4 | B13: =INDEX('Language Index'!$A$8:$A$10000,MATCH("Blank",'Language Index'!$B$8:$B$10000,0)) -> Blank | F13: =INDEX('Language Index'!$A$8:$A$10000,MATCH("Parameter 4",'Language Index'!$B$8:$B$10000,0)) -> Parameter 4 | G13: =INDEX('Language Index'!$A$8:$A$10000,MATCH("Blank",'Language Index'!$B$8:$B$10000,0)) -> Blank
A14: =INDEX('Language Index'!$A$8:$A$10000,MATCH("Parameter 5",'Language Index'!$B$8:$B$10000,0)) -> Parameter 5 | B14: =INDEX('Language Index'!$A$8:$A$10000,MATCH("Filing Version: CHP only",'Language Index'!$B$8:$B$10000,0)) -> Filing Version: CHP only | F14: =INDEX('Language Index'!$A$8:$A$10000,MATCH("Parameter 5",'Language Index'!$B$8:$B$10000,0)) -> Parameter 5 | G14: =INDEX('Language Index'!$A$8:$A$10000,MATCH("Filing Version: CHP only",'Language Index'!$B$8:$B$10000,0)) -> Filing Version: CHP only
A15: =INDEX('Language Index'!$A$8:$A$10000,MATCH("Parameter 6",'Language Index'!$B$8:$B$10000,0)) -> Parameter 6 | B15: =INDEX('Language Index'!$A$8:$A$10000,MATCH("Blank",'Language Index'!$B$8:$B$10000,0)) -> Blank | F15: =INDEX('Language Index'!$A$8:$A$10000,MATCH("Parameter 6",'Language Index'!$B$8:$B$10000,0)) -> Parameter 6 | G15: =INDEX('Language Index'!$A$8:$A$10000,MATCH("Blank",'Language Index'!$B$8:$B$10000,0)) -> Blank
A16: =INDEX('Language Index'!$A$8:$A$10000,MATCH("Parameter 7",'Language Index'!$B$8:$B$10000,0)) -> Parameter 7 | B16: =INDEX('Language Index'!$A$8:$A$10000,MATCH("Currency",'Language Index'!$B$8:$B$10000,0)) -> Currency | F16: =INDEX('Language Index'!$A$8:$A$10000,MATCH("Parameter 7",'Language Index'!$B$8:$B$10000,0)) -> Parameter 7 | G16: =INDEX('Language Index'!$A$8:$A$10000,MATCH("Currency",'Language Index'!$B$8:$B$10000,0)) -> Currency
A17: =INDEX('Language Index'!$A$8:$A$10000,MATCH("Parameter 8",'Language Index'!$B$8:$B$10000,0)) -> Parameter 8 | B17: =INDEX('Language Index'!$A$8:$A$10000,MATCH("Blank",'Language Index'!$B$8:$B$10000,0)) -> Blank | F17: =INDEX('Language Index'!$A$8:$A$10000,MATCH("Parameter 8",'Language Index'!$B$8:$B$10000,0)) -> Parameter 8 | G17: =INDEX('Language Index'!$A$8:$A$10000,MATCH("Blank",'Language Index'!$B$8:$B$10000,0)) -> Blank
A18: =INDEX('Language Index'!$A$8:$A$10000,MATCH("Parameter 9",'Language Index'!$B$8:$B$10000,0)) -> Parameter 9 | B18: =INDEX('Language Index'!$A$8:$A$10000,MATCH("Result Type",'Language Index'!$B$8:$B$10000,0)) -> Result Type | F18: =INDEX('Language Index'!$A$8:$A$10000,MATCH("Parameter 9",'Language Index'!$B$8:$B$10000,0)) -> Parameter 9 | G18: =INDEX('Language Index'!$A$8:$A$10000,MATCH("Result Type",'Language Index'!$B$8:$B$10000,0)) -> Result Type
F19: =INDEX('Language Index'!$A$8:$A$10000,MATCH("Parameter 10",'Language Index'!$B$8:$B$10000,0)) -> Parameter 10 | G19: =INDEX('Language Index'!$A$8:$A$10000,MATCH("Label",'Language Index'!$B$8:$B$10000,0)) -> Label
A21: =INDEX('Language Index'!$A$8:$A$10000,MATCH("Parameter Requirements",'Language Index'!$B$8:$B$10000,0)) -> Parameter Requirements | F21: =INDEX('Language Index'!$A$8:$A$10000,MATCH("Parameter Requirements",'Language Index'!$B$8:$B$10000,0)) -> Parameter Requirements
A22: =INDEX('Language Index'!$A$8:$A$10000,MATCH("Parameters 1, 2, and 5 must be specified",'Language Index'!$B$8:$B$10000,0)) -> Parameters 1, 2, and 5 must be specified | F22: =INDEX('Language Index'!$A$8:$A$10000,MATCH("Parameters 1, 2, and 5 must be specified",'Language Index'!$B$8:$B$10000,0)) -> Parameters 1, 2, and 5 must be specified
A23: =INDEX('Language Index'!$A$8:$A$10000,MATCH("In Parameter 1, you may use:",'Language Index'!$B$8:$B$10000,0)) -> In Parameter 1, you may use: | F23: =INDEX('Language Index'!$A$8:$A$10000,MATCH("In Parameter 1, you may use:",'Language Index'!$B$8:$B$10000,0)) -> In Parameter 1, you may use:
A24: =INDEX('Language Index'!$A$8:$A$10000,MATCH("Selected GICS Peers List, Quick Comp List, Comp Sets, Watchlists, Portfolios",'Language Index'!$B$8:$B$10000,0)) -> Selected GICS Peers List, Quick Comp List, Comp Sets, Watchlists, Portfolios | F24: =INDEX('Language Index'!$A$8:$A$10000,MATCH("Selected GICS Peers List, Quick Comp List, Comp Sets, Watchlists, Portfolios",'Language Index'!$B$8:$B$10000,0)) -> Selected GICS Peers List, Quick Comp List, Comp Sets, Watchlists, Portfolios
A25: =INDEX('Language Index'!$A$8:$A$10000,MATCH("Parameter 3 must be LTM, with up to LTM-5 working",'Language Index'!$B$8:$B$10000,0)) -> Parameter 3 must be LTM, with up to LTM-5 working | F25: =INDEX('Language Index'!$A$8:$A$10000,MATCH("Parameter 3 must be LTM, with up to LTM-5 working",'Language Index'!$B$8:$B$10000,0)) -> Parameter 3 must be LTM, with up to LTM-5 working
A26: =INDEX('Language Index'!$A$8:$A$10000,MATCH("Note that LTM-1 goes 1 year back for CHP",'Language Index'!$B$8:$B$10000,0)) -> Note that LTM-1 goes 1 year back for CHP | F26: =INDEX('Language Index'!$A$8:$A$10000,MATCH("Note that LTM-1 goes 1 year back for CHP",'Language Index'!$B$8:$B$10000,0)) -> Note that LTM-1 goes 1 year back for CHP
A27: =INDEX('Language Index'!$A$8:$A$10000,MATCH("Parameter 7 will default to USD",'Language Index'!$B$8:$B$10000,0)) -> Parameter 7 will default to USD | F27: =INDEX('Language Index'!$A$8:$A$10000,MATCH("Parameter 7 will default to USD",'Language Index'!$B$8:$B$10000,0)) -> Parameter 7 will default to USD
A28: =INDEX('Language Index'!$A$8:$A$10000,MATCH("Parameter 8 (Currency Conversion) will always be Current (C)",'Language Index'!$B$8:$B$10000,0)) -> Parameter 8 (Currency Conversion) will always be Current (C) | F28: =INDEX('Language Index'!$A$8:$A$10000,MATCH("Parameter 8 (Currency Conversion) will always be Current (C)",'Language Index'!$B$8:$B$10000,0)) -> Parameter 8 (Currency Conversion) will always be Current (C)
A29: =INDEX('Language Index'!$A$8:$A$10000,MATCH("Parameter 9 will default to Avg",'Language Index'!$B$8:$B$10000,0)) -> Parameter 9 will default to Avg | F29: =INDEX('Language Index'!$A$8:$A$10000,MATCH("Parameter 9 will default to Avg",'Language Index'!$B$8:$B$10000,0)) -> Parameter 9 will default to Avg
F30: =INDEX('Language Index'!$A$8:$A$10000,MATCH("Parameter 10 will default to nothing if left blank",'Language Index'!$B$8:$B$10000,0)) -> Parameter 10 will default to nothing if left blank
A31: =INDEX('Language Index'!$A$8:$A$10000,MATCH("Version Requirements",'Language Index'!$B$8:$B$10000,0)) -> Version Requirements
A32: =INDEX('Language Index'!$A$8:$A$10000,MATCH("Available and Visible on Version 8.6 and above",'Language Index'!$B$8:$B$10000,0)) -> Available and Visible on Version 8.6 and above
A33: ="- "&INDEX('Language Index'!$A$8:$A$10000,MATCH("Under Financials in Credit Health Panel Dropdown",'Language Index'!$B$8:$B$10000,0)) -> - Under Financials in Credit Health Panel Dropdown
A35: =INDEX('Language Index'!$A$8:$A$10000,MATCH("Other Notes",'Language Index'!$B$8:$B$10000,0)) -> Other Notes
A36: =INDEX('Language Index'!$A$8:$A$10000,MATCH("Works with RANGE and RANGEA, not RANGEV or RANGEVA",'Language Index'!$B$8:$B$10000,0)) -> Works with RANGE and RANGEA, not RANGEV or RANGEVA
A38: =INDEX('Language Index'!$A$8:$A$10000,MATCH("Constituents of List",'Language Index'!$B$8:$B$10000,0)) -> Constituents of List
A39: =_xll.ciqfunctions.udf.CIQRANGE($B$3,"IQ_CONSTITUENTS_CHP",1,,,,,,'Constituent Scores'!$A$6) -> ID | B39: =_xll.ciqfunctions.udf.CIQRANGE($B$3,"IQ_CONSTITUENTS_NAME_CHP",1,,,,,,'Constituent Scores'!$B$6) -> Name
A40: NYSE:ACN | B40: Accenture plc
A41: ENXTPA:ATO | B41: Atos SE
A42: XTRA:BC8 | B42: Bechtle AG
A43: ENXTPA:CAP | B43: Capgemini SE
A44: TSX:GIB.A | B44: CGI Inc.
A45: NasdaqGS:CTSH | B45: Cognizant Technology Solutions Corporation
A46: LSE:CCC | B46: Computacenter plc
A47: NYSE:DXC | B47: DXC Technology Company
A48: TSE:6702 | B48: Fujitsu Limited
A49: NYSE:IT | B49: Gartner, Inc.
A50: NSEI:HCLTECH | B50: HCL Technologies Limited
A51: NSEI:INFY | B51: Infosys Limited
... A61: BSE:507685 | B61: Wipro Limited

Sheet CHP Scores
A1: =INDEX('Language Index'!$A$8:$A$10000,MATCH("CREDIT HEALTH PANEL SCORES",'Language Index'!$B$8:$B$10000,0)) -> CREDIT HEALTH PANEL SCORES
A3: =INDEX('Language Index'!$A$8:$A$10000,MATCH("Company ID/Ticker",'Language Index'!$B$8:$B$10000,0)) -> Company ID/Ticker | B3: NYSE:IBM
A4: =INDEX('Language Index'!$A$8:$A$10000,MATCH("List ID",'Language Index'!$B$8:$B$10000,0)) -> List ID | B4: =_xll.ciqfunctions.udf.CIQ($B$3,"IQ_GICS_PEER_LIST_ID") -> IQ217168020
A6: =INDEX('Language Index'!$A$8:$A$10000,MATCH("Score",'Language Index'!$B$8:$B$10000,0)) -> Score | B6: =_xll.ciqfunctions.udf.CIQ($B$3,"IQ_OVERALL_SCORE",$B$4) -> 4
A8: =INDEX('Language Index'!$A$8:$A$10000,MATCH("Formula Syntax",'Language Index'!$B$8:$B$10000,0)) -> Formula Syntax
A9: =INDEX('Language Index'!$A$8:$A$10000,MATCH("Parameter 1",'Language Index'!$B$8:$B$10000,0)) -> Parameter 1 | B9: =INDEX('Language Index'!$A$8:$A$10000,MATCH("Company ID/Ticker",'Language Index'!$B$8:$B$10000,0)) -> Company ID/Ticker
A10: =INDEX('Language Index'!$A$8:$A$10000,MATCH("Parameter 2",'Language Index'!$B$8:$B$10000,0)) -> Parameter 2 | B10: =INDEX('Language Index'!$A$8:$A$10000,MATCH("Metric",'Language Index'!$B$8:$B$10000,0)) -> Metric
A11: =INDEX('Language Index'!$A$8:$A$10000,MATCH("Parameter 3",'Language Index'!$B$8:$B$10000,0)) -> Parameter 3 | B11: =INDEX('Language Index'!$A$8:$A$10000,MATCH("List ID",'Language Index'!$B$8:$B$10000,0)) -> List ID
A13: =INDEX('Language Index'!$A$8:$A$10000,MATCH("Parameter Requirements",'Language Index'!$B$8:$B$10000,0)) -> Parameter Requirements
A14: =INDEX('Language Index'!$A$8:$A$10000,MATCH("All 3 Parameters are required",'Language Index'!$B$8:$B$10000,0)) -> All 3 Parameters are required
A16: =INDEX('Language Index'!$A$8:$A$10000,MATCH("Version Requirements",'Language Index'!$B$8:$B$10000,0)) -> Version Requirements
A17: =INDEX('Language Index'!$A$8:$A$10000,MATCH("Available on Version 6.0 and above",'Language Index'!$B$8:$B$10000,0)) -> Available on Version 6.0 and above
A18: =INDEX('Language Index'!$A$8:$A$10000,MATCH("Visible on Version 8.6 and above",'Language Index'!$B$8:$B$10000,0)) -> Visible on Version 8.6 and above
A19: ='CHP Aggregates'!$A$33 -> - Under Financials in Credit Health Panel Dropdown
A21: =INDEX('Language Index'!$A$8:$A$10000,MATCH("Score Metrics",'Language Index'!$B$8:$B$10000,0)) -> Score Metrics
A22: =INDEX('Language Index'!$A$8:$A$10000,MATCH("Overall",'Language Index'!$B$8:$B$10000,0)) -> Overall
A23: =INDEX('Language Index'!$A$8:$A$10000,MATCH("Operational Score",'Language Index'!$B$8:$B$10000,0)) -> Operational Score | C23: iq_operational_score
A24: =INDEX('Language Index'!$A$8:$A$10000,MATCH("Solvency Score",'Language Index'!$B$8:$B$10000,0)) -> Solvency Score | C24: iq_solvency_score
A25: =INDEX('Language Index'!$A$8:$A$10000,MATCH("Liquidity Score",'Language Index'!$B$8:$B$10000,0)) -> Liquidity Score | C25: iq_liquid_score
A26: =INDEX('Language Index'!$A$8:$A$10000,MATCH("Overall Score",'Language Index'!$B$8:$B$10000,0)) -> Overall Score | C26: iq_overall_score
A28: =INDEX('Language Index'!$A$8:$A$10000,MATCH("Operational",'Language Index'!$B$8:$B$10000,0)) -> Operational
A29: =INDEX('Language Index'!$A$8:$A$10000,MATCH("Revenue Score",'Language Index'!$B$8:$B$10000,0)) -> Revenue Score | C29: iq_total_rev_score
A30: =INDEX('Language Index'!$A$8:$A$10000,MATCH("Total Equity Score",'Language Index'!$B$8:$B$10000,0)) -> Total Equity Score | C30: iq_total_equity_score
A31: =INDEX('Language Index'!$A$8:$A$10000,MATCH("Net Working Capital / Revenue Score",'Language Index'!$B$8:$B$10000,0)) -> Net Working Capital / Revenue Score | C31: iq_net_working_cap_rev_score
A32: =INDEX('Language Index'!$A$8:$A$10000,MATCH("Return on Capital Score",'Language Index'!$B$8:$B$10000,0)) -> Return on Capital Score | C32: iq_return_capital_score
A33: =INDEX('Language Index'!$A$8:$A$10000,MATCH("Recurring Earnings / Total Assets Score",'Language Index'!$B$8:$B$10000,0)) -> Recurring Earnings / Total Assets Score | C33: iq_recurring_earn_assets_score
A34: =INDEX('Language Index'!$A$8:$A$10000,MATCH("Net Working Capital/ Total Assets Score",'Language Index'!$B$8:$B$10000,0)) -> Net Working Capital/ Total Assets Score | C34: iq_net_working_cap_total_assets_score
A35: =INDEX('Language Index'!$A$8:$A$10000,MATCH("Payables / Receivables Score",'Language Index'!$B$8:$B$10000,0)) -> Payables / Receivables Score | C35: iq_ap_ar_score
A36: =INDEX('Language Index'!$A$8:$A$10000,MATCH("Management Rate Of Return Ratio Score",'Language Index'!$B$8:$B$10000,0)) -> Management Rate of Return Ratio Score | C36: iq_mgmt_rate_return_score
A37: =INDEX('Language Index'!$A$8:$A$10000,MATCH("Intangible Assets / Revenue Score",'Language Index'!$B$8:$B$10000,0)) -> Intangible Assets / Revenue Score | C37: iq_intan_assets_rev_score
A38: =INDEX('Language Index'!$A$8:$A$10000,MATCH("Asset Turnover Score",'Language Index'!$B$8:$B$10000,0)) -> Asset Turnover Score | C38: iq_asset_turnover_score
A39: =INDEX('Language Index'!$A$8:$A$10000,MATCH("Gross Margin % Score",'Language Index'!$B$8:$B$10000,0)) -> Gross Margin % Score | C39: iq_gross_margin_score
A40: =INDEX('Language Index'!$A$8:$A$10000,MATCH("EBITDA Margin % Score",'Language Index'!$B$8:$B$10000,0)) -> EBITDA Margin % Score | C40: iq_ebitda_margin_score
A42: =INDEX('Language Index'!$A$8:$A$10000,MATCH("Solvency",'Language Index'!$B$8:$B$10000,0)) -> Solvency
A43: =INDEX('Language Index'!$A$8:$A$10000,MATCH("Total Debt/Total Liabilities Score",'Language Index'!$B$8:$B$10000,0)) -> Total Debt/Total Liabilities Score | C43: iq_debt_total_liab_score
A44: =INDEX('Language Index'!$A$8:$A$10000,MATCH("Total Debt/Revenue Score",'Language Index'!$B$8:$B$10000,0)) -> Total Debt/Revenue Score | C44: iq_total_debt_total_rev_score
A45: =INDEX('Language Index'!$A$8:$A$10000,MATCH("Total Debt to Capital Score",'Language Index'!$B$8:$B$10000,0)) -> Total Debt to Capital Score | C45: iq_total_debt_cap_score
A46: =INDEX('Language Index'!$A$8:$A$10000,MATCH("FFO Interest Coverage Score",'Language Index'!$B$8:$B$10000,0)) -> FFO Interest Coverage Score | C46: iq_ffo_int_score
A47: =INDEX('Language Index'!$A$8:$A$10000,MATCH("FFO to Total Debt Score",'Language Index'!$B$8:$B$10000,0)) -> FFO to Total Debt Score | C47: iq_ffo_total_debt_score
A48: =INDEX('Language Index'!$A$8:$A$10000,MATCH("EBITDA / Interest Exp. Score",'Language Index'!$B$8:$B$10000,0)) -> EBITDA / Interest Exp. Score | C48: iq_ebitda_int_score
A49: =INDEX('Language Index'!$A$8:$A$10000,MATCH("Net Debt/EBITDA Score",'Language Index'!$B$8:$B$10000,0)) -> Net Debt/EBITDA Score | C49: iq_net_debt_ebitda_score
A51: =INDEX('Language Index'!$A$8:$A$10000,MATCH("Liquidity",'Language Index'!$B$8:$B$10000,0)) -> Liquidity
A52: =INDEX('Language Index'!$A$8:$A$10000,MATCH("(FFO + Cash) to Short Term Debt Score",'Language Index'!$B$8:$B$10000,0)) -> (FFO + Cash) to Short Term Debt Score | C52: iq_ffo_plus_cash_st_debt_score
A53: =INDEX('Language Index'!$A$8:$A$10000,MATCH("FFO to Gross Profit Score",'Language Index'!$B$8:$B$10000,0)) -> FFO to Gross Profit Score | C53: iq_ffo_gross_profit_score
A54: =INDEX('Language Index'!$A$8:$A$10000,MATCH("Basic Defense Interval Score",'Language Index'!$B$8:$B$10000,0)) -> Basic Defense Interval Score | C54: iq_basic_defense_interval_score
A55: =INDEX('Language Index'!$A$8:$A$10000,MATCH("Current Ratio Score",'Language Index'!$B$8:$B$10000,0)) -> Current Ratio Score | C55: iq_current_ratio_score
A56: =INDEX('Language Index'!$A$8:$A$10000,MATCH("Quick Ratio Score",'Language Index'!$B$8:$B$10000,0)) -> Quick Ratio Score | C56: iq_quick_ratio_score

Sheet Language Index
B1: {=YEAR(_xll.ciqfunctions.udf.CIQGETDATE(IQ_TODAY))} -> 2025
A5: 1
A6: =COUNTA(B7:CW7) -> 11
B7: English | C7: Chinese Simplified | D7: Chinese Traditional | E7: French | F7: German | G7: Italian | H7: Japanese | I7: Russian | J7: Spanish | K7: Korean | L7: Portuguese | CZ7: =COUNTIF($CZ$8:$CZ$107,"><"&0) -> 11
A8: =INDEX($B8:$CW8,,$A$5) -> CREDIT HEALTH PANEL - SCORES | B8: CREDIT HEALTH PANEL - SCORES | C8: 信用健康表 - 得分 | D8: 信用健康表 - 得分 | E8: PANEL DE SANTÉ DU CRÉDIT - SCORES | F8: CREDIT HEALTH PANEL - SCORES | G8: PANNELLO SULLO STATO DEL CREDITO: PUNTEGGI | H8: クレジット・ヘルス・パネル - スコア | I8: КРЕДИТНАЯ ПАНЕЛЬ ЗДОРОВЬЯ - ОЦЕНКИ | J8: PANEL DE SALUD CREDITÍCIA - PUNTAJES | K8: 신용 상태 패널 - 점수 | L8: PAINEL DE SAÚDE DE CRÉDITO - PONTUAÇÃO | CZ8: {=TRANSPOSE($B$7:$CW$7)} -> English
A9: =INDEX($B9:$CW9,,$A$5) -> Company Ticker/ID | B9: Company Ticker/ID | C9: 公司代码 / ID | D9: 公司代碼 / ID | E9: Ticker/ID de l'entreprise | F9: Company Ticker/ID | G9: Codice/ID società | H9: 会社ティッカー/ID | I9: Тикер / ID компании | J9: Id de Compañía/Ticker | K9: 기업 티커/ID | L9: Ticker / ID da empresa | CZ9: Chinese Simplified
A10: =INDEX($B10:$CW10,,$A$5) -> Overall | B10: Overall | C10: 总体 | D10: 總體 | E10: En général | F10: Insgesamt | G10: Complessivamente | H10: 全体的 | I10: В общем и целом | J10: En general | K10: 전체 | L10: Geral | CZ10: Chinese Traditional
A11: =INDEX($B11:$CW11,,$A$5) -> List Type | B11: List Type | C11: 列表类型 | D11: 列表類型 | E11: Type de liste | F11: List-Typ | G11: Tipo di elenco | H11: リストの種類 | I11: Тип списка | J11: Tipo de lista | K11: 리스트 종류 | L11: Tipo de lista | CZ11: French
A12: =INDEX($B12:$CW12,,$A$5) -> Operational Score | B12: Operational Score | C12: 运营得分 | D12: 運營得分 | E12: Score opérationnel | F12: Operative- Score | G12: Punteggio operativo | H12: 業務スコア | I12: Оценка операционной деятельности | J12: Puntaje Operacional | K12: 운영 점수 | L12: Pontuação operacional | CZ12: German
A13: =INDEX($B13:$CW13,,$A$5) -> Currency | B13: Currency | C13: 货币 | D13: 貨幣 | E13: Devise | F13: Währung | G13: Valuta | H13: 通貨 | I13: Валюта | J13: Moneda | K13: 통화 | L13: Moeda | CZ13: Italian
A14: =INDEX($B14:$CW14,,$A$5) -> Public Peer List | B14: Public Peer List | C14: 上市公司同业清单 | D14: 上市公司同業清單 | E14: Liste des entreprises publiques similaires | F14: Öffentliche Peerliste | G14: Elenco di pari pubblico | H14: 上場比較企業リスト | I14: Список публичных аналогичных компаний | J14: Lista pública de compañías similares | K14: 공용 피어 목록 | L14: Lista Pública de Empresas Comparáveis | CZ14: Japanese
A15: =INDEX($B15:$CW15,,$A$5) -> Solvency Score | B15: Solvency Score | C15: 偿付能力得分 | D15: 償付能力得分 | E15: Score de solvabilité | F15: Solvenz- Score | G15: Punteggio di solvibilità | H15: 支払能力スコア | I15: Оценка платежеспособности | J15: Puntaje de Solvencia | K15: 지불능력 점수 | L15: Pontuação de solvência | CZ15: Russian
A16: =INDEX($B16:$CW16,,$A$5) -> Private Peer List | B16: Private Peer List | C16: 非上市公司同业清单 | D16: 非上市公司同業清單 | E16: Liste des entreprises privées similaires | F16: Private Peerliste | G16: Elenco di pari privato | H16: 非上場比較企業リスト | I16: Список частных аналогичных компаний | J16: Lista de compañías similares privados | K16: 프라이빗 피어 목록 | L16: Lista Privada de Empresas Comparáveis | CZ16: Spanish
A17: =INDEX($B17:$CW17,,$A$5) -> Liquidity Score | B17: Liquidity Score | C17: 流动性得分 | D17: 流動性得分 | E17: Score de liquidité | F17: Liquidität -Score | G17: Punteggio di liquidità | H17: 流動性スコア | I17: Оценка ликвидности | J17: Puntaje de Liquidez | K17: 유동성 점수 | L17: Pontuação de liquidez | CZ17: Korean
A18: =INDEX($B18:$CW18,,$A$5) -> Mixed Peer List | B18: Mixed Peer List | C18: 混合同业清单 | D18: 混合同業清單 | E18: Liste des paires mixtes | F18: Gemischte Peerliste | G18: Elenco di pari misto | H18: 混合比較企業リスト | I18: Смешанный список аналогичных компаний | J18: Lista de pares mixtos | K18: 혼합 피어 목록 | L18: Lista mista de Empresas Comparáveis | CZ18: Portuguese
A19: =INDEX($B19:$CW19,,$A$5) -> Quick Comps | B19: Quick Comps | C19: Quick Comps | D19: Quick Comps | E19: Entreprises similaires | F19: Schnelle Vergeiche | G19: Comps veloci | H19: クイック・コンプス | I19: Быстрые данные аналогичных компаний | J19: Compañías similares | K19: Quick Comps | L19: Quick Comps (Empresas Comparáveis) | CZ19: 0
A20: =INDEX($B20:$CW20,,$A$5) -> Overall Score | B20: Overall Score | C20: 总分 | D20: 總分 | E20: Score global | F20: Gesamtscore | G20: Punteggio complessivo | H20: 総合スコア | I20: Общая оценка | J20: Puntuación global | K20: 종합 점수 | L20: Pontuação geral | CZ20: 0
A21: =INDEX($B21:$CW21,,$A$5) -> Financial Category | B21: Financial Category | C21: 金融类 | D21: 金融類 | E21: Catégorie financière | F21: Finanzkategorie | G21: Categoria finanziaria | H21: 財務カテゴリー | I21: Финансовая категория | J21: Categoría financiera | K21: 재정 분류 | L21: Categoria Financeira | CZ21: 0
A22: =INDEX($B22:$CW22,,$A$5) -> Score | B22: Score | C22: 评分 | D22: 評分 | E22: Score | F22: Bewertung | G22: Punteggio | H22: スコア | I22: Оценка | J22: Puntuación | K22: 점수 | L22: Pontuação | CZ22: 0
A23: =INDEX($B23:$CW23,,$A$5) -> CompSet/Watchlist | B23: CompSet/Watchlist | C23: 比较集/监视列表 | D23: 比較集/監視列表 | E23: CompSet / Watch list | F23: Vergleichsset/Beobachtungsliste | G23: CompSet/Watchlist | H23: CompSet / Watchlist | I23: CompSet/Watchlist | J23: CompSet / Lista de observación | K23: 컴포지션 세트/관심 종목 | L23: CompSet / Watchlist | CZ23: 0
A24: =INDEX($B24:$CW24,,$A$5) -> Operational Score | B24: Operational Score | C24: 运营得分 | D24: 運營得分 | E24: Score opérationnel | F24: Operative- Score | G24: Punteggio operativo | H24: 業務スコア | I24: Оценка операционной деятельности | J24: Puntaje Operacional | K24: 운영 점수 | L24: Pontuação operacional | CZ24: 0
A25: =INDEX($B25:$CW25,,$A$5) -> Solvency | B25: Solvency | C25: 偿付能力 | D25: 償付能力 | E25: Solvabilité | F25: Zahlungsfähigkeit | G25: Solvibilità | H25: 支払能力 | I25: Платежеспособность | J25: Solvencia | K25: 지급 능력 | L25: Solvência | CZ25: 0
A26: =INDEX($B26:$CW26,,$A$5) -> Liquidity | B26: Liquidity | C26: 流动性 | D26: 流動性 | E26: Liquidité | F26: Liquidität | G26: Liquidità | H26: 流動性 | I26: Ликвидность | J26: Liquidez | K26: 유동성 | L26: Liquidez | CZ26: 0
A27: =INDEX($B27:$CW27,,$A$5) -> Revenue Score | B27: Revenue Score | C27: 收入得分 | D27: 收入得分 | E27: Score de revenu | F27: Umsatz-Score | G27: Punteggio dei ricavi | H27: 売上高スコア | I27: Оценка выручки | J27: Puntaje de Ingresos | K27: 매출 점수 | L27: Pontuação de receita | CZ27: 0
A28: =INDEX($B28:$CW28,,$A$5) -> Total Equity Score | B28: Total Equity Score | C28: 总权益得分 | D28: 縂權益得分 | E28: Score de fonds propres totaux | F28: Gesamt Eigenkapital -Score | G28: Totale del punteggio del capitale | H28: 純資産スコア | I28: Оценка общего капитала | J28: Puntaje total de Patrimonio | K28: 자본총계 점수 | L28: Pontuação de patrimônio líquido total | CZ28: 0
A29: =INDEX($B29:$CW29,,$A$5) -> Return on Capital Score | B29: Return on Capital Score | C29: 资本回报率得分 | D29: 資本回報率得分 | E29: Score de rendement du capital | F29: Eigenkapitalrendite - Score | G29: Punteggio del rendimento del capitale | H29: 投下資本利益スコア | I29: Оценка рентабельности капитала | J29: Puntaje de Retorno sobre Capital | K29: 투하자본수익률 점수 | L29: Pontuação de rendimento de capital | CZ29: 0
